Workbook
Name \a: #REF!
Name \a: #REF!
Name \a: #REF!
Name \b: [1]Sales!#REF!
Name \b: [1]Sales!#REF!
Name \e: [2]主管明細!#REF!
Name \e: [2]主管明細!#REF!
Name \i: [3]員工人數及給與計算表old!#REF!
Name \i: [3]員工人數及給與計算表old!#REF!
Name \l: #REF!
Name \l: #REF!
Name \l: #REF!
Name \m: [3]員工人數及給與計算表old!#REF!
Name \m: [3]員工人數及給與計算表old!#REF!
Name \P: #REF!
Name \P: #REF!
Name \P: #REF!
Name \P: #REF!
Name \q: #N/A
Name \s: [3]員工人數及給與計算表old!#REF!
Name \s: [3]員工人數及給與計算表old!#REF!
Name \t: #REF!
Name \w: #REF!
Name \w: #REF!
Name \z: #REF!
Name \Z: [4]業務費!#REF!
Name \Z: [5]業務費!#REF!
Name \Z: [5]業務費!#REF!
Name _1a01_: #REF!
Name _2G: #REF!
Name _2G: #REF!
Name _2G: #REF!
Name _3G: #REF!
Name _3G: #REF!
Name _3G: #REF!
Name _3GS: #REF!
Name _3GS: #REF!
Name _3GS: #REF!
Name _4a04_: #REF!
Name _8G: #REF!
Name _8G: #REF!
Name _8G: #REF!
Name _a: #REF!
Name _a: #REF!
Name _b: #REF!
Name _b: #REF!
Name _oil1: #REF!
Name _oil1: #REF!
Name _oil2: #REF!
Name _oil2: #REF!
Name A: #REF!
Name A: #REF!
Name A: #REF!
Name A: #REF!
Name A_\BP7082.BB: #REF!
Name A_\BR7082.AA: #N/A
Name A_\MP\BA8081.JJ: #REF!
Name A__MP_BA8081.JJ: #REF!
Name A_BR8203.JJ: #REF!
Name A_BR8203.JK: #REF!

Sheet 遞送單
A1: 行政院農業委員會農業特別收入基金
A2: 會 計 報 告 遞 送 單
A4: 106農會室字第090號
A5: 一、行 政 院 主 計 總 處 會 計 決 算 處
A6: 二、行 政 院 主 計 總 處 基 金 預 算 處
A7: 送 三、行 政 院 主 計 總 處 綜 合 統 計 處
A8: 四、審 計 部 教 育 農 林 審 計 處
A9: 五、財 政 部 (電子傳送)
A11: 106年度6月份農業特別收入基金會計報告1份
A14: 經辦人 科長 主辦會計 機關長官
A17: 中 華 民 國 106 年 7 月 日
A27: 行政院農業委員會農業特別收入基金
A28: 會 計 報 告 遞 送 單
A30: =A4 -> 106農會室字第090號
A31: 茲 送
A33: 106年度6月份農業特別收入基金會計報告1份
A35: 此 致
A37: 行 政 院 主 計 總 處 會 計 決 算 處
A40: 主辦會計 機關長官
A43: 中 華 民 國 106 年 7 月 日
A46: 行政院農業委員會農業特別收入基金
A47: 會 計 報 告 遞 送 單
A49: =A4 -> 106農會室字第090號
A50: 茲 送
A52: 106年度6月份農業特別收入基金會計報告1份
A54: 此 致
A56: 行 政 院 主 計 總 處 基 金 預 算 處
A59: 主辦會計 機關長官
A62: 中 華 民 國 106 年 7 月 日
A72: 行政院農業委員會農業特別收入基金
A73: 會 計 報 告 遞 送 單
A75: =A4 -> 106農會室字第090號
A76: 茲 送
A78: 106年度6月份農業特別收入基金會計報告1份
A80: 此 致
A82: 行 政 院 主 計 總 處 綜 合 統 計 處
A85: 主辦會計 機關長官
A88: 中 華 民 國 106 年 7 月 日
A91: 行政院農業委員會農業特別收入基金
A92: 會 計 報 告 遞 送 單
A94: =A4 -> 106農會室字第090號
A95: 茲 送
A97: 106年度6月份農業特別收入基金會計報告1份
A99: 此 致
A101: 審 計 部 教 育 農 林 審 計 處
A104: 主辦會計 機關長官
A107: 中 華 民 國 106 年 7月 日

Sheet 審計處(不用印)
A3: 行政院農業委員會農業特別收入基金
A4: 會 計 報 告 遞 送 單
A6: =遞送單!A4 -> 106農會室字第090號
A7: 茲 送
A9: =遞送單!A8 -> 四、審 計 部 教 育 農 林 審 計 處
A11: 此 致
A13: 審 計 部 教 育 農 林 審 計 處
A18: 主辦會計 機關長官
A22: =遞送單!A17 -> 中 華 民 國 106 年 7 月 日

Sheet 編表步驟
A1: ＊編表步驟
A2: 一、更改封面及各表月份日期
A3: 二、載入截至上月實際數及預算數
B4: 1 | C4: 「來源餘絀表」累計實際數及預算數copy至上月累計實際及預算數(值)
B5: 2 | C5: 主要業務表累計金額、數量copy至上月累計金額、數量(底有顏色)(值)
B6: 3 | C6: 「累計實際」copy到「上月實際」(值)整張表copy
B7: 4 | C7: 「累計預算」copy到「上月預算」(值)整張表copy
A8: 三、鍵入當月分執行數及預算數
B9: 1 | C9: 餘絀表(實際數)上月本期餘絀copy至底下之上月份(值)
C10: 餘絀表(預算數)上月本期餘絀copy至底下之上月份(值)
C11: 「餘絀表(實際數)(預算數)」輸入各分基金資料-(餘絀表本月發生數、本月預算數)
C12: 核對收支估計分配表
B13: 2 | C13: 「各-平衡表」輸入各基金數字
B14: 3 | C14: 「主要業務」輸入各基金本月數
B15: 4 | C15: 「固定項目表」輸入各基金截至本月增加數及減少數
B16: 5 | C16: 「購建固定資產」輸入各基金實際執行數及累計預算分配數，並核對預算分配數
B17: 6 | C17: 核對各表-如本期及累計餘絀
A18: 四、寫差異原因
B19: 1 | C19: 增減說明
A20: ＊傳送月報
A21: 一、 | B21: 上傳:每月8日前鍵入「來源餘絀表」、「平衡表」、「購建固定資產」到全國主計網
C22: 新系統:資訊相關服務-->主計資訊管理系統-->會計月報-->機關作業-->政事型基金
C23: 表/當月份/查詢(帶出預算數)/再輸入資料 注意：平衡表備抵科目輸入正數(非以負數表達)，部分資料可先存檔
C24: ＊ 一月份登打資料要勾選「全部顯示」後再查詢,以免無法輸入。
C25: 主計處:「來源餘絀表」、「平衡表」、「固定資產購建」、「說明」 M 給主計總處潘霞翠 [evelyn83@dgbas.gov.tw](2380-3718) 副本給徐璧玲【bye@dgbas.gov.tw】(2380-3715)
C26: 審計處:「月報」(不需要資料要刪除)完成後 (含「來源餘絀表」、「平衡表」、「固定資產購建」、「說明」
C27: 、「主要業務」、「固定資產增減」 M給鄭審計(ytcheng@mail.audit.gov.tw )( 04-23013518#542 )、洪審計caroline@mail.audit.gov.tw
C28: 審計部：上傳DGA後產生之「餘絀表」(用範本下載EXECL檔)，M給審計部蘇裕均先生信箱：aca@mail.audit.gov.tw。
C29: 財政部：無需送紙本，各分基金自行將掃描檔M給 dnt3@mail.nta.gov.tw，含「封面-要核章」 「來源餘絀表」、「平衡表」
C30: 「固定資產購建」、「說明」、「主要業務」、「固定資產增減」
A31: 二、 | B31: 書面:紙本每月12日前以遞送單送出(送出4份，自留1份，送稽核科公告1份，合共6份)

Sheet 1封面
A1: 行 政 院 農 業 委 員 會
A3: 農 業 特 別 收 入 基 金
A5: 會 計 月 報
A7: 中 華 民 國 106 年 6 月份
A10: 主辦會計人員 基金主持人

Sheet 目次
A1: 目 次
A4: 基 金 來 源 、 用 途 及 餘 絀 表 | F4: ‧‧‧‧‧‧‧‧‧‧‧‧‧‧‧‧‧‧‧‧‧‧‧‧‧‧‧‧‧‧‧ | M4: 第 1-2 頁
A5: 餘 絀 增 減 說 明 | F5: ‧‧‧‧‧‧‧‧‧‧‧‧‧‧‧‧‧‧‧‧‧‧‧‧‧‧‧‧‧‧‧ | M5: 第 3-4 頁
A6: 平 衡 表 | F6: ‧‧‧‧‧‧‧‧‧‧‧‧‧‧‧‧‧‧‧‧‧‧‧‧‧‧‧‧‧‧‧ | M6: 第 5-6 頁
A7: 主 要 業 務 計 畫 執 行 明 細 表 | F7: ‧‧‧‧‧‧‧‧‧‧‧‧‧‧‧‧‧‧‧‧‧‧‧‧‧‧‧‧‧‧‧ | M7: 第 7-8 頁
A8: 固 定 項 目 增 減 情 形 表 | F8: ‧‧‧‧‧‧‧‧‧‧‧‧‧‧‧‧‧‧‧‧‧‧‧‧‧‧‧‧‧‧‧ | M8: 第 9 頁
A9: 購建固定資產執行情形明細表 | F9: ‧‧‧‧‧‧‧‧‧‧‧‧‧‧‧‧‧‧‧‧‧‧‧‧‧‧‧‧‧‧‧ | M9: 第 10 頁

Sheet 來源餘絀表
A1: 將k及L值複製至O及P.
A2: 農 業 特 別 收 入 基 金
A3: 基金來源、用途及餘絀表
A4: 中 華 民 國 106年 6 月份
K5: 單位：新臺幣元
A6: 項 目 | B6: 本年度法定預算數 | C6: 本 月 份 | G6: 本 年 度 截 至 本 月 份 累 計 數 | L6: 本 年 度 截 至 上 月 累 計 數
E7: 比較增減（－） | I7: 比較增減（－） | L7: 2-12月才須複製(貼上「值」)，1月份不貼
C8: 實際數 | D8: 預算數 | G8: 實際數 | H8: 預算數
E9: 金 額 | F9: % | I9: 金 額 | K9: % | L9: 上月累計實際數 | M9: 上月累計預算數
A10: 基金來源 | B10: =B11+B14+B17+B19+B24+B26 -> 45821801000 | C10: =C11+C14+C17+C19+C24+C26 -> 6775174478 | D10: =D11+D14+D17+D19+D24+D26 -> 6292591000 | E10: =C10-D10 -> 482583478 | F10: =IF(D10=0,0,IF(E10<0,(E10/D10)*-100,(E10/D10)*100)) -> 7.67 | G10: =C10+L10 -> 19898358577 | H10: =D10+M10 -> 20115311000 | I10: =G10-H10 -> -216952423 | J10: 5901065615 | K10: =IF(H10=0,0,IF(I10<0,(I10/H10)*-100,(I10/H10)*100)) -> 1.08 | L10: 13123184099 | M10: 13822720000
A11: 徵收及依法分配收入 | B11: =B12+B13 -> 1053000 | C11: =C12+C13 -> 99446 | D11: =D12+D13 -> 563000 | E11: =C11-D11 -> -463554 | F11: =IF(D11=0,0,IF(E11<0,(E11/D11)*-100,(E11/D11)*100)) -> 82.34 | G11: =C11+L11 -> 1801373 | H11: =D11+M11 -> 615000 | I11: =G11-H11 -> 1186373 | J11: 5034118 | K11: =IF(H11=0,0,IF(I11<0,(I11/H11)*-100,(I11/H11)*100)) -> 192.91 | L11: 1701927 | M11: 52000
A12: 違規罰款收入 | B12: 1053000 | C12: ='餘絀表(實際數)'!I12 -> 99446 | D12: ='餘絀表(預算數)'!I12 -> 563000 | E12: =C12-D12 -> -463554 | F12: =IF(D12=0,0,IF(E12<0,(E12/D12)*-100,(E12/D12)*100)) -> 82.34 | G12: =C12+L12 -> 1801373 | H12: =D12+M12 -> 615000 | I12: =G12-H12 -> 1186373 | J12: 5034118 | K12: =IF(H12=0,0,IF(I12<0,(I12/H12)*-100,(I12/H12)*100)) -> 192.91 | L12: 1701927 | M12: 52000
A13: 健康福利捐分配收入 | B13: 0 | C13: ='餘絀表(實際數)'!I13 -> 0 | D13: ='餘絀表(預算數)'!I13 -> 0 | E13: =C13-D13 -> 0 | F13: =IF(D13=0,0,IF(E13<0,(E13/D13)*-100,(E13/D13)*100)) -> 0 | G13: =C13+L13 -> 0 | H13: =D13+M13 -> 0 | I13: =G13-H13 -> 0 | K13: =IF(H13=0,0,IF(I13<0,(I13/H13)*-100,(I13/H13)*100)) -> 0 | L13: 0 | M13: 0
A14: 勞務收入 | B14: =SUM(B15:B16) -> 829449000 | C14: =SUM(C15:C16) -> 55451739 | D14: =SUM(D15:D16) -> 56124000 | E14: =C14-D14 -> -672261 | F14: =IF(D14=0,0,IF(E14<0,(E14/D14)*-100,(E14/D14)*100)) -> 1.2 | G14: =C14+L14 -> 388274132 | H14: =D14+M14 -> 388922000 | I14: =G14-H14 -> -647868 | J14: -60809086 | K14: =IF(H14=0,0,IF(I14<0,(I14/H14)*-100,(I14/H14)*100)) -> 0.17 | L14: 332822393 | M14: 332798000
A15: 服務收入 | B15: 686299000 | C15: ='餘絀表(實際數)'!I15 -> 42998499 | D15: ='餘絀表(預算數)'!I15 -> 44078000 | E15: =C15-D15 -> -1079501 | F15: =IF(D15=0,0,IF(E15<0,(E15/D15)*-100,(E15/D15)*100)) -> 2.45 | G15: =C15+L15 -> 308258244 | H15: =D15+M15 -> 321896000 | I15: =G15-H15 -> -13637756 | J15: -51095875 | K15: =IF(H15=0,0,IF(I15<0,(I15/H15)*-100,(I15/H15)*100)) -> 4.24 | L15: 265259745 | M15: 277818000
A16: 其他勞務收入 | B16: 143150000 | C16: ='餘絀表(實際數)'!I16 -> 12453240 | D16: ='餘絀表(預算數)'!I16 -> 12046000 | E16: =C16-D16 -> 407240 | F16: =IF(D16=0,0,IF(E16<0,(E16/D16)*-100,(E16/D16)*100)) -> 3.38 | G16: =C16+L16 -> 80015888 | H16: =D16+M16 -> 67026000 | I16: =G16-H16 -> 12989888 | J16: -9713211 | K16: =IF(H16=0,0,IF(I16<0,(I16/H16)*-100,(I16/H16)*100)) -> 19.38 | L16: 67562648 | M16: 54980000
A17: 農政收入 | B17: =B18 -> 6778349000 | C17: =C18 -> 281713189 | D17: =D18 -> 276150000 | E17: =C17-D17 -> 5563189 | F17: =IF(D17=0,0,IF(E17<0,(E17/D17)*-100,(E17/D17)*100)) -> 2.01 | G17: =C17+L17 -> 2060996591 | H17: =D17+M17 -> 2501473000 | I17: =G17-H17 -> -440476409 | J17: 1463062304 | K17: =IF(H17=0,0,IF(I17<0,(I17/H17)*-100,(I17/H17)*100)) -> 17.61 | L17: 1779283402 | M17: 2225323000
A18: 農林漁牧收入 | B18: 6778349000 | C18: ='餘絀表(實際數)'!I18 -> 281713189 | D18: ='餘絀表(預算數)'!I18 -> 276150000 | E18: =C18-D18 -> 5563189 | F18: =IF(D18=0,0,IF(E18<0,(E18/D18)*-100,(E18/D18)*100)) -> 2.01 | G18: =C18+L18 -> 2060996591 | H18: =D18+M18 -> 2501473000 | I18: =G18-H18 -> -440476409 | J18: 1463062304 | K18: =IF(H18=0,0,IF(I18<0,(I18/H18)*-100,(I18/H18)*100)) -> 17.61 | L18: 1779283402 | M18: 2225323000
A19: 財產收入 | B19: =SUM(B20:B23) -> 898952000 | C19: =SUM(C20:C23) -> 15154232 | D19: =SUM(D20:D23) -> 9133000 | E19: =C19-D19 -> 6021232 | F19: =IF(D19=0,0,IF(E19<0,(E19/D19)*-100,(E19/D19)*100)) -> 65.93 | G19: =C19+L19 -> 625424680 | H19: =D19+M19 -> 380991000 | I19: =G19-H19 -> 244433680 | J19: -188350703 | K19: =IF(H19=0,0,IF(I19<0,(I19/H19)*-100,(I19/H19)*100)) -> 64.16 | L19: 610270448 | M19: 371858000
A20: 財產處分收入 | B20: 0 | C20: ='餘絀表(實際數)'!I20 -> 7194 | D20: ='餘絀表(預算數)'!I20 -> 0 | E20: =C20-D20 -> 7194 | F20: =IF(D20=0,0,IF(E20<0,(E20/D20)*-100,(E20/D20)*100)) -> 0 | G20: =C20+L20 -> 7194 | H20: =D20+M20 -> 0 | I20: =G20-H20 -> 7194 | J20: 10369 | K20: =IF(H20=0,0,IF(I20<0,(I20/H20)*-100,(I20/H20)*100)) -> 0 | L20: 0 | M20: 0
A21: 租金收入 | B21: 4874000 | C21: ='餘絀表(實際數)'!I21 -> 390476 | D21: ='餘絀表(預算數)'!I21 -> 0 | E21: =C21-D21 -> 390476 | F21: =IF(D21=0,0,IF(E21<0,(E21/D21)*-100,(E21/D21)*100)) -> 0 | G21: =C21+L21 -> 3818532 | H21: =D21+M21 -> 3160000 | I21: =G21-H21 -> 658532 | J21: -4130351 | K21: =IF(H21=0,0,IF(I21<0,(I21/H21)*-100,(I21/H21)*100)) -> 20.84 | L21: 3428056 | M21: 3160000
A22: 權利金收入 | B22: 727689000 | C22: ='餘絀表(實際數)'!I22 -> 1712303 | D22: ='餘絀表(預算數)'!I22 -> 170000 | E22: =C22-D22 -> 1542303 | F22: =IF(D22=0,0,IF(E22<0,(E22/D22)*-100,(E22/D22)*100)) -> 907.24 | G22: =C22+L22 -> 607039147 | H22: =D22+M22 -> 368346000 | I22: =G22-H22 -> 238693147 | J22: -293748505 | K22: =IF(H22=0,0,IF(I22<0,(I22/H22)*-100,(I22/H22)*100)) -> 64.8 | L22: 605326844 | M22: 368176000
A23: 利息收入 | B23: 166389000 | C23: ='餘絀表(實際數)'!I23 -> 13044259 | D23: ='餘絀表(預算數)'!I23 -> 8963000 | E23: =C23-D23 -> 4081259 | F23: =IF(D23=0,0,IF(E23<0,(E23/D23)*-100,(E23/D23)*100)) -> 45.53 | G23: =C23+L23 -> 14559807 | H23: =D23+M23 -> 9485000 | I23: =G23-H23 -> 5074807 | J23: 109517784 | K23: =IF(H23=0,0,IF(I23<0,(I23/H23)*-100,(I23/H23)*100)) -> 53.5 | L23: 1515548 | M23: 522000
A24: 政府撥入收入 | B24: =B25 -> 36762661000 | C24: =C25 -> 6549000000 | D24: =D25 -> 5949000000 | E24: =C24-D24 -> 600000000 | F24: =IF(D24=0,0,IF(E24<0,(E24/D24)*-100,(E24/D24)*100)) -> 10.09 | G24: =C24+L24 -> 16408000000 | H24: =D24+M24 -> 16618101000 | I24: =G24-H24 -> -210101000 | J24: 4095400000 | K24: =IF(H24=0,0,IF(I24<0,(I24/H24)*-100,(I24/H24)*100)) -> 1.26 | L24: 9859000000 | M24: 10669101000
A25: 國庫撥款收入 | B25: 36762661000 | C25: ='餘絀表(實際數)'!I25 -> 6549000000 | D25: ='餘絀表(預算數)'!I25 -> 5949000000 | E25: =C25-D25 -> 600000000 | F25: =IF(D25=0,0,IF(E25<0,(E25/D25)*-100,(E25/D25)*100)) -> 10.09 | G25: =C25+L25 -> 16408000000 | H25: =D25+M25 -> 16618101000 | I25: =G25-H25 -> -210101000 | J25: 4095400000 | K25: =IF(H25=0,0,IF(I25<0,(I25/H25)*-100,(I25/H25)*100)) -> 1.26 | L25: 9859000000 | M25: 10669101000
A26: 其他收入 | B26: =SUM(B27:B28) -> 551337000 | C26: =SUM(C27:C28) -> -126244128 | D26: =SUM(D27:D28) -> 1621000 | E26: =C26-D26 -> -127865128 | F26: =IF(D26=0,0,IF(E26<0,(E26/D26)*-100,(E26/D26)*100)) -> 7888.04 | G26: =SUM(G27:G28) -> 413861801 | H26: =SUM(H27:H28) -> 225209000 | I26: =G26-H26 -> 188652801 | J26: 586728982 | K26: =IF(H26=0,0,IF(I26<0,(I26/H26)*-100,(I26/H26)*100)) -> 83.77 | L26: 540105929 | M26: 223588000
A27: 雜項收入 | B27: 551337000 | C27: ='餘絀表(實際數)'!I27 -> -126244128 | D27: ='餘絀表(預算數)'!I27 -> 1621000 | E27: =C27-D27 -> -127865128 | F27: =IF(D27=0,0,IF(E27<0,(E27/D27)*-100,(E27/D27)*100)) -> 7888.04 | G27: =C27+L27 -> 413861801 | H27: =D27+M27 -> 225209000 | I27: =G27-H27 -> 188652801 | J27: 586728982 | K27: =IF(H27=0,0,IF(I27<0,(I27/H27)*-100,(I27/H27)*100)) -> 83.77 | L27: 540105929 | M27: 223588000
A28: 收回金融業特別準備 | B28: 0 | C28: ='餘絀表(實際數)'!I28 -> 0 | D28: ='餘絀表(預算數)'!I28 -> 0 | E28: =C28-D28 -> 0 | F28: =IF(D28=0,0,IF(E28<0,(E28/D28)*-100,(E28/D28)*100)) -> 0 | G28: =C28+L28 -> 0 | H28: =D28+M28 -> 0 | I28: =G28-H28 -> 0 | J28: 586728983 | K28: =IF(H28=0,0,IF(I28<0,(I28/H28)*-100,(I28/H28)*100)) -> 0 | L28: 0 | M28: 0
A29: 基金用途 | B29: =SUM(B30:B65)-B31-B32-B35-B36-B47-B48-B60-B61-B63-B64 -> 40225698000 | C29: =SUM(C30:C65)-C31-C32-C35-C36-C47-C48-C60-C61-C63-C64 -> 3581689538 | D29: =SUM(D30:D65)-D31-D32-D35-D36-D47-D48-D60-D61-D63-D64 -> 3368100000 | E29: =C29-D29 -> 213589538 | F29: =IF(D29=0,0,IF(E29<0,(E29/D29)*-100,(E29/D29)*100)) -> 6.34 | G29: =SUM(G30:G65)-G31-G32-G35-G36-G47-G48-G60-G61-G63-G64 -> 13385257885 | H29: =SUM(H30:H65)-H31-H32-H35-H36-H47-H48-H60-H61-H63-H64 -> 14276622000 | I29: =G29-H29 -> -891364115 | J29: =SUM(J31:J34)+SUM(J37:J40)+SUM(J41:J41)+SUM(J45:J46)+SUM(J49:J53)+J54+J50+J55+SUM(J56:J65) -> 4656634119 | K29: =IF(H29=0,0,IF(I29<0,(I29/H29)*-100,(I29/H29)*100)) -> 6.24 | L29: 9803568347 | M29: 10908522000
A30: 農業研究、實驗、技術 改進計畫 | B30: =B31+B32 -> 12442000 | C30: =SUM(C31:C32) -> 1535753 | D30: =SUM(D31:D32) -> 1669000 | E30: =C30-D30 -> -133247 | F30: =IF(D30=0,0,IF(E30<0,(E30/D30)*-100,(E30/D30)*100)) -> 7.98 | G30: =C30+L30 -> 5617028 | H30: =D30+M30 -> 5827000 | I30: =G30-H30 -> -209972 | J30: 0 | K30: =IF(H30=0,0,IF(I30<0,(I30/H30)*-100,(I30/H30)*100)) -> 3.6 | L30: 4081275 | M30: 4158000
A31: 購建固定資產 | B31: 2525000 | C31: ='餘絀表(實際數)'!I31 -> 703000 | D31: ='餘絀表(預算數)'!I31 -> 885000 | E31: =C31-D31 -> -182000 | F31: =IF(D31=0,0,IF(E31<0,(E31/D31)*-100,(E31/D31)*100)) -> 20.56 | G31: =C31+L31 -> 703000 | H31: =D31+M31 -> 885000 | I31: =G31-H31 -> -182000 | J31: 0 | K31: =IF(H31=0,0,IF(I31<0,(I31/H31)*-100,(I31/H31)*100)) -> 20.56 | L31: 0 | M31: 0
A32: 其他 | B32: 9917000 | C32: ='餘絀表(實際數)'!I32 -> 832753 | D32: ='餘絀表(預算數)'!I32 -> 784000 | E32: =C32-D32 -> 48753 | F32: =IF(D32=0,0,IF(E32<0,(E32/D32)*-100,(E32/D32)*100)) -> 6.22 | G32: =C32+L32 -> 4914028 | H32: =D32+M32 -> 4942000 | I32: =G32-H32 -> -27972 | J32: 0 | K32: =IF(H32=0,0,IF(I32<0,(I32/H32)*-100,(I32/H32)*100)) -> 0.57 | L32: 4081275 | M32: 4158000
A33: 農業貸款利息差額補貼 計畫 | B33: 2638241000 | C33: ='餘絀表(實際數)'!I33 -> 964611075 | D33: ='餘絀表(預算數)'!I33 -> 1319120000 | E33: =C33-D33 -> -354508925 | F33: =IF(D33=0,0,IF(E33<0,(E33/D33)*-100,(E33/D33)*100)) -> 26.87 | G33: =C33+L33 -> 964611075 | H33: =D33+M33 -> 1319120000 | I33: =G33-H33 -> -354508925 | J33: 0 | K33: =IF(H33=0,0,IF(I33<0,(I33/H33)*-100,(I33/H33)*100)) -> 26.87 | L33: 0 | M33: 0
A34: 糧政業務計畫 | B34: =B35+B36 -> 13356405000 | C34: =SUM(C35:C36) -> 1060833321 | D34: =SUM(D35:D36) -> 955666000 | E34: =C34-D34 -> 105167321 | F34: =IF(D34=0,0,IF(E34<0,(E34/D34)*-100,(E34/D34)*100)) -> 11 | G34: =C34+L34 -> 5442465595 | H34: =D34+M34 -> 5886740000 | I34: =G34-H34 -> -444274405 | J34: 0 | K34: =IF(H34=0,0,IF(I34<0,(I34/H34)*-100,(I34/H34)*100)) -> 7.55 | L34: 4381632274 | M34: 4931074000
A35: 購建固定資產 | B35: 9116000 | C35: ='餘絀表(實際數)'!I35 -> 30975 | D35: ='餘絀表(預算數)'!I35 -> 60000 | E35: =C35-D35 -> -29025 | F35: =IF(D35=0,0,IF(E35<0,(E35/D35)*-100,(E35/D35)*100)) -> 48.38 | G35: =C35+L35 -> 90300 | H35: =D35+M35 -> 110000 | I35: =G35-H35 -> -19700 | J35: 0 | K35: =IF(H35=0,0,IF(I35<0,(I35/H35)*-100,(I35/H35)*100)) -> 17.91 | L35: 59325 | M35: 50000
A36: 其他 | B36: 13347289000 | C36: ='餘絀表(實際數)'!I36 -> 1060802346 | D36: ='餘絀表(預算數)'!I36 -> 955606000 | E36: =C36-D36 -> 105196346 | F36: =IF(D36=0,0,IF(E36<0,(E36/D36)*-100,(E36/D36)*100)) -> 11.01 | G36: =C36+L36 -> 5442375295 | H36: =D36+M36 -> 5886630000 | I36: =G36-H36 -> -444254705 | J36: 0 | K36: =IF(H36=0,0,IF(I36<0,(I36/H36)*-100,(I36/H36)*100)) -> 7.55 | L36: 4381572949 | M36: 4931024000
A37: 穩定肥料及相關資材供需計畫 | B37: 1824375000 | C37: ='餘絀表(實際數)'!I37 -> 907173 | D37: ='餘絀表(預算數)'!I37 -> 106000000 | E37: =C37-D37 -> -105092827 | F37: =IF(D37=0,0,IF(E37<0,(E37/D37)*-100,(E37/D37)*100)) -> 99.14 | G37: =C37+L37 -> 26425716 | H37: =D37+M37 -> 610532000 | I37: =G37-H37 -> -584106284 | J37: 1922875989 | K37: =IF(H37=0,0,IF(I37<0,(I37/H37)*-100,(I37/H37)*100)) -> 95.67 | L37: 25518543 | M37: 504532000
A38: 產銷調節緊急處理計畫 | B38: 158755000 | C38: ='餘絀表(實際數)'!I38 -> 80221514 | D38: ='餘絀表(預算數)'!I38 -> 5000000 | E38: =C38-D38 -> 75221514 | F38: =IF(D38=0,0,IF(E38<0,(E38/D38)*-100,(E38/D38)*100)) -> 1504.43 | G38: =C38+L38 -> 151785514 | H38: =D38+M38 -> 90000000 | I38: =G38-H38 -> 61785514 | J38: 215713411 | K38: =IF(H38=0,0,IF(I38<0,(I38/H38)*-100,(I38/H38)*100)) -> 68.65 | L38: 71564000 | M38: 85000000
A39: 農漁民子女就學獎助學金 計畫 | B39: 1100372000 | C39: ='餘絀表(實際數)'!I39 -> 1860000 | D39: ='餘絀表(預算數)'!I39 -> 0 | E39: =C39-D39 -> 1860000 | F39: =IF(D39=0,0,IF(E39<0,(E39/D39)*-100,(E39/D39)*100)) -> 0 | G39: =C39+L39 -> 514095547 | H39: =D39+M39 -> 550544000 | I39: =G39-H39 -> -36448453 | J39: 0 | K39: =IF(H39=0,0,IF(I39<0,(I39/H39)*-100,(I39/H39)*100)) -> 6.62 | L39: 512235547 | M39: 550544000
A40: 豬隻死亡保險業務計畫 | B40: 230000000 | C40: ='餘絀表(實際數)'!I40 -> 110000000 | D40: ='餘絀表(預算數)'!I40 -> 85000000 | E40: =C40-D40 -> 25000000 | F40: =IF(D40=0,0,IF(E40<0,(E40/D40)*-100,(E40/D40)*100)) -> 29.41 | G40: =C40+L40 -> 140000000 | H40: =D40+M40 -> 109600000 | I40: =G40-H40 -> 30400000 | J40: 7590000 | K40: =IF(H40=0,0,IF(I40<0,(I40/H40)*-100,(I40/H40)*100)) -> 27.74 | L40: 30000000 | M40: 24600000
A41: 家禽流行性感冒防疫計畫 | B41: 161000000 | C41: ='餘絀表(實際數)'!I41 -> 10567000 | D41: ='餘絀表(預算數)'!I41 -> 5000000 | E41: =C41-D41 -> 5567000 | F41: =IF(D41=0,0,IF(E41<0,(E41/D41)*-100,(E41/D41)*100)) -> 111.34 | G41: =C41+L41 -> 86069000 | H41: =D41+M41 -> 57021000 | I41: =G41-H41 -> 29048000 | J41: 0 | K41: =IF(H41=0,0,IF(I41<0,(I41/H41)*-100,(I41/H41)*100)) -> 50.94 | L41: 75502000 | M41: 52021000
A42: 輔導菸農轉型與檳榔廢 園轉作計畫 | B42: 141550000 | C42: ='餘絀表(實際數)'!I42 -> 724000 | D42: ='餘絀表(預算數)'!I42 -> 2000000 | E42: =C42-D42 -> -1276000 | F42: =IF(D42=0,0,IF(E42<0,(E42/D42)*-100,(E42/D42)*100)) -> 63.8 | G42: =C42+L42 -> 9170795 | H42: =D42+M42 -> 9500000 | I42: =G42-H42 -> -329205 | K42: =IF(H42=0,0,IF(I42<0,(I42/H42)*-100,(I42/H42)*100)) -> 3.47 | L42: 8446795 | M42: 7500000
A43: 處理農會漁會信用部計畫 | B43: 97232000 | C43: ='餘絀表(實際數)'!B43 -> 0 | D43: ='餘絀表(預算數)'!B43 -> 48616000 | E43: =C43-D43 -> -48616000 | F43: =IF(D43=0,0,IF(E43<0,(E43/D43)*-100,(E43/D43)*100)) -> 100 | G43: =C43+L43 -> 14000 | H43: =D43+M43 -> 48616000 | I43: =G43-H43 -> -48602000 | K43: =IF(H43=0,0,IF(I43<0,(I43/H43)*-100,(I43/H43)*100)) -> 99.97 | L43: 14000 | M43: 0
A44: 離農獎勵計畫 | B44: 60000000 | C44: ='餘絀表(實際數)'!B44 -> 7804985 | D44: ='餘絀表(預算數)'!B44 -> 0 | E44: =C44-D44 -> 7804985 | F44: =IF(D44=0,0,IF(E44<0,(E44/D44)*-100,(E44/D44)*100)) -> 0 | G44: =C44+L44 -> 23830774 | H44: =D44+M44 -> 0 | I44: =G44-H44 -> 23830774 | K44: =IF(H44=0,0,IF(I44<0,(I44/H44)*-100,(I44/H44)*100)) -> 0 | L44: 16025789 | M44: 0
A45: 全民造林計畫 | B45: 404353000 | C45: ='餘絀表(實際數)'!I45 -> 18852270 | D45: ='餘絀表(預算數)'!I45 -> 28336000 | E45: =C45-D45 -> -9483730 | F45: =IF(D45=0,0,IF(E45<0,(E45/D45)*-100,(E45/D45)*100)) -> 33.47 | G45: =C45+L45 -> 84836870 | H45: =D45+M45 -> 115337000 | I45: =G45-H45 -> -30500130 | J45: 0 | K45: =IF(H45=0,0,IF(I45<0,(I45/H45)*-100,(I45/H45)*100)) -> 26.44 | L45: 65984600 | M45: 87001000
A46: 森林遊樂及森林鐵路經營 管理計畫 | B46: =B47+B48 -> 1049743000 | C46: =SUM(C47:C48) -> 93538620 | D46: =SUM(D47:D48) -> 83648000 | E46: =C46-D46 -> 9890620 | F46: =IF(D46=0,0,IF(E46<0,(E46/D46)*-100,(E46/D46)*100)) -> 11.82 | G46: =C46+L46 -> 372183412 | H46: =D46+M46 -> 417041000 | I46: =G46-H46 -> -44857588 | J46: 0 | K46: =IF(H46=0,0,IF(I46<0,(I46/H46)*-100,(I46/H46)*100)) -> 10.76 | L46: 278644792 | M46: 333393000
A47: 購建固定資產 | B47: 359779000 | C47: ='餘絀表(實際數)'!I47 -> 42202617 | D47: ='餘絀表(預算數)'!I47 -> 28785000 | E47: =C47-D47 -> 13417617 | F47: =IF(D47=0,0,IF(E47<0,(E47/D47)*-100,(E47/D47)*100)) -> 46.61 | G47: =C47+L47 -> 148081568 | H47: =D47+M47 -> 115336000 | I47: =G47-H47 -> 32745568 | J47: 0 | K47: =IF(H47=0,0,IF(I47<0,(I47/H47)*-100,(I47/H47)*100)) -> 28.39 | L47: 105878951 | M47: 86551000
A48: 其他 | B48: 689964000 | C48: ='餘絀表(實際數)'!I48 -> 51336003 | D48: ='餘絀表(預算數)'!I48 -> 54863000 | E48: =C48-D48 -> -3526997 | F48: =IF(D48=0,0,IF(E48<0,(E48/D48)*-100,(E48/D48)*100)) -> 6.43 | G48: =C48+L48 -> 224101844 | H48: =D48+M48 -> 301705000 | I48: =G48-H48 -> -77603156 | J48: 0 | K48: =IF(H48=0,0,IF(I48<0,(I48/H48)*-100,(I48/H48)*100)) -> 25.72 | L48: 172765841 | M48: 246842000
A49: 獎勵輔導造林計畫 | B49: 287596000 | C49: ='餘絀表(實際數)'!I49 -> 10249124 | D49: ='餘絀表(預算數)'!I49 -> 15440000 | E49: =C49-D49 -> -5190876 | F49: =IF(D49=0,0,IF(E49<0,(E49/D49)*-100,(E49/D49)*100)) -> 33.62 | G49: =C49+L49 -> 44102247 | H49: =D49+M49 -> 63016000 | I49: =G49-H49 -> -18913753 | J49: 0 | K49: =IF(H49=0,0,IF(I49<0,(I49/H49)*-100,(I49/H49)*100)) -> 30.01 | L49: 33853123 | M49: 47576000
A50: 造林貸款及山坡地開發利 用回饋金繳交管理計畫 | B50: 18269000 | C50: ='餘絀表(實際數)'!I54 -> 141359 | D50: ='餘絀表(預算數)'!I54 -> 3500000 | E50: =C50-D50 -> -3358641 | F50: =IF(D50=0,0,IF(E50<0,(E50/D50)*-100,(E50/D50)*100)) -> 95.96 | G50: =C50+L50 -> 10863359 | H50: =D50+M50 -> 13500000 | I50: =G50-H50 -> -2636641 | J50: 0 | K50: =IF(H50=0,0,IF(I50<0,(I50/H50)*-100,(I50/H50)*100)) -> 19.53 | L50: 10722000 | M50: 10000000
A51: 農業天然災害救助計畫 | B51: 1085778000 | C51: ='餘絀表(實際數)'!I50 -> 589670636 | D51: ='餘絀表(預算數)'!I50 -> 0 | E51: =C51-D51 -> 589670636 | F51: =IF(D51=0,0,IF(E51<0,(E51/D51)*-100,(E51/D51)*100)) -> 0 | G51: =C51+L51 -> 2493332307 | H51: =D51+M51 -> 1085778000 | I51: =G51-H51 -> 1407554307 | J51: 2339908749 | K51: =IF(H51=0,0,IF(I51<0,(I51/H51)*-100,(I51/H51)*100)) -> 129.64 | L51: 1903661671 | M51: 1085778000
A52: 漁業發展補助計畫 | B52: 18513000 | C52: ='餘絀表(實際數)'!I51 -> 4141238 | D52: ='餘絀表(預算數)'!I51 -> 1141000 | E52: =C52-D52 -> 3000238 | F52: =IF(D52=0,0,IF(E52<0,(E52/D52)*-100,(E52/D52)*100)) -> 262.95 | G52: =C52+L52 -> 8477684 | H52: =D52+M52 -> 9547000 | I52: =G52-H52 -> -1069316 | J52: 0 | K52: =IF(H52=0,0,IF(I52<0,(I52/H52)*-100,(I52/H52)*100)) -> 11.2 | L52: 4336446 | M52: 8406000
A53: 漁業用油補貼計畫 | B53: 0 | C53: ='餘絀表(實際數)'!I52 -> 0 | D53: ='餘絀表(預算數)'!I52 -> 0 | E53: =C53-D53 -> 0 | F53: =IF(D53=0,0,IF(E53<0,(E53/D53)*-100,(E53/D53)*100)) -> 0 | G53: =C53+L53 -> 0 | H53: =D53+M53 -> 0 | I53: =G53-H53 -> 0 | J53: 170545969 | K53: =IF(H53=0,0,IF(I53<0,(I53/H53)*-100,(I53/H53)*100)) -> 0 | L53: 0 | M53: 0
A54: 加強水產品技術研發與 改進計畫 | B54: 0 | C54: ='餘絀表(實際數)'!I53 -> 0 | D54: ='餘絀表(預算數)'!I53 -> 0 | E54: =C54-D54 -> 0 | F54: =IF(D54=0,0,IF(E54<0,(E54/D54)*-100,(E54/D54)*100)) -> 0 | G54: =C54+L54 -> 0 | H54: =D54+M54 -> 0 | I54: =G54-H54 -> 0 | J54: 0 | K54: =IF(H54=0,0,IF(I54<0,(I54/H54)*-100,(I54/H54)*100)) -> 0 | L54: 0 | M54: 0
A55: 調整產業或防範措施計畫 | B55: 2101041000 | C55: ='餘絀表(實際數)'!I55 -> 190907471 | D55: ='餘絀表(預算數)'!I55 -> 132810000 | E55: =C55-D55 -> 58097471 | F55: =IF(D55=0,0,IF(E55<0,(E55/D55)*-100,(E55/D55)*100)) -> 43.74 | G55: =C55+L55 -> 407861047 | H55: =D55+M55 -> 882202000 | I55: =G55-H55 -> -474340953 | J55: 0 | K55: =IF(H55=0,0,IF(I55<0,(I55/H55)*-100,(I55/H55)*100)) -> 53.77 | L55: 216953576 | M55: 749392000
A56: 進口損害救助及穩價計畫 | B56: 1000000 | C56: ='餘絀表(實際數)'!I56 -> 0 | D56: ='餘絀表(預算數)'!I56 -> 0 | E56: =C56-D56 -> 0 | F56: =IF(D56=0,0,IF(E56<0,(E56/D56)*-100,(E56/D56)*100)) -> 0 | G56: =C56+L56 -> 0 | H56: =D56+M56 -> 500000 | I56: =G56-H56 -> -500000 | J56: 0 | K56: =IF(H56=0,0,IF(I56<0,(I56/H56)*-100,(I56/H56)*100)) -> 100 | L56: 0 | M56: 500000
A57: 調整耕作制度活化農地計畫 | B57: 8260651000 | C57: ='餘絀表(實際數)'!I57 -> 36266629 | D57: ='餘絀表(預算數)'!I57 -> 77800000 | E57: =C57-D57 -> -41533371 | F57: =IF(D57=0,0,IF(E57<0,(E57/D57)*-100,(E57/D57)*100)) -> 53.38 | G57: =C57+L57 -> 1136574404 | H57: =D57+M57 -> 794370000 | I57: =G57-H57 -> 342204404 | J57: 0 | K57: =IF(H57=0,0,IF(I57<0,(I57/H57)*-100,(I57/H57)*100)) -> 43.08 | L57: 1100307775 | M57: 716570000
A58: 農產品進口管理計畫 | B58: 51765000 | C58: ='餘絀表(實際數)'!I58 -> 0 | D58: ='餘絀表(預算數)'!I58 -> 0 | E58: =C58-D58 -> 0 | F58: =IF(D58=0,0,IF(E58<0,(E58/D58)*-100,(E58/D58)*100)) -> 0 | G58: =C58+L58 -> 27670899 | H58: =D58+M58 -> 25883000 | I58: =G58-H58 -> 1787899 | J58: 1 | K58: =IF(H58=0,0,IF(I58<0,(I58/H58)*-100,(I58/H58)*100)) -> 6.91 | L58: 27670899 | M58: 25883000
A59: 農村再生規劃及人力培育計畫 | B59: =B60+B61 -> 990388000 | C59: ='餘絀表(實際數)'!H59 -> 104227123 | D59: ='餘絀表(預算數)'!I59 -> 68084000 | E59: =C59-D59 -> 36143123 | F59: =IF(D59=0,0,IF(E59<0,(E59/D59)*-100,(E59/D59)*100)) -> 53.09 | G59: =C59+L59 -> 207521934 | H59: =D59+M59 -> 300370000 | I59: =G59-H59 -> -92848066 | K59: =IF(H59=0,0,IF(I59<0,(I59/H59)*-100,(I59/H59)*100)) -> 30.91 | L59: 103294811 | M59: 232286000
A60: 購建固定資產 | B60: 7197000 | C60: ='餘絀表(實際數)'!H60 -> 27900 | D60: ='餘絀表(預算數)'!I60 -> 899000 | E60: =C60-D60 -> -871100 | F60: =IF(D60=0,0,IF(E60<0,(E60/D60)*-100,(E60/D60)*100)) -> 96.9 | G60: =C60+L60 -> 214668 | H60: =D60+M60 -> 3761000 | I60: =G60-H60 -> -3546332 | K60: =IF(H60=0,0,IF(I60<0,(I60/H60)*-100,(I60/H60)*100)) -> 94.29 | L60: 186768 | M60: 2862000
A61: 其他 | B61: 983191000 | C61: ='餘絀表(實際數)'!H61 -> 104199223 | D61: ='餘絀表(預算數)'!I61 -> 67185000 | E61: =C61-D61 -> 37014223 | F61: =IF(D61=0,0,IF(E61<0,(E61/D61)*-100,(E61/D61)*100)) -> 55.09 | G61: =C61+L61 -> 207307266 | H61: =D61+M61 -> 296609000 | I61: =G61-H61 -> -89301734 | K61: =IF(H61=0,0,IF(I61<0,(I61/H61)*-100,(I61/H61)*100)) -> 30.11 | L61: 103108043 | M61: 229424000
A62: 農村再生建設及發展計畫 | B62: =B63+B64 -> 6166649000 | C62: ='餘絀表(實際數)'!I62 -> 294586846 | D62: ='餘絀表(預算數)'!I62 -> 429270000 | E62: =C62-D62 -> -134683154 | F62: =IF(D62=0,0,IF(E62<0,(E62/D62)*-100,(E62/D62)*100)) -> 31.37 | G62: =C62+L62 -> 1223198554 | H62: =D62+M62 -> 1877070000 | I62: =G62-H62 -> -653871446 | K62: =IF(H62=0,0,IF(I62<0,(I62/H62)*-100,(I62/H62)*100)) -> 34.83 | L62: 928611708 | M62: 1447800000
A63: 購建固定資產 | B63: 871816000 | C63: ='餘絀表(實際數)'!I63 -> 171042425 | D63: ='餘絀表(預算數)'!I63 -> 35764000 | E63: =C63-D63 -> 135278425 | F63: =IF(D63=0,0,IF(E63<0,(E63/D63)*-100,(E63/D63)*100)) -> 378.25 | G63: =C63+L63 -> 681747111 | H63: =D63+M63 -> 86949000 | I63: =G63-H63 -> 594798111 | K63: =IF(H63=0,0,IF(I63<0,(I63/H63)*-100,(I63/H63)*100)) -> 684.08 | L63: 510704686 | M63: 51185000
A64: 其他 | B64: 5294833000 | C64: ='餘絀表(實際數)'!I64 -> 123544421 | D64: ='餘絀表(預算數)'!I64 -> 393506000 | E64: =C64-D64 -> -269961579 | F64: =IF(D64=0,0,IF(E64<0,(E64/D64)*-100,(E64/D64)*100)) -> 68.6 | G64: =C64+L64 -> 541451443 | H64: =D64+M64 -> 1790121000 | I64: =G64-H64 -> -1248669557 | K64: =IF(H64=0,0,IF(I64<0,(I64/H64)*-100,(I64/H64)*100)) -> 69.75 | L64: 417907022 | M64: 1396615000
A65: 一般行政管理計畫 | B65: 9580000 | C65: ='餘絀表(實際數)'!I65 -> 43401 | D65: ='餘絀表(預算數)'!I65 -> 0 | E65: =C65-D65 -> 43401 | F65: =IF(D65=0,0,IF(E65<0,(E65/D65)*-100,(E65/D65)*100)) -> 0 | G65: =C65+L65 -> 4550124 | H65: =D65+M65 -> 4508000 | I65: =G65-H65 -> 42124 | J65: 0 | K65: =IF(H65=0,0,IF(I65<0,(I65/H65)*-100,(I65/H65)*100)) -> 0.93 | L65: 4506723 | M65: 4508000
A66: 農發基金 | C66: ='餘絀表(實際數)'!I66 -> 0 | D66: ='餘絀表(預算數)'!I66 -> 80000 | E66: =C66-D66 -> -80000 | F66: =IF(D66=0,0,IF(E66<0,(E66/D66)*-100,(E66/D66)*100)) -> 100 | G66: =C66+L66 -> 0 | H66: =D66+M66 -> 400000 | I66: =G66-H66 -> -400000 | K66: =IF(H66=0,0,IF(I66<0,(I66/H66)*-100,(I66/H66)*100)) -> 100 | L66: 0 | M66: 320000
A67: 漁發 | C67: ='餘絀表(實際數)'!I67 -> 0 | D67: ='餘絀表(預算數)'!I67 -> 0 | E67: =C67-D67 -> 0 | F67: =IF(D67=0,0,IF(E67<0,(E67/D67)*-100,(E67/D67)*100)) -> 0 | G67: =C67+L67 -> 0 | H67: =D67+M67 -> 0 | I67: =G67-H67 -> 0 | K67: =IF(H67=0,0,IF(I67<0,(I67/H67)*-100,(I67/H67)*100)) -> 0 | L67: 0 | M67: 0
A68: 自然 | C68: ='餘絀表(實際數)'!I68 -> 0 | D68: ='餘絀表(預算數)'!I68 -> 0 | E68: =C68-D68 -> 0 | F68: =IF(D68=0,0,IF(E68<0,(E68/D68)*-100,(E68/D68)*100)) -> 0 | G68: =C68+L68 -> 0 | H68: =D68+M68 -> 0 | I68: =G68-H68 -> 0 | K68: =IF(H68=0,0,IF(I68<0,(I68/H68)*-100,(I68/H68)*100)) -> 0 | L68: 0 | M68: 0
A69: 造林 | C69: ='餘絀表(實際數)'!I69 -> 0 | D69: ='餘絀表(預算數)'!I69 -> 0 | E69: =C69-D69 -> 0 | F69: =IF(D69=0,0,IF(E69<0,(E69/D69)*-100,(E69/D69)*100)) -> 0 | G69: =C69+L69 -> 0 | H69: =D69+M69 -> 0 | I69: =G69-H69 -> 0 | K69: =IF(H69=0,0,IF(I69<0,(I69/H69)*-100,(I69/H69)*100)) -> 0 | L69: 0 | M69: 0
A70: 漁平 | C70: ='餘絀表(實際數)'!I70 -> 0 | D70: ='餘絀表(預算數)'!I70 -> 0 | E70: =C70-D70 -> 0 | F70: =IF(D70=0,0,IF(E70<0,(E70/D70)*-100,(E70/D70)*100)) -> 0 | G70: =C70+L70 -> 0 | H70: =D70+M70 -> 0 | I70: =G70-H70 -> 0 | K70: =IF(H70=0,0,IF(I70<0,(I70/H70)*-100,(I70/H70)*100)) -> 0 | L70: 0 | M70: 0
A71: 天災 | C71: ='餘絀表(實際數)'!I71 -> 0 | D71: ='餘絀表(預算數)'!I71 -> 0 | E71: =C71-D71 -> 0 | F71: =IF(D71=0,0,IF(E71<0,(E71/D71)*-100,(E71/D71)*100)) -> 0 | G71: =C71+L71 -> 0 | H71: =D71+M71 -> 0 | I71: =G71-H71 -> 0 | K71: =IF(H71=0,0,IF(I71<0,(I71/H71)*-100,(I71/H71)*100)) -> 0 | L71: 0 | M71: 0
A72: 農損 | C72: ='餘絀表(實際數)'!I72 -> 0 | D72: ='餘絀表(預算數)'!I72 -> 0 | E72: =C72-D72 -> 0 | F72: =IF(D72=0,0,IF(E72<0,(E72/D72)*-100,(E72/D72)*100)) -> 0 | G72: =C72+L72 -> 0 | H72: =D72+M72 -> 0 | I72: =G72-H72 -> 0 | K72: =IF(H72=0,0,IF(I72<0,(I72/H72)*-100,(I72/H72)*100)) -> 0 | L72: 0 | M72: 0
A73: 再生 | C73: ='餘絀表(實際數)'!I73 -> 0 | D73: ='餘絀表(預算數)'!I73 -> 0 | E73: =C73-D73 -> 0 | F73: =IF(D73=0,0,IF(E73<0,(E73/D73)*-100,(E73/D73)*100)) -> 0 | G73: =C73+L73 -> 0 | H73: =D73+M73 -> 0 | I73: =G73-H73 -> 0 | K73: =IF(H73=0,0,IF(I73<0,(I73/H73)*-100,(I73/H73)*100)) -> 0 | L73: 0 | M73: 0
A74: 解繳國庫計畫 | B74: 0 | C74: ='餘絀表(實際數)'!I74 -> 0 | D74: ='餘絀表(預算數)'!I74 -> 0 | E74: =C74-D74 -> 0 | F74: =IF(D74=0,0,IF(E74<0,(E74/D74)*-100,(E74/D74)*100)) -> 0 | G74: =C74+L74 -> 0 | H74: =D74+M74 -> 0 | I74: =G74-H74 -> 0 | K74: =IF(H74=0,0,IF(I74<0,(I74/H74)*-100,(I74/H74)*100)) -> 0 | L74: 0 | M74: 0
A75: 建購固定資產小計 | B75: =SUM(B76:B82) -> 0 | C75: =SUM(C76:C82) -> 0 | D75: =SUM(D76:D82) -> 0 | E75: =C75-D75 -> 0 | F75: =IF(D75=0,0,IF(E75<0,(E75/D75)*-100,(E75/D75)*100)) -> 0 | G75: =SUM(G76:G82) -> 0 | H75: =SUM(H76:H82) -> 0 | I75: =G75-H75 -> 0 | K75: =IF(H75=0,0,IF(I75<0,(I75/H75)*-100,(I75/H75)*100)) -> 0 | L75: 0 | M75: 0
A76: 房屋及建築 | E76: =C76-D76 -> 0 | F76: =IF(D76=0,0,IF(E76<0,(E76/D76)*-100,(E76/D76)*100)) -> 0 | G76: =C76+L76 -> 0 | H76: =D76+M76 -> 0 | I76: =G76-H76 -> 0 | K76: =IF(H76=0,0,IF(I76<0,(I76/H76)*-100,(I76/H76)*100)) -> 0 | L76: 0 | M76: 0
A77: 土地
A78: 土地改良物
A79: 機械及設備 | E79: =C79-D79 -> 0 | F79: =IF(D79=0,0,IF(E79<0,(E79/D79)*-100,(E79/D79)*100)) -> 0 | G79: =C79+L79 -> 0 | H79: =D79+M79 -> 0 | I79: =G79-H79 -> 0 | K79: =IF(H79=0,0,IF(I79<0,(I79/H79)*-100,(I79/H79)*100)) -> 0 | L79: 0 | M79: 0
A80: 交通及運輸設備 | E80: =C80-D80 -> 0 | F80: =IF(D80=0,0,IF(E80<0,(E80/D80)*-100,(E80/D80)*100)) -> 0 | G80: =C80+L80 -> 0 | H80: =D80+M80 -> 0 | I80: =G80-H80 -> 0 | K80: =IF(H80=0,0,IF(I80<0,(I80/H80)*-100,(I80/H80)*100)) -> 0 | L80: 0 | M80: 0
A81: 什項設備 | E81: =C81-D81 -> 0 | F81: =IF(D81=0,0,IF(E81<0,(E81/D81)*-100,(E81/D81)*100)) -> 0 | G81: =C81+L81 -> 0 | H81: =D81+M81 -> 0 | I81: =G81-H81 -> 0 | K81: =IF(H81=0,0,IF(I81<0,(I81/H81)*-100,(I81/H81)*100)) -> 0 | L81: 0 | M81: 0
A82: 無形資產 | E82: =C82-D82 -> 0 | F82: =IF(D82=0,0,IF(E82<0,(E82/D82)*-100,(E82/D82)*100)) -> 0 | G82: =C82+L82 -> 0 | H82: =D82+M82 -> 0 | I82: =G82-H82 -> 0 | K82: =IF(H82=0,0,IF(I82<0,(I82/H82)*-100,(I82/H82)*100)) -> 0 | L82: 0 | M82: 0
A83: 其他小計 | B83: =SUM(B32:B33)+SUM(B36:B40)+SUM(B48:B53)+SUM(B50:B65) -> 47269740000 | C83: =SUM(C32:C33)+SUM(C36:C65) -> 4073308152 | D83: =SUM(D32:D33)+SUM(D36:D65) -> 3948157000 | E83: =C83-D83 -> 125151152 | F83: =IF(D83=0,0,IF(E83<0,(E83/D83)*-100,(E83/D83)*100)) -> 3.17 | G83: =SUM(G32:G33)+SUM(G36:G65) -> 15187368485 | H83: =SUM(H32:H33)+SUM(H36:H65) -> 16870108000 | I83: =G83-H83 -> -1682739515 | K83: =IF(H83=0,0,IF(I83<0,(I83/H83)*-100,(I83/H83)*100)) -> 9.97 | L83: 11114060333 | M83: 12921951000
A84: 合 計 | B84: =B75+B83 -> 47269740000 | C84: =C75+C83 -> 4073308152 | D84: =D75+D83 -> 3948157000 | E84: =C84-D84 -> 125151152 | F84: =IF(D84=0,0,IF(E84<0,(E84/D84)*-100,(E84/D84)*100)) -> 3.17 | G84: =G75+G83 -> 15187368485 | H84: =H75+H83 -> 16870108000 | I84: =G84-H84 -> -1682739515 | K84: =IF(H84=0,0,IF(I84<0,(I84/H84)*-100,(I84/H84)*100)) -> 9.97 | L84: 11114060333 | M84: 12921951000
A85: 本期賸餘（短絀－） | B85: =B10-B29 -> 5596103000 | C85: =C10-C29 -> 3193484940 | D85: =D10-D29 -> 2924491000 | E85: =C85-D85 -> 268993940 | F85: =ABS(IF(D85=0,0,IF(E85<0,(E85/D85)*-100,(E85/D85)*100))) -> 9.2 | G85: =G10-G29 -> 6513100692 | H85: =H10-H29 -> 5838689000 | I85: =G85-H85 -> 674411692 | K85: =ABS(IF(H85=0,0,IF(I85<0,(I85/H85)*-100,(I85/H85)*100))) -> 11.55 | L85: 3319615752 | M85: 2914198000
A86: 期初基金餘額 | B86: 53504493000 | C86: =G86+L85 -> 5.9779574e+10 | D86: =H86+M85 -> 56418691000 | E86: =C86-D86 -> 3.3608825e+09 | F86: =IF(D86=0,0,IF(E86<0,(E86/D86)*-100,(E86/D86)*100)) -> 5.96 | G86: ='餘絀表(實際數)'!I102 -> 5.6459958e+10 | H86: ='餘絀表(預算數)'!I102 -> 53504493000 | I86: =G86-H86 -> 2.9554648e+09 | K86: =IF(H86=0,0,IF(I86<0,(I86/H86)*-100,(I86/H86)*100)) -> 5.52 | L86: 5.6317228e+10 | M86: 53504493000
A87: 解繳國庫 | B87: 0 | C87: 0 | D87: 0 | E87: 0 | F87: 0 | G87: 0 | H87: 0 | I87: 0 | K87: 0 | L87: 0 | M87: 0
A88: 期末基金餘額 | B88: =B85+B86 -> 59100596000 | C88: =C85+C86 -> 6.2973058e+10 | D88: =D85+D86 -> 59343182000 | E88: =C88-D88 -> 3.6298765e+09 | F88: =IF(D88=0,0,IF(E88<0,(E88/D88)*-100,(E88/D88)*100)) -> 6.12 | G88: =G85+G86 -> 6.2973058e+10 | H88: =H85+H86 -> 59343182000 | I88: =G88-H88 -> 3.6298765e+09 | K88: =IF(H88=0,0,IF(I88<0,(I88/H88)*-100,(I88/H88)*100)) -> 6.12 | L88: 5.9636844e+10 | M88: 56418691000
F89: 核對 | G89: =G85+G86 -> 6.2973058e+10 | H89: =H85+H86 -> 59343182000 | J89: =SUM(J30:J65) -> 4656634119
A90: 購建固定資產-農發 | B90: =B31+B35 -> 11641000 | C90: =C31+C35 -> 733975 | D90: =D31+D35 -> 945000 | E90: =E31+E35 -> -211025 | F90: =IF(D90=0,0,IF(E90<0,(E90/D90)*-100,(E90/D90)*100)) -> 22.33 | G90: =G31+G35 -> 793300 | H90: =H31+H35 -> 995000 | I90: =I31+I35 -> -201700 | K90: =IF(H90=0,0,IF(I90<0,(I90/H90)*-100,(I90/H90)*100)) -> 20.27
A91: 林務 | B91: =B47 -> 359779000 | C91: =C47 -> 42202617 | D91: =D47 -> 28785000 | E91: =E47 -> 13417617 | F91: =IF(D91=0,0,IF(E91<0,(E91/D91)*-100,(E91/D91)*100)) -> 46.61 | G91: =G47 -> 148081568 | H91: =H47 -> 115336000 | I91: =G91-H91 -> 32745568 | K91: =IF(H91=0,0,IF(I91<0,(I91/H91)*-100,(I91/H91)*100)) -> 28.39
A92: 再生 | B92: =B63+B60 -> 879013000 | C92: =C63+C60 -> 171070325 | D92: =D63+D60 -> 36663000 | E92: =E63+E60 -> 134407325 | F92: =IF(D92=0,0,IF(E92<0,(E92/D92)*-100,(E92/D92)*100)) -> 366.6 | G92: =G63+G60 -> 681961779 | H92: =H63+H60 -> 90710000 | I92: =I63+I60 -> 591251779 | J92: =J63+J60 -> 0 | K92: =IF(H92=0,0,IF(I92<0,(I92/H92)*-100,(I92/H92)*100)) -> 651.8
A93: 購建合計 | B93: =B90+B91+B92 -> 1250433000 | C93: =C90+C91+C92 -> 214006917 | D93: =D90+D91+D92 -> 66393000 | E93: =E90+E91+E92 -> 147613917 | F93: =IF(D93=0,0,IF(E93<0,(E93/D93)*-100,(E93/D93)*100)) -> 222.33 | G93: =SUM(G90:G92) -> 830836647 | H93: =H90+H91+H92 -> 207041000 | I93: =I90+I91+I92 -> 623795647 | K93: =IF(H93=0,0,IF(I93<0,(I93/H93)*-100,(I93/H93)*100)) -> 301.29
B96: =B93+B94+B95 -> 1250433000

Sheet 增減說明
A1: 農 業 特 別 收 入 基 金
A2: 餘 絀 增 減 說 明
A3: 中 華 民 國 106年 6 月份
A5: 科目 | B5: 本月份 增減說明 | C5: 本年度截至本月份累計數 增減說明
A8: 基金來源
A9: 徵收及依法分配收入
A10: 違規罰款收入 | B10: 收取違反森林法之罰鍰收入低於預期所致。 | C10: 收取違反森林法之罰鍰收入高於預期所致。
A11: 健康福利捐分配收入
A12: 勞務收入
A13: 服務收入
A14: 其他勞務收入
A15: 農政收入
A16: 農林漁牧收入
A17: 財產收入
A18: 財產處分收入 | B18: 標售廢品收入。 | C18: 同左。
A19: 租金收入 | B19: 主要係收取合歡山販賣部租金所致。 | C19: 主要係收取合歡山販賣部及阿里山森林鐵路部分車站空間租金所致。
A20: 權利金收入 | B20: 主要係收取合歡山販賣部委外經營權利金所致。 | C20: 主要係臺灣銀行繳交之關稅配額進口權利金收入較預期增加所致。
A21: 利息收入 | B21: 專戶存款利息收入較預計增加所致。 | C21: 同左。
A22: 政府撥入收入
A23: 國庫撥款收入
A24: 其他收入
A25: 雜項收入 | B25: 主要係收回以前年度補助計畫賸餘款、衍生性收入及山坡地開發利用回饋金所致。 | C25: 同左。
A26: 收回金融業特別準備
A27: 基金用途
A28: 農業研究、實驗、技術改進 計畫 | D28: 專案農貸額度需求低於預期，且部分借款人還款能力良好，已陸續攤還本金，致實際經費較預計減少。 | E28: 專案農貸額度需求低於預期，且部分借款人還款能力良好，已陸續攤還本金，致實際經費較預計減少。 | F28: 專案農貸額度需求低於預期，且部分借款人還款能力良好，已陸續攤還本金，致實際經費較預計減少。
A29: 毛豬產銷調節 | C29: 同左。
A30: 農業貸款利息差額補貼 計畫 | B30: 專案農貸額度需求低於預期，且部分借款人還款能力良好，已陸續攤還本金，致實際經費較預計減少。 | C30: 同左。
A31: 糧政業務計畫
A32: 穩定肥料及相關資材供需計畫 | B32: 計畫執行經費刻正進行勾稽與彙整，將於7月儘速辦理撥付。 | C32: 同左。
A33: 產銷調節緊急處理計畫 | B33: 辦理土雞及臺灣鯛產銷調節緊急處理所致。 | C33: 同左。
A34: 農漁民子女就學獎助學金計畫 | B34: 係撥付農漁民子女就學獎助學金補正款。
A35: 豬隻死亡保險業務計畫 | B35: 係撥付中華民國農會計畫補助經費。 | C35: 同左。
A36: 家禽流行性感冒防疫計畫 | B36: 本月份實際執行數較預計增加。 | C36: 為因應本年亞型高病原性禽流感疫情，短期內須地毯式檢視轄內禽場，並啟動上市屠宰鴨隻須檢附禽流感檢測報告等措施，爰提前支用下期分配數以利執行。
A37: 輔導菸農轉型與檳榔廢園轉作計畫 | B37: 本月份實際執行數較預計減少。
A38: 處理農會漁會信用部計畫 | B38: 原列入處理之經營不善農、漁會信用部，因經營狀況改善，暫緩處理。 | C38: 同左。
A39: 離農獎勵計畫 | B39: 係辦理離農獎勵補發案件所致。 | C39: 同左。
A40: 全民造林計畫 | B40: 部分計畫尚未核定，致執行數未如預期。 | C40: 同左。
A41: 森林遊樂及森林鐵路經營管 理計畫
A42: 獎勵輔導造林計畫 | B42: 計劃書業已全數核定完成，部分執行單位尚未請撥第一期款，致執行數未如預期。 | C42: 同左。
A43: 造林貸款及山坡地開發利用 回饋金繳交管理計畫 | B43: 計劃書業已全數核定完成，部分執行單位尚未請撥第二期款，致執行數未如預期。
A44: 農業天然災害救助計畫 | B44: 因105年度梅姬颱風等預付救助款項於本年度轉正核銷及補助106年2月低溫災害所致。 | C44: 因105年度1月寒流及梅姬颱風等預付救助款項於本年度轉正核銷所致。
A45: 漁業發展補助計畫 | B45: 主要係本月份申領獎勵金人數較預計數增加。
A46: 推動漁業國際化方案計畫 | C46: 同左。
A47: 補助海洋及養殖漁產品之 實物操作計畫 | B47: 截至目前平準魚種市場交易價格尚稱穩定，無連續5日跌至平準價格80%以下之情形，未啟動實施平準計畫。 | C47: 同左。
A48: 調整產業或防範措施計畫 | B48: 已核定計畫補助款集中於本月撥付。 | C48: 係相關計畫核定時程較晚。
A49: 進口損害救助及穩價計畫 | C49: 本年度截至目前未發生救助案件。
A50: 調整耕作制度活化農地計畫 | B50: 部分地區106年1期作獎勵金及補助縣市政府相關經費集中於上月核撥，故本月執行數較少。 | C50: 部分地區106年1期作獎勵金及補助縣市政府相關經費實際撥付進度提前，故執行數較多。
A51: 農產品進口管理計畫
A52: 農村再生規劃及人力培育計畫 | B52: 執行以前月份分配數。 | C52: 部分計畫研提較晚，致執行數較低。
A53: 農村再生建設及發展計畫 | B53: 部分計畫尚在研提階段，致執行數較低。 | C53: 同左。
A54: 一般行政管理 | B54: 本月份手續費較預計增加。
A55: 10501 | B55: 本月賸餘增加原因： 基金用途部分：主要係產銷調節緊急處理計畫，因農曆年節將近，且本月發生低溫，國產蔬果價格普遍上揚，無啟動產銷調節措施。家禽流行性感冒防疫計畫，計畫業已核定，第1期款尚未撥付所致。森林遊客及森林鐵路經營管理計畫，委由臺鐵局協助營運之相關核銷於次月10日前辦理，因各預算科目未及入帳，致執行率偏低。農業天然災害救助計畫，因104年度蘇迪勒及杜鵑颱風等救助款項尚未全數轉正核銷所致。 | C55: 累計賸餘增加原因： 基金用途部分：主要係產銷調節緊急處理計畫，因農曆年節將近，且本月發生低溫，國產蔬果價格普遍上揚，無啟動產銷調節措施。家禽流行性感冒防疫計畫，計畫業已核定，第1期款尚未撥付所致。森林遊客及森林鐵路經營管理計畫，委由臺鐵局協助營運之相關核銷於次月10日前辦理，因各預算科目未及入帳，致執行率偏低。農業天然災害救助計畫，因104年度蘇迪勒及杜鵑颱風等救助款項尚未全數轉正核銷所致。
A56: 104年1月 | B56: 本月賸餘增加原因： 基金用途部分：主要係糧政業務計畫，因標售公糧數量較預計數減少，銷貨成本隨之減少。農業天然災害救助計畫，因天然災害發生難以預估，實際救助支出較預算分配數減少。調整耕作制度活化農地計畫，因103年第2期作獎勵金核發進度佳，致遞延至本月份核發之獎勵金額較預計數減少。 | C56: 累計賸餘增加原因： 基金用途部分：主要係糧政業務計畫，因標售公糧數量較預計數減少，銷貨成本隨之減少。農業天然災害救助計畫，因天然災害發生難以預估，實際救助支出較預算分配數減少。調整耕作制度活化農地計畫，因103年第2期作獎勵金核發進度佳，致遞延至本月份核發之獎勵金額較預計數減少。
A57: 103年12月 | B57: 本月賸餘減少原因： 基金用途部分：主要係糧政業務計畫，因自101年起全面辦理濕穀收購，並補助農民烘乾、包裝及堆疊費用，公糧收購量增加，故庫存量增加，相關收購成本及提列存貨跌價損失較預算增加。調整耕作制度活化農地計畫，因103年第2期作獎勵金集中於本月撥款，致較預計數增加。 | C57: 累計賸餘增加原因： 基金用途部分：主要係穩定肥料及相關資材供需計畫，因近來國際製肥原物料行情較預期為低，肥料補貼經費支出減少。農村再生建設及發展計畫，因農村工程繁雜、細緻，廠商投標意願低，造成進度延緩；又廠商工作能量飽和，致流標多次，影響工作進度。
A58: 103年11月 | B58: 本月賸餘增加原因： 基金用途部分：主要係調整耕作制度活化農地計畫，因部分縣市轉契作屆期，惟地區特產配合款尚未預繳至農糧署，故核發之金額較預計數少。農村再生建設及發展計畫，因目前各項工程除部分在測設、上網中外，施工中及驗收中皆加速趕辦中，年度前期能辦理結算撥款，提高實支數。 | C58: 累計賸餘增加原因： 基金用途部分：主要係森林遊樂及森林鐵路經營管理計畫，因太平山蹦蹦車站復建工程變更計畫、滿月圓自然中心新建工程變更設計及臺鐵局森鐵管理處辦理預算調整，各項工程尚未發包，致執行落後。農村再生建設及發展計畫，目前各項工程除部分在測設、上網中外，施工中及驗收中皆加速趕辦中，年度前期能辦理結算撥款，提高實支數。
A59: 103年10月 | B59: 本月賸餘減少原因： 基金用途部分：主要係農業天然災害救助計畫，因天然災害發生難以預估，實際救助支出較預算分配數增加。調整耕作制度活化農地計畫核發之金額較預計數多。 | C59: 累計賸餘增加原因： 基金用途部分：主要係農村再生建設及發展計畫，目前各項工程皆在測設、上網中或施工中，爰實支數偏低。
A60: 103年9月 | B60: 本月賸餘減少原因： 基金用途部分：主要係農業天然災害救助計畫，因天然災害發生難以預估，實際救助支出較預算分配數增加。調整耕作制度活化農地計畫，北部地區遞延至本月提送獎勵金清冊至分署辦理審核，故核發之金額較預計數多。 | C60: 累計賸餘增加原因： 基金用途部分：主要係調整耕作制度活化農地計畫，尚有部分委外查核鄉鎮，刻正趕辦造送獎勵金清冊至縣府審核，故核發金額較預計數少。農村再生建設及發展計畫，目前各項工程皆在測設、上網中或施工中，爰實支數偏低。
A61: 103年8月 | B61: 本月賸餘增加原因： 基金用途部分：主要係穩定肥料及相關資材供需計畫，近來國際製肥原物料行情較預期為低，肥料補貼經費支出減少所致。農村再生建設及發展計畫，目前各項工程皆在測設、上網中或施工中，爰實支數偏低。 | C61: 累計賸餘增加原因： 基金用途部分：主要係穩定肥料及相關資材供需計畫，近來國際製肥原物料行情較預期為低，肥料補貼經費支出減少所致。農村再生建設及發展計畫，目前各項工程皆在測設、上網中或施工中，爰實支數偏低。
A62: 103年7月 | B62: 本月賸餘增加原因： 基金用途部分：主要係調整耕作制度活化農地計畫，103年第1期作部分地方政府地區特產配合款尚未撥繳至農糧署，獎勵金清冊已提送至分署辦理審核，待配合款撥繳後統一撥付獎勵金，故核發之金額較預計數少。農村再生建設及發展計畫，目前各項工程皆在測設、上網中或施工中，爰實支數偏低。 | C62: 累計賸餘增加原因： 基金用途部分：主要係調整耕作制度活化農地計畫，103年第1期作部分地方政府地區特產配合款尚未撥繳至農糧署，獎勵金清冊已提送至分署辦理審核，待配合款撥繳後統一撥付獎勵金，故核發之金額較預計數少。農村再生建設及發展計畫，目前各項工程皆在測設、上網中或施工中，爰實支數偏低。
A63: 103年6月 | B63: 本月賸餘增加原因： 基金用途部分：主要係處理農會漁會信用部計畫，列入處理之經營不善農、漁會信用部，部分因自救成效佳，暫不處理所致。農村再生建設及發展計畫，目前各項工程皆在測設、上網中或施工中，爰實支數偏低。 | C63: 累計賸餘增加原因： 基金用途部分：主要係調整耕作制度活化農地計畫，102年第2期契作硬質玉米延後採收，獎勵金清冊陸續提送至分署辦理審核及撥付款，遞延至6月份核發，故累計核發之獎勵金額較預計數少。農村再生建設及發展計畫，目前各項工程皆在測設、上網中或施工中，爰實支數偏低。
A64: 103年5月 | B64: 本月賸餘增加原因： 基金用途部分：主要係穩定肥料及相關資材供需計畫，依實際需求撥付，故實支數較少。 農村再生建設及發展計畫，目前各項工程皆在測設、上網中或施工中，爰實支數偏低。 | C64: 累計賸餘增加原因： 基金用途部分：主要係調整耕作制度活化農地計畫，102年第2期契作硬質玉米延後採收，獎勵金清冊陸續提送至分署辦理審核及撥付款，遞延至6月份核發，故累計核發之獎勵金額較預計數少。農村再生建設及發展計畫，目前各項工程皆在測設、上網中或施工中，爰實支數偏低。
A65: 103年3月 | B65: 本月賸餘增加原因： 基金用途部分：主要係調整耕作制度活化農地計畫，嘉義及台南等地區硬質玉米受天候影響延後採收，致本月核發數較預計數少。 農村再生建設及發展計畫，將儘速核定工程，因目前皆在測設或上網中，故實支數偏低。 | C65: 累計賸餘增加原因： 基金用途部分：主要係調整耕作制度活化農地計畫，嘉義及台南等地區硬質玉米受天候影響延後採收，致本月核發數較預計數少。農村再生建設及發展計畫，將儘速核定工程，因目前皆在測設或上網中，故實支數偏低。
A66: 103年2月 | B66: 本月賸餘增加原因： 基金用途部分：主要係農業天然災害救助計畫，因天然災害發生難以預估，本月救助支出較預算分配數減少。農村再生建設及發展計畫，已核定第二梯次工程，目前皆在測設中，故實支數偏低，及參與農村再生社區大掃除活動，部分尚未辦理請款及核銷作業。 | C66: 累計賸餘增加原因： 基金用途部分：主要係農業天然災害救助計畫，因天然災害發生難以預估，本月救助支出較預算分配數減少。農村再生建設及發展計畫，已核定第二梯次工程，目前皆在測設中，故實支數偏低，及參與農村再生社區大掃除活動，部分尚未辦理請款及核銷作業。
A67: 103年1月 | B67: 本月賸餘增加原因： 基金用途部分：主要係農業天然災害救助計畫，因天然災害發生難以預估，本月救助支出較預算分配數減少。及 農村再生建設及發展計畫，年度剛開始已核定第一梯次工程，目前皆在測設中，故實支數偏低。 | C67: 累計賸餘增加原因： 基金用途部分：主要係農業天然災害救助計畫，因天然災害發生難以預估，本月救助支出較預算分配數減少。及 農村再生建設及發展計畫，年度剛開始已核定第一梯次工程，目前皆在測設中，故實支數偏低。

Sheet 餘絀表(實際數)
A1: 將k及L值複製至O及P.
A2: 農 業 特 別 收 入 基 金
A3: 將b64值複製至上月份本期餘絀 | B3: 「累計實際」複製至「上月實際」
A5: 102.10.3
A6: 輸入本月數實際數
A7: 分基金名稱 會計科目 | B7: 農業發展 基 金 | C7: 漁業發展 基 金 | D7: 林務發展暨 造林基金 | E7: 漁產平準 基 金 | F7: 農業天然災 害救助基金 | G7: 農業受進口損害 基 金 | H7: 農村再生基金 | I7: 合 計
J8: 與來源餘絀表核對
A10: 基金來源 | B10: =B11+B14+B17+B19+B24+B26 -> 4050102539 | C10: =C11+C14+C17+C19+C24+C26 -> 15074 | D10: =D11+D14+D17+D19+D24+D26 -> 11686147 | E10: =E11+E14+E17+E19+E24+E26 -> 0 | F10: =F11+F14+F17+F19+F24+F26 -> 600136533 | G10: =G11+G14+G17+G19+G24+G26 -> 470653020 | H10: =H11+H14+H17+H19+H24+H26 -> 1642581165 | I10: =SUM(B10:H10) -> 6775174478 | J10: =J11+J14+J17+J19+J24+J26 -> 6775174478 | K10: =I10-J10 -> 0
A11: 徵收及依法分配收入 | B11: =B12+B13 -> 0 | C11: =C12 -> 0 | D11: =D12 -> 99446 | E11: =E12 -> 0 | F11: =F12 -> 0 | G11: =G12+G13 -> 0 | H11: =H12+H13 -> 0 | I11: =SUM(B11:H11) -> 99446 | J11: =來源餘絀表!C11 -> 99446 | K11: =I11-J11 -> 0
A12: 違規罰款收入 | D12: 99446 | I12: =SUM(B12:H12) -> 99446 | J12: =來源餘絀表!C12 -> 99446 | K12: =I12-J12 -> 0
A13: 健康福利捐分配收入 | B13: 0 | I13: =SUM(B13:H13) -> 0 | J13: =來源餘絀表!C13 -> 0 | K13: =I13-J13 -> 0
A14: 勞務收入 | B14: =SUM(B15:B16) -> 0 | C14: =SUM(C15:C16) -> 0 | D14: =SUM(D15:D16) -> 55451739 | E14: =SUM(E15:E16) -> 0 | F14: =SUM(F15:F16) -> 0 | G14: =SUM(G15:G16) -> 0 | H14: =SUM(H15:H16) -> 0 | I14: =SUM(B14:H14) -> 55451739 | J14: =來源餘絀表!C14 -> 55451739 | K14: =I14-J14 -> 0
A15: 服務收入 | D15: 42998499 | I15: =SUM(B15:H15) -> 42998499 | J15: =來源餘絀表!C15 -> 42998499 | K15: =I15-J15 -> 0
A16: 其他勞務收入 | D16: 12453240 | I16: =SUM(B16:H16) -> 12453240 | J16: =來源餘絀表!C16 -> 12453240 | K16: =I16-J16 -> 0
A17: 農政收入 | B17: =B18 -> 281713189 | C17: =C18 -> 0 | D17: =D18 -> 0 | E17: =E18 -> 0 | F17: =F18 -> 0 | G17: =G18 -> 0 | H17: =H18 -> 0 | I17: =SUM(B17:H17) -> 281713189 | J17: =來源餘絀表!C17 -> 281713189 | K17: =I17-J17 -> 0
A18: 農林漁牧收入 | B18: 281713189 | I18: =SUM(B18:H18) -> 281713189 | J18: =來源餘絀表!C18 -> 281713189 | K18: =I18-J18 -> 0
A19: 財產收入 | B19: =SUM(B20:B23) -> 2609412 | C19: =SUM(C20:C23) -> 15074 | D19: =SUM(D20:D23) -> 12375130 | E19: =SUM(E20:E23) -> 0 | F19: =SUM(F20:F23) -> 128283 | G19: =SUM(G20:G23) -> 1538 | H19: =SUM(H20:H23) -> 24795 | I19: =SUM(B19:H19) -> 15154232 | J19: =來源餘絀表!C19 -> 15154232 | K19: =I19-J19 -> 0
A20: 財產處分收入 | B20: 7194 | I20: =SUM(B20:H20) -> 7194 | J20: =來源餘絀表!C20 -> 7194 | K20: =I20-J20 -> 0
A21: 租金收入 | D21: 390476 | I21: =SUM(B21:H21) -> 390476 | J21: =來源餘絀表!C21 -> 390476 | K21: =I21-J21 -> 0
A22: 權利金收入 | D22: 1712303 | I22: =SUM(B22:H22) -> 1712303 | J22: =來源餘絀表!C22 -> 1712303 | K22: =I22-J22 -> 0
A23: 利息收入 | B23: 2602218 | C23: 15074 | D23: 10272351 | E23: 0 | F23: 128283 | G23: 1538 | H23: 24795 | I23: =SUM(B23:H23) -> 13044259 | J23: =來源餘絀表!C23 -> 13044259 | K23: =I23-J23 -> 0
A24: 政府撥入收入 | B24: =B25 -> 3797000000 | C24: =C25 -> 0 | D24: =D25 -> 0 | E24: =E25 -> 0 | F24: =F25 -> 600000000 | G24: =G25 -> 500000000 | H24: =H25 -> 1652000000 | I24: =SUM(B24:H24) -> 6549000000 | J24: =來源餘絀表!C24 -> 6549000000 | K24: =I24-J24 -> 0
A25: 國庫撥款收入 | B25: 3797000000 | F25: 600000000 | G25: 500000000 | H25: 1652000000 | I25: =SUM(B25:H25) -> 6549000000 | J25: =來源餘絀表!C25 -> 6549000000 | K25: =I25-J25 -> 0
A26: 其他收入 | B26: =SUM(B27:B28) -> -31220062 | C26: =SUM(C27:C28) -> 0 | D26: =SUM(D27:D28) -> -56240168 | E26: =SUM(E27:E28) -> 0 | F26: =SUM(F27:F28) -> 8250 | G26: =SUM(G27:G28) -> -29348518 | H26: =SUM(H27:H28) -> -9443630 | I26: =SUM(B26:H26) -> -126244128 | J26: =來源餘絀表!C26 -> -126244128 | K26: =I26-J26 -> 0
A27: 雜項收入 | B27: -31220062 | D27: -56240168 | F27: 8250 | G27: -29348518 | H27: -9443630 | I27: =SUM(B27:H27) -> -126244128 | J27: =來源餘絀表!C27 -> -126244128 | K27: =I27-J27 -> 0
A28: 收回金融業特別準備 | I28: =SUM(B28:H28) -> 0 | J28: =來源餘絀表!C28 -> 0 | K28: =I28-J28 -> 0
A29: 基金用途 | B29: =B30+B33+B34+B37+B38+B39+B40+B41+B42+B43+B44+B65 -> 2239108222 | C29: =C51 -> 4141238 | D29: =D45+D46+D49+D54 -> 122781373 | E29: =E54+E65 -> 0 | F29: =F50 -> 589670636 | G29: =G55+G56+G57+G58 -> 227174100 | H29: =H59+H62 -> 398813969 | I29: =SUM(B29:H29) -> 3581689538 | J29: =J30+J33+J34+J37+J38+J39+J40+J41+J42+J43+J44+J45+J46+J49+J50+J51+J52+J53+J54+J55+J56+J57+J59+J62+J65+J74 -> 3581689538 | K29: =I29-J29 -> 0
A30: 農業研究、實驗、技術 改進計畫 | B30: =SUM(B31:B32) -> 1535753 | C30: =SUM(C31:C32) -> 0 | D30: =SUM(D31:D32) -> 0 | E30: =SUM(E31:E32) -> 0 | F30: =SUM(F31:F32) -> 0 | G30: =SUM(G31:G32) -> 0 | H30: =SUM(H31:H32) -> 0 | I30: =SUM(B30:H30) -> 1535753 | J30: =來源餘絀表!C30 -> 1535753 | K30: =I30-J30 -> 0
A31: 購建固定資產 | B31: 703000 | I31: =SUM(B31:H31) -> 703000 | J31: =來源餘絀表!C31 -> 703000 | K31: =I31-J31 -> 0
A32: 其他 | B32: 832753 | I32: =SUM(B32:H32) -> 832753 | J32: =來源餘絀表!C32 -> 832753 | K32: =I32-J32 -> 0
A33: 農業貸款利息差額補貼 計畫 | B33: 964611075 | I33: =SUM(B33:H33) -> 964611075 | J33: =來源餘絀表!C33 -> 964611075 | K33: =I33-J33 -> 0
A34: 糧政業務計畫 | B34: =B36+B35 -> 1060833321 | C34: =SUM(C35:C36) -> 0 | D34: =SUM(D35:D36) -> 0 | E34: =SUM(E35:E36) -> 0 | F34: =SUM(F35:F36) -> 0 | G34: =SUM(G35:G36) -> 0 | I34: =SUM(B34:H34) -> 1060833321 | J34: =來源餘絀表!C34 -> 1060833321 | K34: =I34-J34 -> 0
A35: 購建固定資產 | B35: 30975 | I35: =SUM(B35:H35) -> 30975 | J35: =來源餘絀表!C35 -> 30975 | K35: =I35-J35 -> 0
A36: 其他 | B36: 1060802346 | I36: =SUM(B36:H36) -> 1060802346 | J36: =來源餘絀表!C36 -> 1060802346 | K36: =I36-J36 -> 0
A37: 穩定肥料及相關資材供需計畫 | B37: 907173 | I37: =SUM(B37:H37) -> 907173 | J37: =來源餘絀表!C37 -> 907173 | K37: =I37-J37 -> 0
A38: 產銷調節緊急處理計畫 | B38: 80221514 | I38: =SUM(B38:H38) -> 80221514 | J38: =來源餘絀表!C38 -> 80221514 | K38: =I38-J38 -> 0
A39: 農漁民子女就學獎助學 金補助計畫 | B39: 1860000 | I39: =SUM(B39:H39) -> 1860000 | J39: =來源餘絀表!C39 -> 1860000 | K39: =I39-J39 -> 0
A40: 豬隻死亡保險業務計畫 | B40: 110000000 | I40: =SUM(B40:H40) -> 110000000 | J40: =來源餘絀表!C40 -> 110000000 | K40: =I40-J40 -> 0
A41: 家禽流行性感冒防疫計畫 | B41: 10567000 | I41: =SUM(B41:H41) -> 10567000 | J41: =來源餘絀表!C41 -> 10567000 | K41: =I41-J41 -> 0
A42: 輔導菸農轉型與檳榔廢 園轉作計畫 | B42: 724000 | I42: =SUM(B42:H42) -> 724000 | J42: =來源餘絀表!C42 -> 724000 | K42: =I42-J42 -> 0
A43: 處理農會漁會信用部計畫 | B43: 0 | I43: =SUM(B43:H43) -> 0 | J43: =來源餘絀表!C43 -> 0 | K43: =I43-J43 -> 0
A44: 離農獎勵計畫 | B44: 7804985 | I44: =SUM(B44:H44) -> 7804985 | J44: =來源餘絀表!C44 -> 7804985 | K44: =I44-J44 -> 0
A45: 全民造林計畫 | D45: 18852270 | I45: =SUM(B45:H45) -> 18852270 | J45: =來源餘絀表!C45 -> 18852270 | K45: =I45-J45 -> 0
A46: 森林遊樂及森林鐵路經 營管理計畫 | B46: =SUM(B47:B48) -> 0 | C46: =SUM(C47:C48) -> 0 | D46: =SUM(D47:D48) -> 93538620 | E46: =SUM(E47:E48) -> 0 | F46: =SUM(F47:F48) -> 0 | G46: =SUM(G47:G48) -> 0 | I46: =SUM(B46:H46) -> 93538620 | J46: =來源餘絀表!C46 -> 93538620 | K46: =I46-J46 -> 0
A47: 購建固定資產 | D47: 42202617 | I47: =SUM(B47:H47) -> 42202617 | J47: =來源餘絀表!C47 -> 42202617 | K47: =I47-J47 -> 0
A48: 其他 | D48: 51336003 | I48: =SUM(B48:H48) -> 51336003 | J48: =來源餘絀表!C48 -> 51336003 | K48: =I48-J48 -> 0
A49: 獎勵輔導造林計畫 | D49: 10249124 | I49: =SUM(B49:H49) -> 10249124 | J49: =來源餘絀表!C49 -> 10249124 | K49: =I49-J49 -> 0
A50: 農業天然災害救助計畫 | F50: 589670636 | I50: =SUM(B50:H50) -> 589670636 | J50: =來源餘絀表!C51 -> 589670636 | K50: =I50-J50 -> 0
A51: 漁業發展補助計畫 | C51: 4141238 | I51: =SUM(B51:H51) -> 4141238 | J51: =來源餘絀表!C52 -> 4141238 | K51: =I51-J51 -> 0
A52: 漁業用油補貼計畫 | I52: =SUM(B52:H52) -> 0 | J52: =來源餘絀表!C53 -> 0 | K52: =I52-J52 -> 0
A53: 加強水產品技術研發與 改進計畫 | I53: =SUM(B53:H53) -> 0 | J53: =來源餘絀表!C54 -> 0 | K53: =I53-J53 -> 0
A54: 造林貸款及山坡地開發利 用回饋金繳交管理計畫 | D54: 141359 | E54: 0 | I54: =SUM(B54:H54) -> 141359 | J54: =來源餘絀表!C50 -> 141359 | K54: =I54-J54 -> 0
A55: 調整產業或防範措施計畫 | B55: 0 | C55: 0 | D55: 0 | E55: 0 | F55: 0 | G55: 190907471 | I55: =SUM(B55:H55) -> 190907471 | J55: =來源餘絀表!C55 -> 190907471 | K55: =I55-J55 -> 0
A56: 進口損害救助及穩價計畫 | I56: =SUM(B56:H56) -> 0 | J56: =來源餘絀表!C56 -> 0 | K56: =I56-J56 -> 0
A57: 調整耕作制度活化農地計畫 | G57: 36266629 | I57: =SUM(B57:H57) -> 36266629 | J57: =來源餘絀表!C57 -> 36266629 | K57: =I57-J57 -> 0
A58: 農產品進口管理計畫 | G58: 0 | I58: =SUM(B58:H58) -> 0
A59: 農村再生規劃及人力培育計畫 | H59: =SUM(H60:H61) -> 104227123 | I59: =SUM(B59:H59) -> 104227123 | J59: =來源餘絀表!C59 -> 104227123 | K59: =I59-J59 -> 0
A60: 購建固定資產 | H60: 27900 | I60: =SUM(B60:H60) -> 27900 | J60: =來源餘絀表!C60 -> 27900 | K60: =I60-J60 -> 0
A61: 其他 | H61: 104199223 | I61: =SUM(B61:H61) -> 104199223 | J61: =來源餘絀表!C61 -> 104199223 | K61: =I61-J61 -> 0
A62: 農村再生建設及發展計畫 | H62: =H63+H64 -> 294586846 | I62: =SUM(B62:H62) -> 294586846 | J62: =來源餘絀表!C62 -> 294586846 | K62: =I62-J62 -> 0
A63: 購建固定資產 | H63: 171042425 | I63: =SUM(B63:H63) -> 171042425 | J63: =來源餘絀表!C63 -> 171042425 | K63: =I63-J63 -> 0
A64: 其他 | H64: 123544421 | I64: =SUM(B64:H64) -> 123544421 | J64: =來源餘絀表!C64 -> 123544421 | K64: =I64-J64 -> 0
A65: 一般行政管理 | B65: 43401 | H65: =H73 -> 0 | I65: =SUM(B65:H65) -> 43401 | J65: =來源餘絀表!C65 -> 43401 | K65: =I65-J65 -> 0
A66: 農發基金 | I66: =SUM(B66:H66) -> 0 | J66: =來源餘絀表!C66 -> 0 | K66: =I66-J66 -> 0
A67: 漁發 | I67: =SUM(B67:H67) -> 0 | J67: =來源餘絀表!C67 -> 0 | K67: =I67-J67 -> 0
A68: 自然 | I68: =SUM(B68:H68) -> 0 | J68: =來源餘絀表!C68 -> 0 | K68: =I68-J68 -> 0
A69: 造林 | I69: =SUM(B69:H69) -> 0 | J69: =來源餘絀表!C69 -> 0 | K69: =I69-J69 -> 0
A70: 漁平 | I70: =SUM(B70:H70) -> 0 | J70: =來源餘絀表!C70 -> 0 | K70: =I70-J70 -> 0
A71: 天災 | I71: =SUM(B71:H71) -> 0 | J71: =來源餘絀表!C71 -> 0 | K71: =I71-J71 -> 0
A72: 農損 | I72: =SUM(B72:H72) -> 0 | J72: =來源餘絀表!C72 -> 0 | K72: =I72-J72 -> 0
A73: 再生 | I73: =SUM(B73:H73) -> 0 | J73: =來源餘絀表!C73 -> 0 | K73: =I73-J73 -> 0
A74: 解繳國庫計畫 | I74: =SUM(B74:H74) -> 0 | J74: =來源餘絀表!C74 -> 0 | K74: =I74-J74 -> 0
A75: 建購固定資產小計 | I75: =SUM(B75:H75) -> 0
A76: 房屋及建築 | I76: =SUM(B76:H76) -> 0
A77: 土地 | I77: =SUM(B77:H77) -> 0
A78: 土地改良物 | I78: =SUM(B78:H78) -> 0
A79: 機械及設備 | I79: =SUM(B79:H79) -> 0
A80: 交通及運輸設備 | I80: =SUM(B80:H80) -> 0
A81: 什項設備 | I81: =SUM(B81:H81) -> 0
A82: 無形資產 | I82: =SUM(B82:H82) -> 0
A83: 其他小計 | I83: =SUM(B83:H83) -> 0 | J83: =來源餘絀表!C83 -> 4073308152
A84: 合 計 | I84: =SUM(B84:H84) -> 0
A85: 本期賸餘（短絀－） | B85: =B10-B29 -> 1810994317 | C85: =C10-C29 -> -4126164 | D85: =D10-D29 -> -111095226 | E85: =E10-E29 -> 0 | F85: =F10-F29 -> 10465897 | G85: =G10-G29 -> 243478920 | H85: =H10-H29 -> 1243767196 | I85: =SUM(B85:H85) -> 3193484940 | J85: =來源餘絀表!C85 -> 3193484940 | K85: =I85-J85 -> 0
A86: 期初基金餘額 | B86: 1.579193e+10 | C86: =C101+C102 -> 250757162 | D86: =D101+D102 -> 7173189800 | E86: =E101+E102 -> 0 | F86: =F101+F102 -> -2485307750 | G86: =G101+G102 -> 3.7543899e+09 | H86: =H101+H102 -> 35294614366 | I86: =SUM(B86:H86) -> 5.9779574e+10 | J86: =來源餘絀表!C86 -> 5.9779574e+10 | K86: =I86-J86 -> 0
A87: 解繳國庫 | B87: 0 | C87: 0 | D87: 0 | E87: 0 | F87: 0 | G87: 0 | H87: 0 | I87: =SUM(B87:H87) -> 0 | J87: =來源餘絀表!C87 -> 0 | K87: =I87-J87 -> 0
A88: 期末基金餘額 | B88: =B85+B86 -> 1.7602924e+10 | C88: =C85+C86 -> 246630998 | D88: =D85+D86 -> 7062094574 | E88: =E85+E86 -> 0 | F88: =F85+F86 -> -2474841853 | G88: =G85+G86 -> 3.9978688e+09 | H88: =H85+H86 -> 36538381562 | I88: =SUM(B88:H88) -> 6.2973058e+10 | J88: =來源餘絀表!C88 -> 6.2973058e+10 | K88: =I88-J88 -> 0
A89: 1月份本期餘絀 | B89: -182447745 | C89: -1167190 | D89: 76711717 | F89: -320818632 | G89: 1144331715 | H89: 240278169
A90: 2月份本期餘絀 | B90: -330974417 | C90: -41471 | D90: 86245986 | F90: -270088973 | G90: -378516563 | H90: 157304655
A91: 3月份本期餘絀 | B91: -268401568 | C91: -2039418 | D91: 62708989 | F91: -516461269 | G91: 376352983 | H91: 109137872
A92: 4月份本期餘絀 | B92: -20684922 | C92: -1040186 | D92: 84347197 | F92: -70643353 | G92: 837807042 | H92: 280610791
A93: 5月份本期餘絀 | B93: 1404257801 | C93: 54745 | D93: 36835497 | E93: 0 | F93: -134459128 | G93: 798009184 | H93: 122406244
A94: 6月份本期餘絀
A95: 7月份本期餘絀
A96: 8月份本期餘絀
A97: 9月份本期餘絀
A98: 10月份本期餘絀
A99: 11月份本期餘絀
A100: 12月份本期餘絀
A101: 累計本期餘絀 | B101: =SUM(B89:B100) -> 601749149 | C101: =SUM(C89:C100) -> -4233520 | D101: =SUM(D89:D100) -> 346849386 | E101: =SUM(E89:E100) -> 0 | F101: =SUM(F89:F100) -> -1312471355 | G101: =SUM(G89:G100) -> 2777984361 | H101: =SUM(H89:H100) -> 909737731 | I101: =SUM(B101:H101) -> 3319615752
A102: 105年底累積餘絀 | B102: 1.5190181e+10 | C102: 254990682 | D102: 6826340414 | E102: 0 | F102: -1172836395 | G102: 9.7640556e+08 | H102: 34384876635 | I102: =SUM(B102:H102) -> 5.6459958e+10

Sheet 餘絀表(預算數)
A1: 將k及L值複製至O及P.
A2: 農 業 特 別 收 入 基 金
A3: 將b64值複製至上月份本期餘絀 | B3: 「累計實際」複製至「上月實際」
A5: 102.10.3
A6: 輸入本月數預算數
A7: 分基金名稱 會計科目 | B7: 農業發展 基 金 | C7: 漁業發展 基 金 | D7: 林務發展暨 造林基金 | E7: 漁產平準 基 金 | F7: 農業天然災 害救助基金 | G7: 農業受進口損害 基 金 | H7: 農村再生基金 | I7: 合 計
J8: 與來源餘絀表核對
A10: 基金來源 | B10: =B11+B14+B17+B19+B24+B26 -> 4073317000 | C10: =C11+C14+C17+C19+C24+C26 -> 15000 | D10: =D11+D14+D17+D19+D24+D26 -> 66059000 | E10: =E11+E14+E17+E19+E24+E26 -> 0 | F10: =F11+F14+F17+F19+F24+F26 -> 200000 | G10: =G11+G14+G17+G19+G24+G26 -> 500000000 | H10: =H11+H14+H17+H19+H24+H26 -> 1653000000 | I10: =SUM(B10:H10) -> 6292591000 | J10: =J11+J14+J17+J19+J24+J26 -> 6292591000 | K10: =J10-I10 -> 0
A11: 徵收收入 | B11: =B12+B13 -> 0 | C11: =C12 -> 0 | D11: =D12 -> 563000 | E11: =E12 -> 0 | F11: =F12 -> 0 | G11: =G12+G13 -> 0 | H11: =H12 -> 0 | I11: =SUM(B11:H11) -> 563000 | J11: =來源餘絀表!D11 -> 563000 | K11: =J11-I11 -> 0
A12: 違規罰款收入 | D12: 563000 | I12: =SUM(B12:H12) -> 563000 | J12: =來源餘絀表!D12 -> 563000 | K12: =J12-I12 -> 0
A13: 健康福利捐分配收入 | B13: 0 | I13: =SUM(B13:H13) -> 0 | J13: =來源餘絀表!D13 -> 0 | K13: =J13-I13 -> 0
A14: 勞務收入 | B14: =SUM(B15:B16) -> 0 | C14: =SUM(C15:C16) -> 0 | D14: =SUM(D15:D16) -> 56124000 | E14: =SUM(E15:E16) -> 0 | F14: =SUM(F15:F16) -> 0 | G14: =SUM(G15:G16) -> 0 | H14: =SUM(H15:H16) -> 0 | I14: =SUM(B14:H14) -> 56124000 | J14: =來源餘絀表!D14 -> 56124000 | K14: =J14-I14 -> 0
A15: 服務收入 | D15: 44078000 | I15: =SUM(B15:H15) -> 44078000 | J15: =來源餘絀表!D15 -> 44078000 | K15: =J15-I15 -> 0
A16: 其他勞務收入 | D16: 12046000 | I16: =SUM(B16:H16) -> 12046000 | J16: =來源餘絀表!D16 -> 12046000 | K16: =J16-I16 -> 0
A17: 農政收入 | B17: =B18 -> 276150000 | C17: =C18 -> 0 | D17: =D18 -> 0 | E17: =E18 -> 0 | F17: =F18 -> 0 | G17: =G18 -> 0 | H17: =H18 -> 0 | I17: =SUM(B17:H17) -> 276150000 | J17: =來源餘絀表!D17 -> 276150000 | K17: =J17-I17 -> 0
A18: 農林漁牧收入 | B18: 276150000 | I18: =SUM(B18:H18) -> 276150000 | J18: =來源餘絀表!D18 -> 276150000 | K18: =J18-I18 -> 0
A19: 財產收入 | B19: =SUM(B20:B23) -> 80000 | C19: =SUM(C20:C23) -> 15000 | D19: =SUM(D20:D23) -> 8838000 | E19: =SUM(E20:E23) -> 0 | F19: =SUM(F20:F23) -> 200000 | G19: =SUM(G20:G23) -> 0 | H19: =SUM(H20:H23) -> 0 | I19: =SUM(B19:H19) -> 9133000 | J19: =來源餘絀表!D19 -> 9133000 | K19: =J19-I19 -> 0
A20: 財產處分收入 | I20: =SUM(B20:H20) -> 0 | J20: =來源餘絀表!D20 -> 0 | K20: =J20-I20 -> 0
A21: 租金收入 | D21: 0 | I21: =SUM(B21:H21) -> 0 | J21: =來源餘絀表!D21 -> 0 | K21: =J21-I21 -> 0
A22: 權利金收入 | D22: 170000 | G22: 0 | I22: =SUM(B22:H22) -> 170000 | J22: =來源餘絀表!D22 -> 170000 | K22: =J22-I22 -> 0
A23: 利息收入 | B23: 80000 | C23: 15000 | D23: 8668000 | E23: 0 | F23: 200000 | I23: =SUM(B23:H23) -> 8963000 | J23: =來源餘絀表!D23 -> 8963000 | K23: =J23-I23 -> 0
A24: 政府撥入收入 | B24: =B25 -> 3797000000 | C24: =C25 -> 0 | D24: =D25 -> 0 | E24: =E25 -> 0 | F24: =F25 -> 0 | G24: =G25 -> 500000000 | H24: =H25 -> 1652000000 | I24: =SUM(B24:H24) -> 5949000000 | J24: =來源餘絀表!D24 -> 5949000000 | K24: =J24-I24 -> 0
A25: 國庫撥款收入 | B25: 3797000000 | F25: 0 | G25: 500000000 | H25: 1652000000 | I25: =SUM(B25:H25) -> 5949000000 | J25: =來源餘絀表!D25 -> 5949000000 | K25: =J25-I25 -> 0
A26: 其他收入 | B26: =SUM(B27:B28) -> 87000 | C26: =C27 -> 0 | D26: =D27 -> 534000 | E26: =E27 -> 0 | F26: =F27 -> 0 | G26: =G27 -> 0 | H26: =H27 -> 1000000 | I26: =SUM(B26:H26) -> 1621000 | J26: =來源餘絀表!D26 -> 1621000 | K26: =J26-I26 -> 0
A27: 雜項收入 | B27: 87000 | D27: 534000 | H27: 1000000 | I27: =SUM(B27:H27) -> 1621000 | J27: =來源餘絀表!D27 -> 1621000 | K27: =J27-I27 -> 0
A28: 收回金融業特別準備 | B28: 0 | I28: =SUM(B28:H28) -> 0 | J28: =來源餘絀表!D28 -> 0 | K28: =J28-I28 -> 0
A29: 基金用途 | B29: =B30+B33+B34+B37+B38+B39+B40+B41+B65+B42+B43+B44 -> 2528071000 | C29: =C51 -> 1141000 | D29: =D45+D46+D49+D54 -> 130924000 | E29: =E54+E65 -> 0 | F29: =F50 -> 0 | G29: =G55+G56+G57+G58 -> 210610000 | H29: =H59+H62 -> 497354000 | I29: =SUM(B29:H29) -> 3368100000 | J29: =J30+J33+J34+J37+J38+J39+J40+J41+J42+J43+J44+J45+J46+J49+J50+J51+J52+J53+J54+J55+J56+J57+J59+J62+J65+J74 -> 3368100000 | K29: =J29-I29 -> 0
A30: 農業研究、實驗、技術 改進計畫 | B30: =SUM(B31:B32) -> 1669000 | C30: =SUM(C31:C32) -> 0 | D30: =SUM(D31:D32) -> 0 | E30: =SUM(E31:E32) -> 0 | F30: =SUM(F31:F32) -> 0 | G30: =SUM(G31:G32) -> 0 | I30: =SUM(B30:H30) -> 1669000 | J30: =來源餘絀表!D30 -> 1669000 | K30: =J30-I30 -> 0
A31: 購建固定資產 | B31: 885000 | G31: 0 | I31: =SUM(B31:H31) -> 885000 | J31: =來源餘絀表!D31 -> 885000 | K31: =J31-I31 -> 0
A32: 其他 | B32: 784000 | I32: =SUM(B32:H32) -> 784000 | J32: =來源餘絀表!D32 -> 784000 | K32: =J32-I32 -> 0
A33: 農業貸款利息差額補貼 計畫 | B33: 1319120000 | I33: =SUM(B33:H33) -> 1319120000 | J33: =來源餘絀表!D33 -> 1319120000 | K33: =J33-I33 -> 0
A34: 糧政業務計畫 | B34: =SUM(B35:B36) -> 955666000 | C34: =SUM(C35:C36) -> 0 | D34: =SUM(D35:D36) -> 0 | E34: =SUM(E35:E36) -> 0 | F34: =SUM(F35:F36) -> 0 | G34: =SUM(G35:G36) -> 0 | I34: =SUM(B34:H34) -> 955666000 | J34: =來源餘絀表!D34 -> 955666000 | K34: =J34-I34 -> 0
A35: 購建固定資產 | B35: 60000 | I35: =SUM(B35:H35) -> 60000 | J35: =來源餘絀表!D35 -> 60000 | K35: =J35-I35 -> 0
A36: 其他 | B36: 955606000 | I36: =SUM(B36:H36) -> 955606000 | J36: =來源餘絀表!D36 -> 955606000 | K36: =J36-I36 -> 0
A37: 穩定肥料及相關資材供需計畫 | B37: 106000000 | I37: =SUM(B37:H37) -> 106000000 | J37: =來源餘絀表!D37 -> 106000000 | K37: =J37-I37 -> 0
A38: 產銷調節緊急處理計畫 | B38: 5000000 | I38: =SUM(B38:H38) -> 5000000 | J38: =來源餘絀表!D38 -> 5000000 | K38: =J38-I38 -> 0
A39: 農漁民子女就學獎助學 金補助計畫 | B39: 0 | I39: =SUM(B39:H39) -> 0 | J39: =來源餘絀表!D39 -> 0 | K39: =J39-I39 -> 0
A40: 豬隻死亡保險業務計畫 | B40: 85000000 | I40: =SUM(B40:H40) -> 85000000 | J40: =來源餘絀表!D40 -> 85000000 | K40: =J40-I40 -> 0
A41: 家禽流行性感冒防疫計畫 | B41: 5000000 | I41: =SUM(B41:H41) -> 5000000 | J41: =來源餘絀表!D41 -> 5000000 | K41: =J41-I41 -> 0
A42: 輔導菸農轉型與檳榔廢 園轉作計畫 | B42: 2000000 | I42: =SUM(B42:H42) -> 2000000 | J42: =來源餘絀表!D42 -> 2000000 | K42: =J42-I42 -> 0
A43: 處理農會漁會信用部計畫 | B43: 48616000 | I43: =SUM(B43:H43) -> 48616000 | J43: =來源餘絀表!D43 -> 48616000 | K43: =J43-I43 -> 0
A44: 離農獎勵計畫 | B44: 0 | I44: =SUM(B44:H44) -> 0 | J44: =來源餘絀表!D44 -> 0 | K44: =J44-I44 -> 0
A45: 全民造林計畫 | D45: 28336000 | I45: =SUM(B45:H45) -> 28336000 | J45: =來源餘絀表!D45 -> 28336000 | K45: =J45-I45 -> 0
A46: 森林遊樂及森林鐵路經 營管理計畫 | C46: =SUM(C47:C48) -> 0 | D46: =SUM(D47:D48) -> 83648000 | E46: =SUM(E47:E48) -> 0 | F46: =SUM(F47:F48) -> 0 | G46: =SUM(G47:G48) -> 0 | I46: =SUM(B46:H46) -> 83648000 | J46: =來源餘絀表!D46 -> 83648000 | K46: =J46-I46 -> 0
A47: 購建固定資產 | D47: 28785000 | I47: =SUM(B47:H47) -> 28785000 | J47: =來源餘絀表!D47 -> 28785000 | K47: =J47-I47 -> 0
A48: 其他 | D48: 54863000 | I48: =SUM(B48:H48) -> 54863000 | J48: =來源餘絀表!D48 -> 54863000 | K48: =J48-I48 -> 0
A49: 獎勵輔導造林計畫 | D49: 15440000 | I49: =SUM(B49:H49) -> 15440000 | J49: =來源餘絀表!D49 -> 15440000 | K49: =J49-I49 -> 0
A50: 農業天然災害救助計畫 | I50: =SUM(B50:H50) -> 0 | J50: =來源餘絀表!D51 -> 0 | K50: =J50-I50 -> 0
A51: 漁業發展補助計畫 | C51: 1141000 | I51: =SUM(B51:H51) -> 1141000 | J51: =來源餘絀表!D52 -> 1141000 | K51: =J51-I51 -> 0
A52: 漁業用油補貼計畫 | I52: =SUM(B52:H52) -> 0 | J52: =來源餘絀表!D53 -> 0 | K52: =J52-I52 -> 0
A53: 加強水產品技術研發與 改進計畫 | I53: =SUM(B53:H53) -> 0 | J53: =來源餘絀表!D54 -> 0 | K53: =J53-I53 -> 0
A54: 造林貸款及山坡地開發利 用回饋金繳交管理計畫 | D54: 3500000 | I54: =SUM(B54:H54) -> 3500000 | J54: =來源餘絀表!D50 -> 3500000 | K54: =J54-I54 -> 0
A55: 調整產業或防範措施計畫 | C55: 0 | D55: 0 | E55: 0 | F55: 0 | G55: 132810000 | I55: =SUM(B55:H55) -> 132810000 | J55: =來源餘絀表!D55 -> 132810000 | K55: =J55-I55 -> 0
A56: 進口損害救助及穩價計畫 | G56: 0 | I56: =SUM(B56:H56) -> 0 | J56: =來源餘絀表!D56 -> 0 | K56: =J56-I56 -> 0
A57: 調整耕作制度活化農地計畫 | G57: 77800000 | I57: =SUM(B57:H57) -> 77800000 | J57: =來源餘絀表!D57 -> 77800000 | K57: =J57-I57 -> 0
A58: 農產品進口管理計畫 | G58: 0 | I58: =SUM(B58:H58) -> 0
A59: 農村再生規劃及人力培育計畫 | H59: =SUM(H60:H61) -> 68084000 | I59: =SUM(B59:H59) -> 68084000 | J59: =來源餘絀表!D59 -> 68084000 | K59: =J59-I59 -> 0
A60: 購建固定資產 | H60: 899000 | I60: =SUM(B60:H60) -> 899000 | J60: =來源餘絀表!D60 -> 899000 | K60: =J60-I60 -> 0
A61: 其他 | H61: 67185000 | I61: =SUM(B61:H61) -> 67185000 | J61: =來源餘絀表!D61 -> 67185000 | K61: =J61-I61 -> 0
A62: 農村再生建設及發展計畫 | H62: =H63+H64 -> 429270000 | I62: =SUM(B62:H62) -> 429270000 | J62: =來源餘絀表!D62 -> 429270000 | K62: =J62-I62 -> 0
A63: 購建固定資產 | H63: 35764000 | I63: =SUM(B63:H63) -> 35764000 | J63: =來源餘絀表!D63 -> 35764000 | K63: =J63-I63 -> 0
A64: 其他 | H64: 393506000 | I64: =SUM(B64:H64) -> 393506000 | J64: =來源餘絀表!D64 -> 393506000 | K64: =J64-I64 -> 0
A65: 一般行政管理 | I65: =SUM(B65:H65) -> 0 | J65: =來源餘絀表!D65 -> 0 | K65: =J65-I65 -> 0
A66: 農發基金 | B66: 80000 | I66: =SUM(B66:H66) -> 80000 | J66: =來源餘絀表!D66 -> 80000 | K66: =J66-I66 -> 0
A67: 漁發 | I67: =SUM(B67:H67) -> 0 | J67: =來源餘絀表!D67 -> 0 | K67: =J67-I67 -> 0
A68: 自然 | I68: =SUM(B68:H68) -> 0 | J68: =來源餘絀表!D68 -> 0 | K68: =J68-I68 -> 0
A69: 造林 | I69: =SUM(B69:H69) -> 0 | J69: =來源餘絀表!D69 -> 0 | K69: =J69-I69 -> 0
A70: 漁平 | I70: =SUM(B70:H70) -> 0 | J70: =來源餘絀表!D70 -> 0 | K70: =J70-I70 -> 0
A71: 天災 | I71: =SUM(B71:H71) -> 0 | J71: =來源餘絀表!D71 -> 0 | K71: =J71-I71 -> 0
A72: 農損 | I72: =SUM(B72:H72) -> 0 | J72: =來源餘絀表!D72 -> 0 | K72: =J72-I72 -> 0
A73: 再生 | I73: =SUM(B73:H73) -> 0 | J73: =來源餘絀表!D73 -> 0 | K73: =J73-I73 -> 0
A74: 解繳國庫計畫 | I74: =SUM(B74:H74) -> 0 | J74: =來源餘絀表!D74 -> 0 | K74: =J74-I74 -> 0
A75: 建購固定資產小計 | I75: =SUM(B75:H75) -> 0 | K75: =J75-I75 -> 0
A76: 房屋及建築 | I76: =SUM(B76:H76) -> 0 | K76: =J76-I76 -> 0
A77: 土地 | I77: =SUM(B77:H77) -> 0 | K77: =J77-I77 -> 0
A78: 土地改良物 | I78: =SUM(B78:H78) -> 0 | K78: =J78-I78 -> 0
A79: 機械及設備 | I79: =SUM(B79:H79) -> 0 | K79: =J79-I79 -> 0
A80: 交通及運輸設備 | I80: =SUM(B80:H80) -> 0 | K80: =J80-I80 -> 0
A81: 什項設備 | I81: =SUM(B81:H81) -> 0 | K81: =J81-I81 -> 0
A82: 無形資產 | I82: =SUM(B82:H82) -> 0 | K82: =J82-I82 -> 0
A83: 其他小計 | I83: =SUM(B83:H83) -> 0 | J83: =來源餘絀表!D83 -> 3948157000
A84: 合 計 | I84: =SUM(B84:H84) -> 0 | K84: =J84-I84 -> 0
A85: 本期賸餘（短絀－） | B85: =B10-B29 -> 1545246000 | C85: =C10-C29 -> -1126000 | D85: =D10-D29 -> -64865000 | E85: =E10-E29 -> 0 | F85: =F10-F29 -> 200000 | G85: =G10-G29 -> 289390000 | H85: =H10-H29 -> 1155646000 | I85: =SUM(B85:H85) -> 2924491000 | J85: =來源餘絀表!D85 -> 2924491000 | K85: =J85-I85 -> 0
A86: 期初基金餘額 | B86: =B101+B102 -> 13780210000 | C86: =C101+C102 -> 235687000 | D86: =D101+D102 -> 6036423000 | E86: =E101+E102 -> 0 | F86: =F101+F102 -> -400000 | G86: =G101+G102 -> 2068730000 | H86: =H101+H102 -> 34298041000 | I86: =SUM(B86:H86) -> 56418691000 | J86: =來源餘絀表!D86 -> 56418691000 | K86: =J86-I86 -> 0
A87: 解繳國庫 | B87: 0 | C87: 0 | D87: 0 | E87: 0 | F87: 0 | G87: 0 | H87: 0 | I87: =SUM(B87:H87) -> 0 | J87: =來源餘絀表!D87 -> 0 | K87: =J87-I87 -> 0
A88: 期末基金餘額 | B88: =B85+B86 -> 15325456000 | C88: =C85+C86 -> 234561000 | D88: =D85+D86 -> 5971558000 | E88: =E85+E86 -> 0 | F88: =F85+F86 -> -200000 | G88: =G85+G86 -> 2358120000 | H88: =H85+H86 -> 35453687000 | I88: =SUM(B88:H88) -> 59343182000 | J88: =來源餘絀表!D88 -> 59343182000 | K88: =J88-I88 -> 0
A89: 1月份本期餘絀 | B89: -360675000 | C89: -1177000 | D89: 78604000 | F89: 314323000 | G89: 1312315000 | H89: 214976000
A90: 2月份本期餘絀 | B90: -515350000 | C90: -1044000 | D90: 73011000 | F90: 0 | G90: -63096000 | H90: 77239000
A91: 3月份本期餘絀 | B91: -285830000 | C91: -2072000 | D91: -5116000 | F91: 0 | G91: 303726000 | H91: -102976000
A92: 4月份本期餘絀 | B92: -248361000 | C92: -3042000 | D92: 2623000 | F92: 0 | G92: 302824000 | H92: 10831000
A93: 5月份本期餘絀 | B93: 1325865000 | C93: -984000 | D93: -27267000 | E93: 0 | F93: 0 | G93: 472007000 | H93: 42844000
A94: 6月份本期餘絀
A95: 7月份本期餘絀
A96: 8月份本期餘絀
A97: 9月份本期餘絀
A98: 10月份本期餘絀
A99: 11月份本期餘絀
A100: 12月份本期餘絀
A101: 累計本期餘絀 | B101: =SUM(B89:B100) -> -84351000 | C101: =SUM(C89:C100) -> -8319000 | D101: =SUM(D89:D100) -> 121855000 | E101: =SUM(E89:E100) -> 0 | F101: =SUM(F89:F100) -> 314323000 | G101: =SUM(G89:G100) -> 2327776000 | H101: =SUM(H89:H100) -> 242914000 | I101: =SUM(B101:H101) -> 2914198000
A102: 105年底累積餘絀(106預算案) | B102: 13864561000 | C102: 244006000 | D102: 5914568000 | F102: -314723000 | G102: -259046000 | H102: 34055127000 | I102: =SUM(B102:H102) -> 53504493000

Sheet 綜平
A1: 日期更新
A2: 農 業 特 別 收 入 基 金
A3: 平 衡 表
A4: 中 華 民 國 106年 6 月份
J5: 單位：新臺幣元
A6: 資 產 | D6: 金 額 | E6: ％ | F6: 負 債 及 基 金 餘 額 | I6: 金 額 | J6: ％
A7: 科 目 名 稱 | B7: 編 號 | C7: 檢查 號碼 | F7: 科 目 名 稱 | G7: 編 號 | H7: 檢查 號碼
A8: 資 產 | B8: 1 | C8: 0 | D8: =+D9+D46+D56 -> 9.2563305e+10 | E8: 100 | F8: 負 債 | G8: 2 | H8: 9 | I8: =I9+I26 -> 29590246364 | J8: =J9+J26 -> 31.98
A9: 一、流動資產 | B9: 11 | C9: 8 | D9: =+D10+D15+D17+D26+D36+D43 -> 6.9273015e+10 | E9: =+E10+E15+E17+E26+E36+E43 -> 74.84 | F9: 一、流動負債 | G9: 21 | H9: 7 | I9: =+I10+I12+I18 -> 7028723382 | J9: =+J10+J12+J18 -> 7.6 | K9: =J10+J12+J18 -> 7.6
A10: 1.現金 | B10: 111 | C10: 5 | D10: =SUM(D11:D14) -> 5.0054678e+10 | E10: =ROUND(D10/$D$8*100,2) -> 54.08 | F10: 1.短期債務 | G10: 211 | H10: 4 | I10: =+I11 -> 3034666348 | J10: =+J11 -> 3.28
A11: (1)庫存現金 | B11: 1111 | C11: 1 | D11: ='各－平衡表'!I11 -> 0 | E11: =ROUND(D11/$D$8*100,2) -> 0 | F11: (1)短期借款 | G11: 2112 | H11: 7 | I11: ='各－平衡表'!I82 -> 3034666348 | J11: =ROUND(I11/$I$65*100,2) -> 3.28
A12: (2)銀行存款 | B12: 1112 | C12: 8 | D12: ='各－平衡表'!I12 -> 5.0051935e+10 | E12: =ROUND(D12/$D$8*100,2) -> 54.07 | F12: 2.應付款項 | G12: 212 | H12: 1 | I12: =SUM(I13:I17) -> 3596958335 | J12: =SUM(J13:J17) -> 3.89
A13: (3)零用及週轉金 | B13: 1113 | C13: 4 | D13: ='各－平衡表'!I13 -> 2743980 | E13: =ROUND(D13/$D$8*100,2) -> 0 | F13: (1)應付帳款 | G13: 2122 | H13: 4 | I13: ='各－平衡表'!I84 -> 2458312675 | J13: =ROUND(I13/$I$65*100,2) -> 2.66
A14: (4)匯撥中現金 | B14: 1114 | C14: A | D14: ='各－平衡表'!I14 -> 0 | E14: =ROUND(D14/$D$8*100,2) -> 0 | F14: (2)應付代收款 | G14: 2123 | H14: A | I14: ='各－平衡表'!I85 -> 19018012 | J14: =ROUND(I14/$I$65*100,2) -> 0.02
A15: 2.短期投資 | B15: 112 | C15: 2 | D15: =D16 -> 1238065.9 | E15: =ROUND(D15/$D$8*100,2) -> 0 | F15: (3)應付費用 | G15: 2125 | H15: 3 | I15: ='各－平衡表'!I86 -> 6168856 | J15: =ROUND(I15/$I$65*100,2) -> 0.01
A16: (1)有價證券 | B16: 1122 | C16: 5 | D16: ='各－平衡表'!I16 -> 1238065.9 | E16: =ROUND(D16/$D$8*100,2) -> 0 | F16: (4)應付利息 | G16: 2127 | H16: 6 | I16: ='各－平衡表'!I87 -> 1104437000 | J16: =ROUND(I16/$I$65*100,2) -> 1.19
A17: 3.應收款項 | B17: 113 | C17: 0 | D17: =SUM(D18:D25) -> 156459269 | E17: =SUM(E18:E24) -> 0.18 | F17: (5)其他應付款 | G17: 212Y | H17: 1 | I17: ='各－平衡表'!I88 -> 9021792 | J17: =ROUND(I17/$I$65*100,2) -> 0.01
A18: (1)應收票據 | B18: 1131 | C18: 6 | D18: ='各－平衡表'!I18 -> 0 | E18: =ROUND(D18/$D$8*100,2) -> 0 | F18: 3.預收款項 | G18: 213 | H18: 9 | I18: =SUM(I19:I23) -> 397098699 | J18: =SUM(J19:J23) -> 0.43
A19: (2)應收帳款 | B19: 1133 | C19: 9 | D19: ='各－平衡表'!I19 -> 71165635 | E19: =ROUND(D19/$D$8*100,2) -> 0.08 | F19: (1)預收收入 | G19: 2133 | H19: 5 | I19: ='各－平衡表'!I90 -> 1659821 | J19: =ROUND(I19/$I$65*100,2) -> 0
A20: (3)備抵呆帳-應收帳款 | B20: 1134 | C20: 5 | D20: ='各－平衡表'!I20 -> -227476 | E20: =ROUND(D20/$D$8*100,2) -> 0 | F20: (2)預收定金 | G20: 2134 | H20: 4 | I20: ='各－平衡表'!I91 -> 7461129 | J20: =ROUND(I20/$I$65*100,2) -> 0.01
A21: (4)留抵稅額 | B21: 113D | C21: 9 | D21: ='各－平衡表'!I21 -> 0 | E21: =ROUND(D21/$D$8*100,2) -> 0 | F21: (3)預收貨款 | G21: 2131 | H21: 5 | I21: ='各－平衡表'!I92 -> 382489887 | J21: =ROUND(I21/$I$65*100,2) -> 0.41
A22: (5)應收收益 | B22: 1138 | C22: A | D22: ='各－平衡表'!I22 -> 0 | E22: =ROUND(D22/$D$8*100,2) -> 0 | F22: (4)銷項稅額 | G22: 2135 | H22: A | I22: ='各－平衡表'!I93 -> 0 | J22: =ROUND(I22/$I$65*100,2) -> 0
A23: (6)應收利息 | B23: 1139 | C23: 7 | D23: ='各－平衡表'!I23 -> 16138085 | E23: =ROUND(D23/$D$8*100,2) -> 0.02 | F23: (5)其他預收款 | G23: 213Y | H23: 1 | I23: ='各－平衡表'!I94 -> 5487862 | J23: =ROUND(I23/$I$65*100,2) -> 0.01
A24: (7)其他應收款 | B24: 113Y | C24: 0 | D24: ='各－平衡表'!I24 -> 71967080 | E24: =ROUND(D24/$D$8*100,2) -> 0.08
A25: (8)備抵呆帳-其他各項應收款 | B25: 113Z | C25: 5 | D25: ='各－平衡表'!I25 -> -2584055 | E25: =ROUND(D25/$D$8*100,2) -> 0
A26: 4.存貨 | B26: 114 | C26: 7 | D26: =SUM(D27:D35) -> 12460686976 | E26: =SUM(E27:E35) -> 13.45 | F26: 二、其他負債 | G26: 22 | H26: 5 | I26: =I27+I34 -> 22561522982 | J26: =J27+J34 -> 24.38
A27: (1)原 料 | B27: 0 | C27: 0 | D27: ='各－平衡表'!I27 -> 0 | E27: =ROUND(D27/$D$8*100,2) -> 0 | F27: 1.什項負債 | G27: 221 | H27: 2 | I27: =SUM(I28:I33) -> 692538823 | J27: =SUM(J28:J33) -> 0.75
A28: (2)物 料 | B28: 1141 | C28: 3 | D28: ='各－平衡表'!I28 -> 12055579 | E28: =ROUND(D28/$D$8*100,2) -> 0.01 | F28: (1)存入保證金 | G28: 2211 | H28: 9 | I28: ='各－平衡表'!I102 -> 306491654 | J28: =ROUND(I28/$I$65*100,2) -> 0.33
A29: (3)商品存貨 | B29: 1142 | C29: 5 | D29: ='各－平衡表'!I30 -> 1600494 | E29: =ROUND(D29/$D$8*100,2) -> 0 | F29: (2)應付保管款 | G29: 2212 | H29: 5 | I29: ='各－平衡表'!I103 -> 0 | J29: =ROUND(I29/$I$65*100,2) -> 0
A30: (4)在製品 | B30: 1143 | C30: 6 | D30: ='各－平衡表'!I32 -> 3034141 | E30: =ROUND(D30/$D$8*100,2) -> 0 | F30: (3)應付退休及離職金 | G30: 2213 | H30: 1 | I30: ='各－平衡表'!I104 -> 0 | J30: =ROUND(I30/$I$65*100,2) -> 0
A31: (5)製成品 | B31: 1144 | C31: 2 | D31: ='各－平衡表'!I33 -> 2131906 | E31: =ROUND(D31/$D$8*100,2) -> 0 | F31: (4)暫收及待結轉帳項 | G31: 2215 | H31: 4 | I31: ='各－平衡表'!I105 -> 69470576 | J31: =ROUND(I31/$I$65*100,2) -> 0.08
A32: (6)在植農作物 | B32: 114B | C32: 0 | D32: ='各－平衡表'!I34 -> 0 | E32: =ROUND(D32/$D$8*100,2) -> 0 | F32: (5)其他什項負債 | G32: 221Y | H32: 9 | I32: ='各－平衡表'!I106 -> 0 | J32: =ROUND(I32/$I$65*100,2) -> 0
A33: (7)農產品 | B33: 1147 | C33: 1 | D33: ='各－平衡表'!I35 -> 21524030561 | E33: =ROUND(D33/$D$8*100,2) -> 23.25 | F33: (6)應付代管資產 | G33: 2214 | H33: 8 | I33: ='各－平衡表'!I107 -> 316576593 | J33: =ROUND(I33/$I$65*100,2) -> 0.34
A34: (8)畜產品 | B34: 1149 | C34: 4 | D34: ='各－平衡表'!I36 -> 0 | E34: =ROUND(D34/$D$8*100,2) -> 0 | F34: 2.負債準備 | G34: 223 | I34: =I35 -> 21868984159 | J34: =ROUND(I34/$I$65*100,2) -> 23.63
A35: (9)備抵存貨跌價短絀 | B35: 114Z | C35: 6 | D35: ='各－平衡表'!I37 -> -9082165705 | E35: =ROUND(D35/$D$8*100,2) -> -9.81 | F35: (1)金融業特別準備 | G35: 2231 | I35: ='各－平衡表'!I109 -> 21868984159 | J35: =ROUND(I35/$I$65*100,2) -> 23.63 | K35: 來源餘絀表
A36: 5.預付款項 | B36: 115 | C36: 4 | D36: =SUM(D37:D42) -> 3562008517 | E36: =SUM(E37:E42) -> 3.85 | F36: 基 金 餘 額 | G36: 3 | H36: 8 | I36: =+I37 -> 6.2973058e+10 | J36: =+J37 -> 68.03 | K36: =來源餘絀表!G88 -> 6.2973058e+10
A37: (1)預付貨款 | B37: 1151 | C37: A | D37: ='各－平衡表'!I39 -> 2153932674 | E37: =ROUND(D37/$D$8*100,2) -> 2.33 | F37: 一、基金餘額 | G37: 31 | H37: 6 | I37: =I38 -> 6.2973058e+10 | J37: =ROUND(I37/$D$8*100,2) -> 68.03 | K37: =K36-I36 -> 0
A38: (2)用品盤存 | B38: 1153 | C38: 3 | D38: ='各－平衡表'!I40 -> 0 | E38: =ROUND(D38/$D$8*100,2) -> 0 | F38: 1.基金餘額 | G38: 311 | H38: 3 | I38: =I39+I40-I41 -> 6.2973058e+10 | J38: =ROUND(I38/$D$8*100,2) -> 68.03 | K38: 核對
A39: (3)預付費用 | B39: 1154 | C39: 0 | D39: ='各－平衡表'!I41 -> 1401016610 | E39: =ROUND(D39/$D$8*100,2) -> 1.51 | F39: (1)累積餘額 | G39: 3111 | H39: 0 | I39: ='各－平衡表'!I114 -> 5.6459958e+10 | J39: =ROUND(I39/$D$8*100,2) -> 61 | K39: 來源餘絀表
A40: (4)進項稅額 | B40: 1156 | C40: 2 | D40: ='各－平衡表'!I42 -> 0 | E40: =ROUND(D40/$D$8*100,2) -> 0 | F40: (2)本期賸餘 | G40: 3112 | H40: 6 | I40: ='各－平衡表'!I115 -> 6513100692 | J40: =ROUND(I40/$D$8*100,2) -> 7.04 | K40: =來源餘絀表!G85 -> 6513100692 | L40: ＊12月份平衡表本期賸餘及本期短絀應為0，
A41: (5)預付繳庫數 | B41: 1158 | C41: 5 | D41: ='各－平衡表'!I43 -> 0 | E41: =ROUND(D41/$D$8*100,2) -> 0 | F41: (3)本期短絀 | G41: 3113 | H41: 3 | I41: ='各－平衡表'!I116 -> 0 | K41: 差異 | L41: 要結轉至累積餘額，月報表達請與決算書一致。
A42: (6)其他預付款 | B42: 115Y | C42: 4 | D42: ='各－平衡表'!I44 -> 7059233 | E42: =ROUND(D42/$D$8*100,2) -> 0.01 | K42: =I40-K40 -> 0
A43: 6.短期貸墊款 | B43: 116 | C43: 1 | D43: =SUM(D44:D45) -> 3037944181 | E43: =SUM(E44:E45) -> 3.28
A44: (1)短期墊款 | B44: 1161 | C44: 8 | D44: ='各－平衡表'!I46 -> 3037944181 | E44: =ROUND(D44/$D$8*100,2) -> 3.28
A45: (2)短期貸款 | B45: 1162 | C45: 1 | D45: ='各－平衡表'!I47 -> 0 | E45: =ROUND(D45/$D$8*100,2) -> 0
A46: 二、投資、長期應收款項、貸墊款及準備金 | B46: 12 | C46: 6 | D46: =+D47+D49+D52+D54 -> 22572108201 | E46: =+E47+E49+E54+E52 -> 24.39
A47: 1.長期應收款項 | B47: 121 | C47: 3 | D47: =D48 -> 0 | E47: =E48 -> 0
A48: (1)長期應收款 | B48: 1213 | C48: 2 | D48: ='各－平衡表'!I50 -> 0 | E48: =ROUND(D48/$D$8*100,2) -> 0
A49: 2.長期貸款 | B49: 122 | C49: A | D49: =SUM(D50:D51) -> 14525021 | E49: =SUM(E50:E51) -> 0.02
A50: (1)其他長期貸款 | B50: 122Y | C50: A | D50: ='各－平衡表'!I53 -> 14525021 | E50: =ROUND(D50/$D$8*100,2) -> 0.02
A51: (2)備抵呆帳-其他長期貸款(-) | B51: 122Z | C51: 2 | D51: ='各－平衡表'!I54 -> 0 | E51: =ROUND(D51/$D$8*100,2) -> 0
A52: 3.長期墊款 | B52: 123 | C52: 5 | D52: =D53 -> 681292511 | E52: =E53 -> 0.74
A53: (1)其他長期墊款 | B53: 123Y | C53: 5 | D53: ='各－平衡表'!I56 -> 681292511 | E53: =ROUND(D53/$D$8*100,2) -> 0.74
A54: 4.準備金 | B54: 124 | C54: 5 | D54: =D55 -> 21876290669 | E54: =ROUND(D54/$D$8*100,2) -> 23.63
A55: (1)其他準備金 | B55: 124Y | C55: 1 | D55: ='各－平衡表'!I57 -> 21876290669 | E55: =ROUND(D55/$D$8*100,2) -> 23.63
A56: 三、其他資產 | B56: 13 | C56: 4 | D56: =D57+D63 -> 7.1818113e+08 | E56: =E57+E63 -> 0.76
A57: 1.什項資產 | B57: 131 | C57: 1 | D57: =SUM(D58:D62) -> 7.1818113e+08 | E57: =SUM(E58:E62) -> 0.76
A58: (1)存出保證金 | B58: 1311 | C58: 8 | D58: ='各－平衡表'!I62 -> 92808533 | E58: =ROUND(D58/$D$8*100,2) -> 0.1
A59: (2)催收款項 | B59: 1313 | C59: A | D59: ='各－平衡表'!I63 -> 6.8875038e+08 | E59: =ROUND(D59/$D$8*100,2) -> 0.74
A60: (3)備抵呆帳-催收款項(-) | B60: 1314 | C60: 7 | D60: ='各－平衡表'!I64 -> -4.6769844e+08 | E60: =ROUND(D60/$D$8*100,2) -> -0.51
A61: (4)暫付及待結轉帳項 | B61: 1315 | C61: 3 | D61: ='各－平衡表'!I65 -> 87744063 | E61: =ROUND(D61/$D$8*100,2) -> 0.09
A62: (5)代管資產 | B62: 1316 | C62: 0 | D62: ='各－平衡表'!I66 -> 316576593 | E62: =ROUND(D62/$D$8*100,2) -> 0.34
A63: 2.內部往來 | B63: 133 | C63: 6 | D63: =SUM(D64:D64) -> 0 | E63: =E64 -> 0
A64: (1)內部往來 | B64: 1331 | C64: 2 | D64: ='各－平衡表'!I71 -> 0 | E64: =ROUND(D64/$D$8*100,2) -> 0
A65: 合 計 | D65: =D8 -> 9.2563305e+10 | E65: =E8 -> 100 | F65: 合 計 | I65: =I8+I36 -> 9.2563305e+10 | J65: 100
A66: 信託代理與保證資產 | B66: 14 | D66: ='各－平衡表'!I119 -> 5.7419931e+09 | F66: 信託代理與保證負債 | G66: 23 | I66: ='各－平衡表'!I119 -> 5.7419931e+09
B67: 借貸差異 | D67: =D65-I65 -> 0
D68: 全部基金合計 | F68: 林務發展 | I68: 農損基金
D69: =D70+D71 -> 5.7419931e+09 | F69: =F70+F71 -> 0 | I69: =I70 -> 0 | K69: =SUM(D69:I69) -> 5.7419931e+09
A70: 保證品 | C70: 品 | D70: ='各－平衡表'!I127 -> 5.7406931e+09 | K70: =SUM(D70:I70) -> 5.7406931e+09
A71: 保管有價證券 | C71: 証券 | D71: ='各－平衡表'!I125 -> 1300000 | K71: =SUM(D71:I71) -> 1300000

Sheet 各－平衡表
E1: 行 政 院 農 | F1: 業 委 員 會
E2: =綜平!A2 -> 農 業 特 別 收 入 基 金
A3: 自己登打 | E3: 平 | F3: 衡表
E4: =綜平!A4 -> 中 華 民 國 106年 6 月份
B5: ＊ | C5: ＊ | D5: ＊ | E5: ＊ | F5: ＊ | G5: ＊ | H5: ＊
A6: 分基金名稱 會計科目 | B6: 農業發展基金 | C6: 漁業發 展基金 | D6: 林務發展暨 造林基金 | E6: 漁產平 準基金 | F6: 農業天然災 害救助基金 | G6: 農業受進口損害 基 金 | H6: 農村再生基金 | I6: 合 計
A7: 資 產 | B7: =+B9+B49+B60 -> 4.3493505e+10 | C7: =+C9+C49+C60 -> 246633228 | D7: =+D9+D49+D60 -> 7530767090 | E7: =+E9+E49+E60 -> 0 | F7: =+F9+F49+F60 -> 667935495 | G7: =+G9+G49+G60 -> 4.0135008e+09 | H7: =+H9+H49+H60 -> 36610963079 | I7: =SUM(B7:H7) -> 9.2563305e+10
A9: 流動資產 | B9: =+B10+B15+B17+B26+B38+B45 -> 2.0700555e+10 | C9: =+C10+C15+C17+C26+C38+C45 -> 246633228 | D9: =+D10+D15+D17+D26+D38+D45 -> 7046901368 | E9: =+E10+E15+E17+E26+E38+E45 -> 0 | F9: =+F10+F15+F17+F26+F38+F45 -> 667935495 | G9: =+G10+G15+G17+G26+G38+G45 -> 4.0000277e+09 | H9: =+H10+H15+H17+H26+H38+H45 -> 36610963079 | I9: =SUM(B9:H9) -> 6.9273015e+10
A10: 現金 | B10: =SUM(B11:B14) -> 6.0184015e+09 | C10: =SUM(C11:C14) -> 227430589 | D10: =SUM(D11:D14) -> 6943585418 | E10: =SUM(E11:E14) -> 0 | F10: =SUM(F11:F14) -> 340044995 | G10: =SUM(G11:G14) -> 3.2071462e+09 | H10: =SUM(H11:H14) -> 33318069727 | I10: =SUM(B10:H10) -> 5.0054678e+10
A11: 庫存現金 | D11: 0 | I11: =SUM(B11:H11) -> 0
A12: 銀行存款 | B12: 6.0177515e+09 | C12: 227429609 | D12: 6941972418 | F12: 340044995 | G12: 3.2071462e+09 | H12: 33317589727 | I12: =SUM(B12:H12) -> 5.0051935e+10
A13: 零用及週轉金 | B13: 650000 | C13: 980 | D13: 1613000 | H13: 480000 | I13: =SUM(B13:H13) -> 2743980
A14: 匯撥中現金 | B14: 0 | I14: =SUM(B14:H14) -> 0
A15: 短期投資 | B15: =B16 -> 1238065.9 | C15: =C16 -> 0 | D15: =D16 -> 0 | E15: =E16 -> 0 | F15: =F16 -> 0 | G15: =G16 -> 0 | H15: =H16 -> 0 | I15: =SUM(B15:H15) -> 1238065.9
A16: 有價證券 | B16: 1238065.9 | I16: =SUM(B16:H16) -> 1238065.9
A17: 應收款項 | B17: =SUM(B18:B25) -> 51710935 | C17: =SUM(C18:C24) -> 19202639 | D17: =SUM(D18:D24) -> 85092699 | E17: =SUM(E18:E24) -> 0 | F17: =SUM(F18:F25) -> 27996 | G17: =SUM(G18:G24) -> 0 | H17: =SUM(H18:H24) -> 425000 | I17: =SUM(B17:H17) -> 156459269
A18: 應收票據 | I18: =SUM(B18:H18) -> 0
A19: 應收帳款 | B19: 16664799 | D19: 54500836 | I19: =SUM(B19:H19) -> 71165635
A20: 備抵呆帳-應收帳款(-) | B20: -227476 | I20: =SUM(B20:H20) -> -227476
A21: 留抵稅額 | I21: =SUM(B21:H21) -> 0
A22: 應收收益 | I22: =SUM(B22:H22) -> 0
A23: 應收利息 | B23: 3032027 | C23: 159754 | D23: 12946304 | H23: 0 | I23: =SUM(B23:H23) -> 16138085
A24: 其他應收款 | B24: 34825640 | C24: 19042885 | D24: 17645559 | F24: 27996 | H24: 425000 | I24: =SUM(B24:H24) -> 71967080
A25: 備抵呆帳-其他應收款(-) | B25: -2584055 | I25: =SUM(B25:H25) -> -2584055
A26: 存貨 | B26: =SUM(B27:B37) -> 12459086482 | C26: =SUM(C27:C37) -> 0 | D26: =SUM(D27:D37) -> 1600494 | E26: =SUM(E27:E37) -> 0 | F26: =SUM(F27:F37) -> 0 | G26: =SUM(G27:G37) -> 0 | H26: =SUM(H27:H37) -> 0 | I26: =SUM(B26:H26) -> 12460686976
A27: 原料 | I27: =SUM(B27:H27) -> 0
A28: 物料 | B28: 12055579 | I28: =SUM(B28:H28) -> 12055579
A29: 燃料 | I29: =SUM(B29:H29) -> 0
A30: 商品存貨 | D30: 1600494 | I30: =SUM(B30:H30) -> 1600494
A31: 副產品 | I31: =SUM(B31:H31) -> 0
A32: 在製品 | B32: 3034141 | I32: =SUM(B32:H32) -> 3034141
A33: 製成品 | B33: 2131906 | I33: =SUM(B33:H33) -> 2131906
A34: 在植農作物 | I34: =SUM(B34:H34) -> 0
A35: 農產品 | B35: 21524030561 | I35: =SUM(B35:H35) -> 21524030561
A36: 畜產品 | I36: =SUM(B36:H36) -> 0
A37: 減：備抵存貨跌價損失(-) | B37: -9082165705 | I37: =SUM(B37:H37) -> -9082165705
A38: 預付款項 | B38: =SUM(B39:B44) -> 2166871434 | C38: =SUM(C39:C44) -> 0 | D38: =SUM(D39:D44) -> 16622757 | E38: =SUM(E39:E44) -> 0 | F38: =SUM(F39:F44) -> 327862504 | G38: =SUM(G39:G44) -> 792849818 | H38: =SUM(H39:H44) -> 257802004 | I38: =SUM(B38:H38) -> 3562008517
A39: 預付貨款 | B39: 2153932674 | I39: =SUM(B39:H39) -> 2153932674
A40: 用品盤存 | B40: 0 | I40: =SUM(B40:H40) -> 0
A41: 預付費用 | B41: 12938760 | C41: 0 | D41: 10315829 | F41: 327862504 | G41: 792849818 | H41: 257049699 | I41: =SUM(B41:H41) -> 1401016610
A42: 進項稅額 | I42: =SUM(B42:H42) -> 0
A43: 預付繳庫數 | I43: =SUM(B43:H43) -> 0
A44: 其他預付款 | D44: 6306928 | H44: 752305 | I44: =SUM(B44:H44) -> 7059233
A45: 短期貸墊款 | B45: =SUM(B46:B47) -> 3246112 | C45: =SUM(C46:C47) -> 0 | D45: =SUM(D46:D47) -> 0 | E45: =SUM(E46:E47) -> 0 | F45: =SUM(F46:F47) -> 0 | G45: =SUM(G46:G47) -> 31721 | H45: =SUM(H46:H47) -> 3034666348 | I45: =SUM(B45:H45) -> 3037944181
A46: 短期墊款 | B46: 3246112 | D46: 0 | G46: 31721 | H46: 3034666348 | I46: =SUM(B46:H46) -> 3037944181
A47: 短期貸款 | I47: =SUM(B47:H47) -> 0
A49: 長期投資.應收款.貸墊款及準備金 | B49: =B50+B52+B55+B57 -> 22551235682 | C49: =C50+C52+C55+C57 -> 0 | D49: =D50+D52+D55+D57 -> 20872519 | E49: =E50+E52+E55+E57 -> 0 | F49: =F50+F52+F55+F57 -> 0 | G49: =G50+G52+G55+G57 -> 0 | H49: =H50+H52+H55+H57 -> 0 | I49: =SUM(B49:H49) -> 22572108201
A50: 長期應收款 | B50: =+B51 -> 0 | C50: =+C51 -> 0 | D50: =+D51 -> 0 | E50: =+E51 -> 0 | F50: =+F51 -> 0 | G50: =+G51 -> 0 | H50: =+H51 -> 0 | I50: =SUM(B50:H50) -> 0
A51: 長期應收款 | I51: =SUM(B51:H51) -> 0
A52: 長期貸款 | B52: =SUM(B53:B54) -> 0 | C52: =SUM(C53:C54) -> 0 | D52: =+D53 -> 14525021 | E52: =+E53 -> 0 | F52: =+F53 -> 0 | G52: =+G53 -> 0 | H52: =+H53 -> 0 | I52: =SUM(B52:H52) -> 14525021
A53: 其他長期貸款 | D53: 14525021 | I53: =SUM(B53:H53) -> 14525021
A54: 備抵呆帳-其他長期貸款(-) | I54: =SUM(B54:H54) -> 0
A55: 長期墊款 | B55: =B56 -> 681292511 | C55: =C56 -> 0 | D55: =D56 -> 0 | E55: =E56 -> 0 | F55: =F56 -> 0 | G55: =G56 -> 0 | H55: =H56 -> 0 | I55: =SUM(B55:H55) -> 681292511
A56: 其他長期墊款 | B56: 681292511 | I56: =SUM(B56:H56) -> 681292511
A57: 準備金 | B57: =B58 -> 21869943171 | C57: =C58 -> 0 | D57: =D58 -> 6347498 | E57: =E58 -> 0 | F57: =F58 -> 0 | G57: =G58 -> 0 | H57: =H58 -> 0 | I57: =SUM(B57:H57) -> 21876290669
A58: 其他準備金 | B58: 21869943171 | D58: 6347498 | I58: =SUM(B58:H58) -> 21876290669
A60: 其他資產 | B60: =B61+B67+B70 -> 2.4171491e+08 | C60: =C61+C67+C70 -> 0 | D60: =D61+D67+D70 -> 462993203 | E60: =E61+E67+E70 -> 0 | F60: =F61+F67+F70 -> 0 | G60: =G61+G67+G70 -> 13473017 | H60: =H61+H67+H70 -> 0 | I60: =SUM(B60:H60) -> 7.1818113e+08
A61: 什項資產 | B61: =SUM(B62:B65) -> 2.4171491e+08 | C61: =SUM(C62:C66) -> 0 | D61: =SUM(D62:D66) -> 462993203 | E61: =SUM(E62:E66) -> 0 | F61: =SUM(F62:F66) -> 0 | G61: =SUM(G62:G66) -> 13473017 | H61: =SUM(H62:H66) -> 0 | I61: =SUM(B61:H61) -> 7.1818113e+08
A62: 存出保證金 | B62: 21398741 | D62: 67600000 | G62: 3809792 | I62: =SUM(B62:H62) -> 92808533
A63: 催收款項 | B63: 6.8797292e+08 | D63: 438111 | G63: 339350 | I63: =SUM(B63:H63) -> 6.8875038e+08
A64: 備抵呆帳-催收款項(-) | B64: -4.6769844e+08 | I64: =SUM(B64:H64) -> -4.6769844e+08
A65: 暫付及待結轉帳項 | B65: 41689 | C65: 0 | D65: 78378499 | G65: 9323875 | I65: =SUM(B65:H65) -> 87744063
A66: 代管資產 | D66: 316576593 | H66: 0 | I66: =SUM(B66:H66) -> 316576593
A67: 待整理資產 | B67: =SUM(B68:B69) -> 0 | C67: =SUM(C68:C69) -> 0 | D67: =SUM(D68:D69) -> 0 | E67: =SUM(E68:E69) -> 0 | F67: =SUM(F68:F69) -> 0 | G67: =SUM(G68:G69) -> 0 | H67: =SUM(H68:H69) -> 0 | I67: =SUM(B67:H67) -> 0
A68: 追索債權 | I68: =SUM(B68:H68) -> 0
A69: 待抵銷追索債權(-) | I69: =SUM(B69:H69) -> 0
A70: 內部往來 | B70: =SUM(B71:B72) -> 0 | C70: =SUM(C71:C72) -> 0 | D70: =SUM(D71:D72) -> 0 | E70: =SUM(E71:E72) -> 0 | F70: =SUM(F71:F72) -> 0 | G70: =SUM(G71:G72) -> 0 | H70: =SUM(H71:H72) -> 0 | I70: =SUM(B70:H70) -> 0
A71: 內部往來 | B71: 0 | I71: =SUM(B71:H71) -> 0
I73: =SUM(B73:H73) -> 0
A75: 資 產 合 計 | B75: =B7 -> 4.3493505e+10 | C75: =C7 -> 246633228 | D75: =D7 -> 7530767090 | E75: =E7 -> 0 | F75: =F7 -> 667935495 | G75: =G7 -> 4.0135008e+09 | H75: =H7 -> 36610963079 | I75: =SUM(B75:H75) -> 9.2563305e+10
A78: 負 債 | B78: =+B80+B96+B100 -> 25890580835 | C78: =+C80+C96+C100 -> 2230 | D78: =+D80+D96+D100 -> 468672516 | E78: =+E80+E96+E100 -> 0 | F78: =+F80+F96+F100 -> 3142777348 | G78: =+G80+G96+G100 -> 15631918 | H78: =+H80+H96+H100 -> 72581517 | I78: =SUM(B78:H78) -> 29590246364
A80: 流動負債 | B80: =+B81+B83+B89 -> 3850197153 | C80: =+C81+C83+C89 -> 2230 | D80: =+D81+D83+D89 -> 22089129 | E80: =+E81+E83+E89 -> 0 | F80: =+F81+F83+F89 -> 3142777348 | G80: =+G81+G83+G89 -> 13657522 | H80: =+H81+H83+H89 -> 0 | I80: =SUM(B80:H80) -> 7028723382
A81: 短期債務 | B81: =+B82 -> 0 | F81: =F82 -> 3034666348 | G81: =G82 -> 0 | H81: =H82 -> 0 | I81: =SUM(B81:H81) -> 3034666348
A82: 短期借款 | B82: 0 | F82: 3034666348 | I82: =SUM(B82:H82) -> 3034666348
A83: 應付款項 | B83: =SUM(B84:B88) -> 3467705303 | C83: =SUM(C84:C88) -> 2230 | D83: =SUM(D84:D88) -> 7482280 | E83: =SUM(E84:E88) -> 0 | F83: =SUM(F84:F88) -> 108111000 | G83: =SUM(G84:G88) -> 13657522 | H83: =SUM(H84:H88) -> 0 | I83: =SUM(B83:H83) -> 3596958335
A84: 應付帳款 | B84: 2457910729 | D84: 401946 | I84: =SUM(B84:H84) -> 2458312675
A85: 應付代收款 | B85: 1540940 | C85: 2230 | D85: 3817320 | F85: 0 | G85: 13657522 | H85: 0 | I85: =SUM(B85:H85) -> 19018012
A86: 應付費用 | B86: 2907842 | C86: 0 | D86: 3261014 | F86: 0 | H86: 0 | I86: =SUM(B86:H86) -> 6168856
A87: 應付利息 | B87: 996326000 | F87: 108111000 | I87: =SUM(B87:H87) -> 1104437000
A88: 其他應付款 | B88: 9019792 | C88: 0 | D88: 2000 | F88: 0 | H88: 0 | I88: =SUM(B88:H88) -> 9021792
A89: 預收款項 | B89: =SUM(B90:B94) -> 382491850 | C89: =SUM(C90:C94) -> 0 | D89: =SUM(D90:D94) -> 14606849 | E89: =SUM(E90:E94) -> 0 | F89: =SUM(F90:F94) -> 0 | G89: =SUM(G90:G94) -> 0 | H89: =SUM(H90:H94) -> 0 | I89: =SUM(B89:H89) -> 397098699
A90: 預收收入 | B90: 0 | D90: 1659821 | I90: =SUM(B90:H90) -> 1659821
A91: 預收定金 | B91: 0 | D91: 7461129 | I91: =SUM(B91:H91) -> 7461129
A92: 預收貨款 | B92: 382489887 | I92: =SUM(B92:H92) -> 382489887
A93: 銷項稅額 | I93: =SUM(B93:H93) -> 0
A94: 其他預收款 | B94: 1963 | D94: 5485899 | I94: =SUM(B94:H94) -> 5487862
A96: 長期負債 | B96: =B97 -> 0 | C96: =C97 -> 0 | D96: =D97 -> 0 | E96: =E97 -> 0 | F96: =F97 -> 0 | G96: =G97 -> 0 | H96: =H97 -> 0 | I96: =SUM(B96:H96) -> 0
A97: 長期債務 | I97: =SUM(B97:H97) -> 0
A100: 其他負債 | B100: =B101+B108 -> 22040383682 | C100: =C101 -> 0 | D100: =D101 -> 446583387 | E100: =E101 -> 0 | F100: =F101 -> 0 | G100: =G101 -> 1974396 | H100: =H101 -> 72581517 | I100: =SUM(B100:H100) -> 22561522982
A101: 什項負債 | B101: =SUM(B102:B107) -> 171399523 | C101: =SUM(C102:C107) -> 0 | D101: =SUM(D102:D107) -> 446583387 | E101: =SUM(E102:E107) -> 0 | F101: =SUM(F102:F107) -> 0 | G101: =SUM(G102:G107) -> 1974396 | H101: =SUM(H102:H107) -> 72581517 | I101: =SUM(B101:H101) -> 692538823
A102: 存入保證金 | B102: 101988807 | D102: 130002934 | G102: 1974396 | H102: 72525517 | I102: =SUM(B102:H102) -> 306491654
A103: 應付保管款 | B103: 0 | I103: =SUM(B103:H103) -> 0
A104: 應付退休及離職金 | I104: =SUM(B104:H104) -> 0
A105: 暫收及待結轉帳項 | B105: 69410716 | D105: 3860 | H105: 56000 | I105: =SUM(B105:H105) -> 69470576
A106: 其他什項負債 | F106: 0 | I106: =SUM(B106:H106) -> 0
A107: 應付代管資產 | D107: 316576593 | H107: 0 | I107: =SUM(B107:H107) -> 316576593
A108: 負債準備 | B108: =B109 -> 21868984159 | I108: =SUM(B108:H108) -> 21868984159
A109: 金融業特別準備 | B109: 21868984159 | I109: =SUM(B109:H109) -> 21868984159
A111: 基金餘額 | B111: =B112 -> 1.7602924e+10 | C111: =C112 -> 246630998 | D111: =D112 -> 7062094574 | E111: =E112 -> 0 | F111: =F112 -> -2474841853 | G111: =G112 -> 3.9978688e+09 | H111: =H112 -> 36538381562 | I111: =SUM(B111:H111) -> 6.2973058e+10 | J111: =來源餘絀表!G88 -> 6.2973058e+10 | K111: 來源餘絀表
A112: 基金餘額(-) | B112: =+B113 -> 1.7602924e+10 | C112: =+C113 -> 246630998 | D112: =+D113 -> 7062094574 | E112: =+E113 -> 0 | F112: =+F113 -> -2474841853 | G112: =+G113 -> 3.9978688e+09 | H112: =+H113 -> 36538381562 | I112: =SUM(B112:H112) -> 6.2973058e+10 | J112: =綜平!I36 -> 6.2973058e+10 | K112: 綜平
...

Sheet 主要業務
A1: 將D及E值複製至L及M.將G及H值複製至J及K
A2: 農 業 特 別 收 入 基 金
A3: 主要業務計畫執行明細表
A4: =來源餘絀表!A4 -> 中 華 民 國 106年 6 月份
I5: 單位：新臺幣元 | J5: 2-12月才須複製(貼上「值」)，1月份不貼
A6: 業務計畫項目 | C6: 本月數及 | D6: 數 量 | G6: 金 額 | J6: 數 量 | L6: 金 額
A7: 名 稱 | B7: 單位 | C7: 累計數 | D7: 實際數 | E7: 預算數 | F7: 占預算數％ | G7: 實際數 | H7: 預算數 | I7: 增減(-)％ | J7: 實際數 | K7: 預算數 | L7: 實際數 | M7: 預算數
A8: 一.農業發展基金
A9: 1.收購糧食 | B9: 公斤 | C9: 本月數 | D9: 188229312 | E9: 74115000 | F9: =IF(E9=0,0,D9/E9*100) -> 253.97 | G9: 4345557621 | H9: 1718029000 | I9: =ROUND(IF(H9=0,0,(G9-H9)/H9*100),2) -> 152.94 | J9: 14959246 | K9: 28687000 | L9: 276311764 | M9: 596628000
C10: 累計數 | D10: =D9+J10 -> 223483038 | E10: =E9+K10 -> 108330000 | F10: =IF(E10=0,0,D10/E10*100) -> 206.3 | G10: =G9+L10 -> 4906303989 | H10: =H9+M10 -> 2421922000 | I10: =ROUND(IF(H10=0,0,(G10-H10)/H10*100),2) -> 102.58 | J10: 35253726 | K10: 34215000 | L10: 560746368 | M10: 703893000
A11: 2.農畜產品供銷－糧食 | B11: 公斤 | C11: 本月數 | D11: 23809778 | E11: 22015000 | F11: =IF(E11=0,0,D11/E11*100) -> 108.15 | G11: 727416752 | H11: 659484000 | I11: =ROUND(IF(H11=0,0,(G11-H11)/H11*100),2) -> 10.3 | J11: 22398906 | K11: 22015000 | L11: 702780718 | M11: 659484000
C12: 累計數 | D12: =D11+J12 -> 153487630 | E12: =E11+K12 -> 160553000 | F12: =IF(E12=0,0,D12/E12*100) -> 95.6 | G12: =G11+L12 -> 4712274714 | H12: =H11+M12 -> 4808172000 | I12: =ROUND(IF(H12=0,0,(G12-H12)/H12*100),2) -> -1.99 | J12: 129677852 | K12: 138538000 | L12: 3984857962 | M12: 4148688000
A13: 3.穩定肥料及相關資材供需計畫 | C13: 本月數 | G13: =來源餘絀表!C37 -> 907173 | H13: =來源餘絀表!D37 -> 106000000 | I13: =ROUND(IF(H13=0,0,(G13-H13)/H13*100),2) -> -99.14 | L13: 2007835 | M13: 100000000
C14: 累計數 | G14: =G13+L14 -> 26425716 | H14: =H13+M14 -> 610532000 | I14: =ROUND(IF(H14=0,0,(G14-H14)/H14*100),2) -> -95.67 | L14: 25518543 | M14: 504532000
A15: 4.產銷調節緊急處理計畫 | C15: 本月數 | G15: =來源餘絀表!C38 -> 80221514 | H15: =來源餘絀表!D38 -> 5000000 | I15: =ROUND(IF(H15=0,0,(G15-H15)/H15*100),2) -> 1504.43 | L15: 2025500 | M15: 5000000
C16: 累計數 | G16: =G15+L16 -> 151785514 | H16: =H15+M16 -> 90000000 | I16: =ROUND(IF(H16=0,0,(G16-H16)/H16*100),2) -> 68.65 | L16: 71564000 | M16: 85000000
A17: 5.農漁民子女就學獎助學金計畫 | C17: 本月數 | G17: =來源餘絀表!C39 -> 1860000 | H17: =來源餘絀表!D39 -> 0 | I17: =ROUND(IF(H17=0,0,(G17-H17)/H17*100),2) -> 0 | L17: 509640547 | M17: 549468000
C18: 累計數 | G18: =G17+L18 -> 514095547 | H18: =H17+M18 -> 550544000 | I18: =ROUND(IF(H18=0,0,(G18-H18)/H18*100),2) -> -6.62 | L18: 512235547 | M18: 550544000
A19: 6.豬隻死亡保險業務計畫 | C19: 本月數 | G19: =來源餘絀表!C40 -> 110000000 | H19: =來源餘絀表!D40 -> 85000000 | I19: =ROUND(IF(H19=0,0,(G19-H19)/H19*100),2) -> 29.41 | L19: 0 | M19: 5500000
C20: 累計數 | G20: =G19+L20 -> 140000000 | H20: =H19+M20 -> 109600000 | I20: =ROUND(IF(H20=0,0,(G20-H20)/H20*100),2) -> 27.74 | L20: 30000000 | M20: 24600000
A21: 7.家禽流行性感冒防疫計畫 | C21: 本月數 | G21: =來源餘絀表!C41 -> 10567000 | H21: =來源餘絀表!D41 -> 5000000 | I21: =ROUND(IF(H21=0,0,(G21-H21)/H21*100),2) -> 111.34 | L21: 15383000 | M21: 2021000
C22: 累計數 | G22: =G21+L22 -> 86069000 | H22: =H21+M22 -> 57021000 | I22: =ROUND(IF(H22=0,0,(G22-H22)/H22*100),2) -> 50.94 | L22: 75502000 | M22: 52021000
A23: 8.農業貸款利息差額補貼計畫 | C23: 本月數 | G23: =來源餘絀表!C33 -> 964611075 | H23: =來源餘絀表!D33 -> 1319120000 | I23: =ROUND(IF(H23=0,0,(G23-H23)/H23*100),2) -> -26.87 | L23: 0 | M23: 0
C24: 累計數 | G24: =G23+L24 -> 964611075 | H24: =H23+M24 -> 1319120000 | I24: =ROUND(IF(H24=0,0,(G24-H24)/H24*100),2) -> -26.87 | L24: 0 | M24: 0
A25: 9.輔導菸農轉型與檳榔廢園轉作計畫 | C25: 本月數 | G25: =來源餘絀表!C42 -> 724000 | H25: =來源餘絀表!D42 -> 2000000 | I25: =ROUND(IF(H25=0,0,(G25-H25)/H25*100),2) -> -63.8 | L25: 0 | M25: 2000000
C26: 累計數 | G26: =G25+L26 -> 9170795 | H26: =H25+M26 -> 9500000 | I26: =ROUND(IF(H26=0,0,(G26-H26)/H26*100),2) -> -3.47 | L26: 8446795 | M26: 7500000
A27: 10.處理農會漁會信用部計畫 | C27: 本月數 | G27: =來源餘絀表!C43 -> 0 | H27: =來源餘絀表!D43 -> 48616000 | I27: =ROUND(IF(H27=0,0,(G27-H27)/H27*100),2) -> -100 | L27: 14000 | M27: 0
C28: 累計數 | G28: =G27+L28 -> 14000 | H28: =H27+M28 -> 48616000 | I28: =ROUND(IF(H28=0,0,(G28-H28)/H28*100),2) -> -99.97 | L28: 14000 | M28: 0
A29: 11.離農獎勵計畫 | C29: 本月數 | G29: =來源餘絀表!C44 -> 7804985 | H29: =來源餘絀表!D44 -> 0 | I29: =ROUND(IF(H29=0,0,(G29-H29)/H29*100),2) -> 0 | L29: 250326 | M29: 0
C30: 累計數 | G30: =G29+L30 -> 23830774 | H30: =H29+M30 -> 0 | I30: =ROUND(IF(H30=0,0,(G30-H30)/H30*100),2) -> 0 | L30: 16025789 | M30: 0
A31: 二.林務發展及造林基金
A32: 1.全民造林計畫 | C32: 本月數 | G32: =來源餘絀表!C45 -> 18852270 | H32: =來源餘絀表!D45 -> 28336000 | I32: =ROUND(IF(H32=0,0,(G32-H32)/H32*100),2) -> -33.47 | L32: 17405150 | M32: 35816000
C33: 累計數 | G33: =G32+L33 -> 84836870 | H33: =H32+M33 -> 115337000 | I33: =ROUND(IF(H33=0,0,(G33-H33)/H33*100),2) -> -26.44 | L33: 65984600 | M33: 87001000
A34: 2.森林遊樂區服務 | B34: 人次 | C34: 本月數 | D34: 216233 | E34: 288144 | F34: =IF(E34=0,0,D34/E34*100) -> 75.04 | G34: 56957377 | H34: 37646000 | I34: =ROUND(IF(H34=0,0,(G34-H34)/H34*100),2) -> 51.3 | J34: 384057 | K34: 307878 | L34: 41584551 | M34: 42443000
C35: 累計數 | D35: =D34+J35 -> 1762812 | E35: =E34+K35 -> 2365419 | F35: =IF(E35=0,0,D35/E35*100) -> 74.52 | G35: =G34+L35 -> 211951511 | H35: =H34+M35 -> 174072000 | I35: =ROUND(IF(H35=0,0,(G35-H35)/H35*100),2) -> 21.76 | J35: 1546579 | K35: 2077275 | L35: 154994134 | M35: 136426000
A36: 3.森林鐵路運輸 | B36: 延人 | C36: 本月數 | D36: 743662 | E36: 577686 | F36: =IF(E36=0,0,D36/E36*100) -> 128.73 | G36: 27193630 | H36: 40229000 | I36: =ROUND(IF(H36=0,0,(G36-H36)/H36*100),2) -> -32.4 | J36: 852611 | K36: 577686 | L36: 10876185 | M36: 37214000
B37: 公里 | C37: 累計數 | D37: =D36+J37 -> 4359826 | E37: =E36+K37 -> 3466116 | F37: =IF(E37=0,0,D37/E37*100) -> 125.78 | G37: =G36+L37 -> 136317598 | H37: =H36+M37 -> 203405000 | I37: =ROUND(IF(H37=0,0,(G37-H37)/H37*100),2) -> -32.98 | J37: 3616164 | K37: 2888430 | L37: 109123968 | M37: 163176000
A38: 4.森林台車運輸 | B38: 人次 | C38: 本月數 | D38: 0 | E38: 15000 | F38: =IF(E38=0,0,D38/E38*100) -> 0 | G38: 9387613 | H38: 5773000 | I38: =ROUND(IF(H38=0,0,(G38-H38)/H38*100),2) -> 62.61 | J38: 0 | K38: 0 | L38: 567832 | M38: 6818000
C39: 累計數 | D39: =D38+J39 -> 0 | E39: =E38+K39 -> 15000 | F39: =IF(E39=0,0,D39/E39*100) -> 0 | G39: =G38+L39 -> 23914303 | H39: =H38+M39 -> 39564000 | I39: =ROUND(IF(H39=0,0,(G39-H39)/H39*100),2) -> -39.56 | J39: 0 | K39: 0 | L39: 14526690 | M39: 33791000
A40: 5.獎勵輔導造林計畫 | C40: 本月數 | G40: =來源餘絀表!C49 -> 10249124 | H40: =來源餘絀表!D49 -> 15440000 | I40: =ROUND(IF(H40=0,0,(G40-H40)/H40*100),2) -> -33.62 | L40: 17116818 | M40: 16097000
C41: 累計數 | G41: =G40+L41 -> 44102247 | H41: =H40+M41 -> 63016000 | I41: =ROUND(IF(H41=0,0,(G41-H41)/H41*100),2) -> -30.01 | L41: 33853123 | M41: 47576000
A42: 三.農業天然災害救助基金
A43: 農業天然災害救助計畫 | C43: 本月數 | G43: =來源餘絀表!C51 -> 589670636 | H43: =來源餘絀表!D51 -> 0 | I43: =ROUND(IF(H43=0,0,(G43-H43)/H43*100),2) -> 0 | L43: 224634751 | M43: 0
C44: 累計數 | G44: =G43+L44 -> 2493332307 | H44: =H43+M44 -> 1085778000 | I44: =ROUND(IF(H44=0,0,(G44-H44)/H44*100),2) -> 129.64 | L44: 1903661671 | M44: 1085778000
A45: 四.漁業發展基金
A46: 漁業發展補助計畫 | C46: 本月數 | G46: =來源餘絀表!C52 -> 4141238 | H46: =來源餘絀表!D52 -> 1141000 | I46: =ROUND(IF(H46=0,0,(G46-H46)/H46*100),2) -> 262.95 | L46: 40186 | M46: 1071000
C47: 累計數 | G47: =G46+L47 -> 8477684 | H47: =H46+M47 -> 9547000 | I47: =ROUND(IF(H47=0,0,(G47-H47)/H47*100),2) -> -11.2 | L47: 4336446 | M47: 8406000
A48: 2.漁業用油補貼計畫 | C48: 本月數 | G48: =來源餘絀表!C53 -> 0 | H48: =來源餘絀表!D53 -> 0 | I48: =ROUND(IF(H48=0,0,(G48-H48)/H48*100),2) -> 0 | L48: 0 | M48: 0
C49: 累計數 | G49: =G48+L48 -> 0 | H49: =H48+M48 -> 0 | I49: =ROUND(IF(H49=0,0,(G49-H49)/H49*100),2) -> 0 | L49: 0 | M49: 0
A50: 3.推動漁業國際化方案計畫 | C50: 本月數
C51: 累計數
A52: 3.加強水產品技術研發與改進計畫 | C52: 本月數 | G52: =來源餘絀表!C54 -> 0 | H52: =來源餘絀表!D54 -> 0 | I52: =ROUND(IF(H52=0,0,(G52-H52)/H52*100),2) -> 0 | L52: 0 | M52: 0
C53: 累計數 | G53: =G52+L52 -> 0 | H53: =H52+M52 -> 0 | I53: =ROUND(IF(H53=0,0,(G53-H53)/H53*100),2) -> 0 | L53: 0 | M53: 0
A54: 五.漁產平準基金
A55: 補助海洋及養殖漁產品之實物操作 | C55: 本月數 | G55: =來源餘絀表!C50 -> 141359 | H55: =來源餘絀表!D50 -> 3500000 | I55: =ROUND(IF(H55=0,0,(G55-H55)/H55*100),2) -> -95.96 | L55: 10722000 | M55: 5000000
A56: 計畫 | C56: 累計數 | G56: =G55+L56 -> 10863359 | H56: =H55+M56 -> 13500000 | I56: =ROUND(IF(H56=0,0,(G56-H56)/H56*100),2) -> -19.53 | L56: 10722000 | M56: 10000000
A57: 六. 農產品受進口損害救助基金
A58: 1.調整產業或防範措施計畫 | C58: 本月數 | G58: =來源餘絀表!C55 -> 190907471 | H58: =來源餘絀表!D55 -> 132810000 | I58: =ROUND(IF(H58=0,0,(G58-H58)/H58*100),2) -> 43.74 | L58: 102885656 | M58: 303981000
C59: 累計數 | G59: =G58+L59 -> 407861047 | H59: =H58+M59 -> 882202000 | I59: =ROUND(IF(H59=0,0,(G59-H59)/H59*100),2) -> -53.77 | L59: 216953576 | M59: 749392000
A60: 2.進口損害救助及穩價計畫 | C60: 本月數 | G60: =來源餘絀表!C56 -> 0 | H60: =來源餘絀表!D56 -> 0 | I60: =ROUND(IF(H60=0,0,(G60-H60)/H60*100),2) -> 0 | L60: 0 | M60: 0
C61: 累計數 | G61: =G60+L61 -> 0 | H61: =H60+M61 -> 500000 | I61: =ROUND(IF(H61=0,0,(G61-H61)/H61*100),2) -> -100 | L61: 0 | M61: 500000
A62: 3.調整耕作制度活化農地計畫 | C62: 本月數 | G62: =來源餘絀表!C57 -> 36266629 | H62: =來源餘絀表!D57 -> 77800000 | I62: =ROUND(IF(H62=0,0,(G62-H62)/H62*100),2) -> -53.38 | L62: 136473266 | M62: 18250000
C63: 累計數 | G63: =G62+L63 -> 1136574404 | H63: =H62+M63 -> 794370000 | I63: =ROUND(IF(H63=0,0,(G63-H63)/H63*100),2) -> 43.08 | L63: 1100307775 | M63: 716570000
A64: 七. 農村再生基金
A65: 1.農村再生規劃及人力培育計畫 | C65: 本月數 | G65: =來源餘絀表!C59 -> 104227123 | H65: =來源餘絀表!D59 -> 68084000 | I65: =ROUND(IF(H65=0,0,(G65-H65)/H65*100),2) -> 53.09 | L65: 23876990 | M65: 61764000
C66: 累計數 | G66: =G65+L66 -> 207521934 | H66: =H65+M66 -> 300370000 | I66: =ROUND(IF(H66=0,0,(G66-H66)/H66*100),2) -> -30.91 | L66: 103294811 | M66: 232286000
A67: 2.農村再生建設及發展計畫 | C67: 本月數 | G67: =來源餘絀表!C62 -> 294586846 | H67: =來源餘絀表!D62 -> 429270000 | I67: =ROUND(IF(H67=0,0,(G67-H67)/H67*100),2) -> -31.37 | L67: 376781575 | M67: 416392000
C68: 累計數 | G68: =G67+L68 -> 1223198554 | H68: =H67+M68 -> 1877070000 | I68: =ROUND(IF(H68=0,0,(G68-H68)/H68*100),2) -> -34.83 | L68: 928611708 | M68: 1447800000

Sheet 固定項目-折舊
A1: 農 業 特 別 收 入 基 金
A2: 固定項目表
A3: =來源餘絀表!A4 -> 中 華 民 國 106年 6 月份
G4: 單位：新臺幣元
A5: 項 目 | B5: 取得成本/ 舉債數 | C5: 以前年度累計折舊（耗）/長期投資評價/未攤銷溢（折）價 | D5: 本年度變動 | F5: 本年度提列折舊（耗）/長期投資評價變動數/攤銷數 | G5: 期末餘額
D6: 增加數 | E6: 減少數
A7: 資產 | B7: =+B9+B12+B16+B21+B27+B32+B38+B43 -> 17473526668 | C7: =+C9+C12+C16+C21+C27+C32+C38+C43 -> 5872418704 | D7: =+D9+D12+D16+D21+D27+D32+D38+D43 -> 188468225 | E7: =+E9+E12+E16+E21+E27+E32+E38+E43 -> 52049477 | F7: =+F9+F12+F16+F21+F27+F32+F38+F43 -> 427221387 | G7: =+G9+G12+G16+G21+G27+G32+G38+G43 -> 11310305325
A8: 非理財目的之長期投資 | B8: 0
A9: 土地 | B9: =+B10+B11 -> 34396608 | C9: =+C10+C11 -> 0 | D9: =+D10+D11 -> 0 | E9: =+E10+E11 -> 0 | F9: =+F10+F11 -> 0 | G9: =+G10+G11 -> 34396608
A10: 林務 | B10: 26143128 | C10: 0 | G10: =+B10-C10+D10-E10-F10 -> 26143128
A11: 再生 | B11: 8253480 | G11: =+B11-C11+D11-E11-F11 -> 8253480
A12: 土地改良物 | B12: =+B13+B14+B15 -> 14501621130 | C12: =+C13+C14+C15 -> 4655471686 | D12: =+D13+D14+D15 -> 25700136 | E12: =+E13+E14+E15 -> 0 | F12: =+F13+F14+F15 -> 400072863 | G12: =+G13+G14+G15 -> 9471776717
A13: 林務 | B13: 2223678009 | C13: 1310338281 | D13: 25700136 | E13: 0 | F13: 55212363 | G13: =+B13-C13+D13-E13-F13 -> 883827501
A14: 再生 | B14: 12277212847 | C14: 3345017730 | D14: 0 | E14: 0 | F14: 344846040 | G14: =+B14-C14+D14-E14-F14 -> 8587349077
A15: 農發 | B15: 730274 | C15: 115675 | F15: 14460 | G15: =+B15-C15+D15-E15-F15 -> 600139
A16: 房屋及建築 | B16: =+B17+B18+B19+B20 -> 631013844 | C16: =+C17+C18+C19+C20 -> 356974910 | D16: =+D17+D18+D19+D20 -> 3087608 | E16: =+E17+E18+E19+E20 -> 0 | F16: =+F17+F18+F19+F20 -> 9681315 | G16: =+G17+G18+G19+G20 -> 267445227
A17: 農發 | B17: 89102244 | C17: 10291316 | F17: 735132 | G17: =+B17-C17+D17-E17-F17 -> 78075796
A18: 農損 | B18: 46811149 | C18: 7809621 | F18: 514926 | G18: =+B18-C18+D18-E18-F18 -> 38486602
A19: 再生 | B19: 7686333 | C19: 2092662 | F19: 63414 | G19: =+B19-C19+D19-E19-F19 -> 5530257
A20: 林務 | B20: 487414118 | C20: 336781311 | D20: 3087608 | E20: 0 | F20: 8367843 | G20: =+B20-C20+D20-E20-F20 -> 145352572
A21: 機械及設備 | B21: =+B22+B23+B24+B25+B26 -> 418289618 | C21: =+C22+C23+C24+C25+C26 -> 332609254 | D21: =+D22+D23+D24+D25+D26 -> 3626259 | E21: =+E22+E23+E24+E25+E26 -> 6160248 | F21: =+F22+F23+F24+F25+F26 -> 7474885 | G21: =+G22+G23+G24+G25+G26 -> 75671490
A22: 農發 | B22: 187859270 | C22: 163573963 | D22: 843000 | E22: 3557847 | F22: 246336 | G22: =+B22-C22+D22-E22-F22 -> 21324124
A23: 農損 | B23: 80162796 | C23: 77913594 | F23: 748835 | G23: =+B23-C23+D23-E23-F23 -> 1500367
A24: 漁發 | B24: 26077427 | C24: 25816624 | E24: 253233 | F24: -250701 | G24: =+B24-C24+D24-E24-F24 -> 258271
A25: 林務 | B25: 70747888 | C25: 33436070 | D25: 120603 | E25: 245592 | F25: 3169799 | G25: =+B25-C25+D25-E25-F25 -> 34017030
A26: 再生 | B26: 53442237 | C26: 31869003 | D26: 2662656 | E26: 2103576 | F26: 3560616 | G26: =+B26-C26+D26-E26-F26 -> 18571698
A27: 交通及運輸設備 | B27: =+B28+B29+B30+B31 -> 901401609 | C27: =+C28+C29+C30+C31 -> 483297127 | D27: =+D28+D29+D30+D31 -> 7373254 | E27: =+E28+E29+E30+E31 -> 12432397 | F27: =+F28+F29+F30+F31 -> 6840275 | G27: =+G28+G29+G30+G31 -> 406205064
A28: 農發 | B28: 7934401 | C28: 6950650 | D28: 90300 | E28: 62542 | F28: 229233 | G28: =+B28-C28+D28-E28-F28 -> 782276
A29: 農損 | B29: 75320 | C29: 74567 | G29: =+B29-C29+D29-E29-F29 -> 753
A30: 林務 | B30: 860995618 | C30: 460183713 | D30: 1987408 | E30: 7302160 | F30: 5220341 | G30: =+B30-C30+D30-E30-F30 -> 390276812
A31: 再生 | B31: 32396270 | C31: 16088197 | D31: 5295546 | E31: 5067695 | F31: 1390701 | G31: =+B31-C31+D31-E31-F31 -> 15145223
A32: 雜項設備 | B32: =+B33+B34+B35+B36+B37 -> 70821773 | C32: =+C33+C34+C35+C36+C37 -> 44065727 | D32: =+D33+D34+D35+D36+D37 -> 2715667 | E32: =+E33+E34+E35+E36+E37 -> 1116146 | F32: =+F33+F34+F35+F36+F37 -> 3152049 | G32: =+G33+G34+G35+G36+G37 -> 25203518
A33: 農發 | B33: 12946903 | C33: 9632488 | D33: 439643 | E33: 414240 | F33: 44734 | G33: =+B33-C33+D33-E33-F33 -> 3295084
A34: 農損 | B34: 2257755 | C34: 2177043 | F34: 10980 | G34: =+B34-C34+D34-E34-F34 -> 69732
A35: 漁發 | G35: =+B35-C35+D35-E35-F35 -> 0
A36: 林務 | B36: 40851185 | C36: 21644207 | D36: 1376422 | E36: 381389 | F36: 2279407 | G36: =+B36-C36+D36-E36-F36 -> 17922604
A37: 再生 | B37: 14765930 | C37: 10611989 | D37: 899602 | E37: 320517 | F37: 816928 | G37: =+B37-C37+D37-E37-F37 -> 3916098
A38: 購建中固定資產 | B38: =+B39+B40+B41+B42 -> 909098894 | C38: =+C39+C40+C41+C42 -> 0 | D38: =+D39+D40+D41+D42 -> 145965301 | E38: =+E39+E40+E41+E42 -> 31648860 | F38: =+F39+F40+F41+F42 -> 0 | G38: =+G39+G40+G41+G42 -> 1023415335
A39: 農損 | G39: =+B39-C39+D39-E39-F39 -> 0
A40: 農發 | G40: =+B40-C40+D40-E40-F40 -> 0
A41: 再生 | B41: 469458009 | D41: 0 | E41: 0 | F41: 0 | G41: =+B41-C41+D41-E41-F41 -> 469458009
A42: 林務 | B42: 439640885 | C42: 0 | D42: 145965301 | E42: 31648860 | F42: 0 | G42: =+B42-C42+D42-E42-F42 -> 553957326
A43: 電腦軟體 | B43: =+B44+B45+B46+B47 -> 6883192 | C43: =+C44+C45+C46+C47 -> 0 | D43: =+D44+D45+D46+D47 -> 0 | E43: =+E44+E45+E46+E47 -> 691826 | F43: =+F44+F45+F46+F47 -> 0 | G43: =+G44+G45+G46+G47 -> 6191366
A44: 農發 | B44: 228000 | G44: =+B44-C44+D44-E44-F44 -> 228000
A45: 農損 | G45: =+B45-C45+D45-E45-F45 -> 0
A46: 漁發 | G46: =+B46-C46+D46-E46-F46 -> 0
A47: 再生 | B47: 6655192 | C47: 0 | D47: 0 | E47: 691826 | G47: =+B47-C47+D47-E47-F47 -> 5963366
A48: 權利 | B48: =+B49 -> 4557874212 | C48: =+C49 -> 0 | D48: =+D49 -> 3105531072 | E48: =+E49 -> 2820550916 | F48: =+F49 -> 0 | G48: =+G49 -> 4842854368
A49: 農發 | B49: 4557874212 | D49: 3105531072 | E49: 2820550916 | G49: =+B49-C49+D49-E49-F49 -> 4842854368
A50: 遞耗資產
A51: 其他
A52: 負債
A53: 長期債務
A55: 合計 | B55: =+B9+B12+B16+B21+B27+B32+B38+B43+B52 -> 17473526668 | C55: =+C9+C12+C16+C21+C27+C32+C38+C43+C52 -> 5872418704 | D55: =+D9+D12+D16+D21+D27+D32+D38+D43+D52 -> 188468225 | E55: =+E9+E12+E16+E21+E27+E32+E38+E43+E52 -> 52049477 | F55: =+F9+F12+F16+F21+F27+F32+F38+F43+F52 -> 427221387 | G55: =+G9+G12+G16+G21+G27+G32+G38+G43+G52 -> 11310305325
A56: 差額 | B56: =+B7-B55 -> 0 | C56: =+C7-C55 -> 0 | D56: =+D7-D55 -> 0 | E56: =+E7-E55 -> 0 | F56: =+F7-F55 -> 0 | G56: =+G7-G55 -> 0
A58: 林務 | B58: =+B10+B13+B20+B25+B30+B36+B42 -> 4149470831 | C58: =+C10+C13+C20+C25+C30+C36+C42 -> 2162383582 | D58: =+D10+D13+D20+D25+D30+D36+D42 -> 178237478 | E58: =+E10+E13+E20+E25+E30+E36+E42 -> 39578001 | F58: =+F10+F13+F20+F25+F30+F36+F42 -> 74249753 | G58: =+G10+G13+G20+G25+G30+G36+G42 -> 2051496973
A59: 農發 | B59: =+B15+B17+B22+B28+B33+B40+B44+B49 -> 4856675304 | C59: =+C15+C17+C22+C28+C33+C40+C44+C49 -> 190564092 | D59: =+D15+D17+D22+D28+D33+D40+D44+D49 -> 3106904015 | E59: =+E15+E17+E22+E28+E33+E40+E44+E49 -> 2824585545 | F59: =+F15+F17+F22+F28+F33+F40+F44+F49 -> 1269895 | G59: =+G15+G17+G22+G28+G33+G40+G44+G49 -> 4947159787
A60: 漁發 | B60: =+B24+B35+B46 -> 26077427 | C60: =+C24+C35+C46 -> 25816624 | D60: =+D24+D35+D46 -> 0 | E60: =+E24+E35+E46 -> 253233 | F60: =+F24+F35+F46 -> -250701 | G60: =+G24+G35+G46 -> 258271
A61: 農損 | B61: =+B18+B23+B29+B34 -> 129307020 | C61: =+C18+C23+C29+C34 -> 87974825 | D61: =+D18+D23+D29+D34 -> 0 | E61: =+E18+E23+E29+E34 -> 0 | F61: =+F18+F23+F29+F34 -> 1274741 | G61: =+G18+G23+G29+G34 -> 40057454
A62: 農再 | B62: =+B11+B14+B19+B26+B31+B37+B41+B47 -> 12869870298 | C62: =+C11+C14+C19+C26+C31+C37+C41+C47 -> 3405679581 | D62: =+D11+D14+D19+D26+D31+D37+D41+D47 -> 8857804 | E62: =+E11+E14+E19+E26+E31+E37+E41+E47 -> 8183614 | F62: =+F11+F14+F19+F26+F31+F37+F41+F47 -> 350677699 | G62: =+G11+G14+G19+G26+G31+G37+G41+G47 -> 9114187208

Sheet 購建固定資產
B1: 農 業 特 別 收 入 基 金
B2: 購建固定資產執行情形明細表
B3: =來源餘絀表!A4 -> 中 華 民 國 106年 6 月份
R4: 單位:新臺幣元
C5: 本 年 度 | I5: 執 行 情 形 | P5: 結餘款
C6: 可 用 預 算 數 | H6: 累計預算 | I6: 實 際 執 行 數 | M6: 比 較 增 減 （-） | Q6: 差 異 或 落 後 原 因
B7: 計 畫 名 稱 | C7: 以 前 | D7: 本 年 度 | E7: 本年度 | F7: 調整數 | H7: 分 配 數 | J7: 應付未付數 | O7: 契 約 | R7: 改進措施
C8: 年 度 | D8: 法 定 | E8: 奉准先行 | G8: 合 計 | I8: 實支數 | K8: 合 計 | L8: ％ | M8: 金 額 | N8: ％ | O8: 責任數
C9: 保留數 | D9: 預 算 數 | E9: 辦理數 | G9: (1) | H9: (2) | K9: (3) | L9: (3)/(2) | M9: (4)=(3)-(2) | N9: (4)/(2)
B10: 土地 | D10: =+D11 -> 1000000 | G10: =+G11 -> 1000000 | H10: =+H11 -> 0 | I10: =+I11 -> 0 | K10: =+K11 -> 0 | M10: =K10-H10 -> 0 | N10: =IF(H10=0,0,(M10/H10)*100)*-1 -> 0
B11: 土地 | D11: 1000000 | G11: =SUM(C11:D11) -> 1000000 | K11: =SUM(I11:J11) -> 0 | L11: =IF(H11=0,0,(I11/H11)*100) -> 0 | M11: =K11-H11 -> 0 | N11: =IF(H11=0,0,(M11/H11)*100)*-1 -> 0
B12: 購建中固定資產 | M12: =I12-H12 -> 0 | N12: =IF(H12=0,0,(M12/H12)*100)*-1 -> 0
B14: 土地改良物 | C14: =C15+C19 -> 1346993956 | D14: =D15+D19 -> 1032103000 | E14: =E15+E19 -> 0 | F14: =F15+F19 -> 0 | G14: =G15+G19 -> 2379096956 | H14: =H15+H19 -> 1436858000 | I14: =I15+I19 -> 760912362 | J14: =J15 -> 0 | K14: =SUM(I14:J14) -> 760912362 | L14: =IF(H14=0,0,(K14/H14)*100) -> 52.96 | M14: =K14-H14 -> -675945638 | N14: =IF(H14=0,0,(M14/H14)*100)*-1 -> 47.04 | O14: =O15+O19 -> 0 | P14: =P15+P19 -> 0 | Q14: 農村再生基金：106年度本項計畫業於106年2月7日、3月20日、4月24及5月22日陸續完成4次總平台審查，累計審查通過7.48億元並核定在案，多數案件刻正辦理測設發包作業，暫未有經費實支情形。 林務發展及造林基金：1.阿里山森林鐵路屏遮那至二萬坪上下邊坡整治因辦理變更，致執行落後。 2.臺鐵局代辦阿里山森林鐵路修理工廠設備改善及空氣汙染防制設備新設工程-設備及排水改善工程因變更設計，刻正辦理驗收中，致執行落後。 3.雙流濱溪休憩設施及景觀工程第一期因廠商部分工項未同時進行施作，致執行落後。 | R14: 農村再生基金：要求各執行單位於工程核定後3個月內完成工程細部設計及上網發包等工作。 林務發展及造林基金：積極辦理。 | T14: =H14-K14-O14-P14 -> 675945638
B15: 土地改良物 | C15: =SUM(C16:C18) -> 1346993956 | D15: =SUM(D16:D18) -> 1032103000 | E15: =SUM(E16:E18) -> 0 | F15: =SUM(F16:F18) -> 0 | G15: =SUM(C15:F15) -> 2379096956 | H15: =SUM(H16:H18) -> 1436858000 | I15: =SUM(I16:I18) -> 0 | J15: =SUM(J16:J18) -> 0 | K15: =SUM(I15:J15) -> 0 | L15: =IF(H15=0,0,(K15/H15)*100) -> 0 | M15: =K15-H15 -> -1436858000 | N15: =IF(H15=0,0,(M15/H15)*100)*-1 -> 100 | O15: =SUM(O16:O18) -> 0 | P15: =SUM(P16:P18) -> 0 | T15: =H15-K15-O15-P15 -> 1436858000
B16: 林務 | C16: 120259439 | D16: 182103000 | G16: =SUM(C16:F16) -> 302362439 | H16: 134800000 | K16: =SUM(I16:J16) -> 0 | L16: =IF(F16=0,0,(K16/F16)*100)*-1 -> 0 | M16: =K16-H16 -> -134800000 | N16: =IF(H16=0,0,(M16/H16)*100)*-1 -> 100 | T16: =H16-K16-O16-P16 -> 134800000
B17: 再生 | C17: 1226734517 | D17: 850000000 | G17: =SUM(C17:F17) -> 2076734517 | H17: 1302058000 | I17: 0 | K17: =I17+J17 -> 0 | M17: =K17-H17 -> -1302058000 | N17: =IF(H17=0,0,(M17/H17)*100)*-1 -> 100 | O17: 0 | T17: =H17-K17-O17-P17 -> 1302058000
B18: 農發 | D18: 0 | G18: =SUM(C18:F18) -> 0 | K18: =I18+J18 -> 0 | M18: =K18-H18 -> 0 | N18: =IF(H18=0,0,(M18/H18)*100)*-1 -> 0 | T18: =H18-K18-O18-P18 -> 0
B19: 購建中固定資產 | C19: =SUM(C20:C21) -> 0 | D19: =SUM(D20:D21) -> 0 | E19: =SUM(E20:E21) -> 0 | F19: =SUM(F20:F21) -> 0 | G19: =SUM(G20:G21) -> 0 | H19: =SUM(H20:H21) -> 0 | I19: =SUM(I20:I21) -> 760912362 | J19: =SUM(J20:J21) -> 0 | K19: =SUM(K20:K21) -> 760912362 | L19: =IF(H19=0,0,(K19/H19)*100) -> 0 | M19: =SUM(M20:M21) -> 760912362 | N19: =IF(H19=0,0,(M19/H19)*100)*-1 -> 0 | O19: =SUM(O20:O21) -> 0 | P19: =SUM(P20:P21) -> 0 | T19: =H19-K19-O19-P19 -> -760912362
B20: 再生 | G20: =SUM(C20:F20) -> 0 | I20: 680706133 | K20: =I20+J20 -> 680706133 | M20: =K20-H20 -> 680706133 | N20: =IF(H20=0,0,(M20/H20)*100)*-1 -> 0 | T20: =H20-K20-O20-P20 -> -680706133
B21: 林務 | G21: =SUM(C21:F21) -> 0 | I21: 80206229 | K21: =SUM(I21:J21) -> 80206229 | L21: =IF(F21=0,0,(K21/F21)*100)*-1 -> 0 | M21: =K21-H21 -> 80206229 | N21: =IF(H21=0,0,(M21/H21)*100)*-1 -> 0 | T21: =H21-K21-O21-P21 -> -80206229
B22: 房屋及建築 | C22: =C23 -> 27799169 | D22: =D23 -> 49480000 | E22: =E23 -> 0 | F22: =F23 -> 0 | G22: =SUM(C22:F22) -> 77279169 | H22: =H23+H28 -> 41430000 | I22: =I23+I28 -> 35467883 | J22: =SUM(J23:J28) -> 0 | K22: =K23+K28 -> 35467883 | L22: =IF(H22=0,0,(K22/H22)*100) -> 85.61 | M22: =K22-H22 -> -5962117 | N22: =IF(H22=0,0,(M22/H22)*100)*-1 -> 14.39 | O22: =O23+O28 -> 0 | P22: =P23+P28 -> 0 | Q22: 林務發展及造林基金：1.臺鐵局協助營運辦理之阿里山森林鐵路竹崎工區屋舍整修工程因變更契約 ，致執行落後。 2.滿月圓遊客中心解說設施設置工程因廠商設計延遲，致執行落後。 3.烏來台車人口意象、樓梯及林業生活館外牆防水改善工程因變更設計，致執行落後。 | R22: 林務發展及造林基金：積極辦理。 | T22: =H22-K22-O22-P22 -> 5962117
B23: 房屋及建築 | C23: =SUM(C24:C27) -> 27799169 | D23: =SUM(D24:D27) -> 49480000 | E23: =SUM(E24:E27) -> 0 | F23: =SUM(F24:F27) -> 0 | G23: =SUM(G24:G27) -> 77279169 | H23: =SUM(H24:H27) -> 41430000 | I23: =SUM(I24:I27) -> 0 | J23: =SUM(J24:J27) -> 0 | K23: =SUM(K24:K27) -> 0 | L23: =IF(H23=0,0,(K23/H23)*100) -> 0 | M23: =SUM(M24:M27) -> -41430000 | N23: =IF(H23=0,0,(M23/H23)*100)*-1 -> 100 | O23: =SUM(O24:O27) -> 0 | P23: =SUM(P24:P27) -> 0 | T23: =H23-K23-O23-P23 -> 41430000
B24: 農發 | G24: =SUM(C24:F24) -> 0 | K24: =SUM(I24:J24) -> 0 | L24: =IF(H24=0,0,(I24/H24)*100) -> 0 | M24: =I24-H24 -> 0 | N24: =IF(H24=0,0,(M24/H24)*100)*-1 -> 0 | O24: 0 | P24: 0 | T24: =H24-K24-O24-P24 -> 0
B25: 農損 | G25: =SUM(C25:F25) -> 0 | K25: =SUM(I25:J25) -> 0 | L25: =IF(H25=0,0,(I25/H25)*100) -> 0 | M25: =I25-H25 -> 0 | N25: =IF(H25=0,0,(M25/H25)*100)*-1 -> 0 | O25: 0 | P25: 0 | T25: =H25-K25-O25-P25 -> 0
B26: 林務 | C26: 27799169 | D26: 49480000 | G26: =SUM(C26:F26) -> 77279169 | H26: 41430000 | I26: 0 | K26: =SUM(I26:J26) -> 0 | L26: =IF(H26=0,0,(I26/H26)*100) -> 0 | M26: =K26-H26 -> -41430000 | N26: =IF(H26=0,0,(M26/H26)*100)*-1 -> 100 | P26: 0 | T26: =H26-K26-O26-P26 -> 41430000
B27: 再生 | G27: =SUM(C27:F27) -> 0 | I27: 0 | K27: =SUM(I27:J27) -> 0 | L27: =IF(H27=0,0,(I27/H27)*100) -> 0 | M27: =K27-H27 -> 0 | N27: =IF(H27=0,0,(M27/H27)*100)*-1 -> 0 | O27: 0 | T27: =H27-K27-O27-P27 -> 0
B28: 購建中固定資產 | C28: =SUM(C29:C31) -> 0 | D28: =SUM(D29:D31) -> 0 | E28: =SUM(E29:E31) -> 0 | F28: =SUM(F29:F31) -> 0 | G28: =SUM(G29:G31) -> 0 | H28: =SUM(H29:H31) -> 0 | I28: =I31 -> 35467883 | J28: =SUM(J29:J31) -> 0 | K28: =SUM(I28:J28) -> 35467883 | L28: =IF(H28=0,0,(K28/H28)*100) -> 0 | M28: =K28-H28 -> 35467883 | N28: =IF(H28=0,0,(M28/H28)*100)*-1 -> 0 | O28: =SUM(O29:O31) -> 0 | P28: =SUM(P29:P31) -> 0 | T28: =H28-K28-O28-P28 -> -35467883
B29: 農發 | K29: =SUM(I29:J29) -> 0 | L29: =IF(H29=0,0,(K29/H29)*100) -> 0 | M29: =K29-H29 -> 0 | N29: =IF(H29=0,0,(M29/H29)*100)*-1 -> 0 | P29: 0 | T29: =H29-K29-O29-P29 -> 0
B30: 農損 | K30: 0 | M30: =K30-H30 -> 0 | T30: =H30-K30-O30-P30 -> 0
B31: 林務 | I31: 35467883 | K31: =SUM(I31:J31) -> 35467883 | M31: =K31-H31 -> 35467883 | T31: =H31-K31-O31-P31 -> -35467883
T32: =H32-K32-O32-P32 -> 0
B33: 機械及設備 | C33: =C34 -> 21181245 | D33: =D34 -> 53791000 | E33: =E34 -> 0 | F33: =F34 -> 0 | G33: =G34 -> 74972245 | H33: =+H34+H40 -> 30396000 | I33: =+I34+I40 -> 7609607 | J33: =+J34 -> 0 | K33: =SUM(I33:J33) -> 7609607 | L33: =IF(H33=0,0,(K33/H33)*100) -> 25.03 | M33: =K33-H33 -> -22786393 | N33: =IF(H33=0,0,(M33/H33)*100)*-1 -> 74.97 | O33: =+O34 -> 0 | P33: =+P34 -> 0 | Q33: 林務發展及造林基金：係臺鐵局代辦阿里山森林鐵路修理工廠設備改善及空氣汙染防制設備新設工程-阿里山車庫油槽工程廠商確認不需申請水保修改規格，刻正辦理驗收程序中，致執行落後。 農村再生基金：年度業務採購已積極規劃辦理中。 | R33: 林務發展及造林基金：積極辦理。 農村再生基金：年度業務採購已積極規劃辦理中。 | T33: =H33-K33-O33-P33 -> 22786393
B34: 機械及設備 | C34: =SUM(C35:C38) -> 21181245 | D34: =SUM(D35:D38) -> 53791000 | E34: =SUM(E35:E38) -> 0 | F34: =SUM(F35:F38) -> 0 | G34: =SUM(G35:G38) -> 74972245 | H34: =SUM(H35:H38) -> 30396000 | I34: =SUM(I35:I38) -> 1361359 | J34: =SUM(J35:J38) -> 0 | K34: =SUM(I34:J34) -> 1361359 | L34: =IF(H34=0,0,(K34/H34)*100) -> 4.48 | M34: =K34-H34 -> -29034641 | N34: =IF(H34=0,0,(M34/H34)*100)*-1 -> 95.52 | O34: =SUM(O35:O38) -> 0 | P34: =SUM(P35:P38) -> 0 | T34: =H34-K34-O34-P34 -> 29034641
B35: 再生 | D35: 27838000 | F35: 0 | G35: =SUM(C35:F35) -> 27838000 | H35: 14417000 | I35: 537756 | K35: =SUM(I35:J35) -> 537756 | L35: =IF(H35=0,0,(K35/H35)*100) -> 3.73 | M35: =K35-H35 -> -13879244 | N35: =IF(H35=0,0,(M35/H35)*100)*-1 -> 96.27 | O35: 0 | P35: 0 | T35: =H35-K35-O35-P35 -> 13879244
B36: 農發 | C36: 9653600 | D36: 11155000 | E36: 0 | G36: =SUM(C36:F36) -> 20808600 | H36: 945000 | I36: 703000 | K36: =SUM(I36:J36) -> 703000 | L36: =IF(H36=0,0,(K36/H36)*100) -> 74.39 | M36: =K36-H36 -> -242000 | N36: =IF(H36=0,0,(M36/H36)*100)*-1 -> 25.61 | O36: 0 | P36: 0 | T36: =H36-K36-O36-P36 -> 242000
B37: 農損 | G37: =SUM(C37:F37) -> 0 | K37: =SUM(I37:J37) -> 0 | L37: =IF(H37=0,0,(K37/H37)*100) -> 0 | M37: =K37-H37 -> 0 | N37: =IF(H37=0,0,(M37/H37)*100)*-1 -> 0 | O37: 0 | P37: 0 | T37: =H37-K37-O37-P37 -> 0
B38: 林務 | C38: 11527645 | D38: 14798000 | G38: =SUM(C38:F38) -> 26325645 | H38: 15034000 | I38: 120603 | K38: =SUM(I38:J38) -> 120603 | L38: =IF(H38=0,0,(K38/H38)*100) -> 0.8 | M38: =K38-H38 -> -14913397 | N38: =IF(H38=0,0,(M38/H38)*100)*-1 -> 99.2 | T38: =H38-K38-O38-P38 -> 14913397
T39: =H39-K39-O39-P39 -> 0
B40: 購建中固定資產 | C40: =C41 -> 0 | D40: =D41 -> 0 | E40: =E41 -> 0 | F40: =F41 -> 0 | G40: =G41 -> 0 | H40: =H41 -> 0 | I40: =SUM(I41) -> 6248248 | J40: =SUM(J42:J44) -> 0 | K40: =SUM(I40:J40) -> 6248248 | L40: =IF(H40=0,0,(K40/H40)*100) -> 0 | M40: =K40-H40 -> 6248248 | N40: =IF(H40=0,0,(M40/H40)*100)*-1 -> 0 | O40: =O41 -> 0 | P40: =P41 -> 0 | T40: =H40-K40-O40-P40 -> -6248248
B41: 林務 | G41: =C41+D41+E41+F41 -> 0 | I41: 6248248 | K41: =SUM(I41:J41) -> 6248248 | L41: =IF(H41=0,0,(I41/H41)*100) -> 0 | M41: =K41-H41 -> 6248248 | N41: =IF(H41=0,0,(M41/H41)*100)*-1 -> 0 | T41: =H41-K41-O41-P41 -> -6248248
T42: =H42-K42-O42-P42 -> 0
B43: 交通及運輸設備 | C43: =C44 -> 115672244 | D43: =D44 -> 109230000 | E43: =E44 -> 0 | F43: =F44 -> 0 | G43: =G44 -> 224902244 | H43: =+H44+H49 -> 74053000 | I43: =+I44+I49 -> 22249843 | J43: =+J44+J49 -> 0 | K43: =SUM(I43:J43) -> 22249843 | L43: =IF(H43=0,0,(K43/H43)*100) -> 30.05 | M43: =K43-H43 -> -51803157 | N43: =IF(H43=0,0,(M43/H43)*100)*-1 -> 69.95 | O43: =+O44+O49 -> 0 | P43: =+P44+P49 -> 0 | Q43: 林務發展及造林基金：1.阿里山森林鐵路無線電系統改善工程因追加隧道工程辦理契約變更，致執行落後。 2.烏來台車軌道設施及擋土牆災害復建工程因變更設計，致執行落後。 3.太平山蹦蹦車道邊坡崩塌及軌道路基復建工程因施工地點崩塌，致執行落後。 農村再生基金：年度業務採購已積極規劃辦理中。 農業發展基金:因應業務需求，實際執行數較預計數增加。 | R43: 林務發展及造林基金：積極辦理。 農村再生基金：年度業務採購已積極規劃辦理中。 | T43: =H43-K43-O43-P43 -> 51803157
B44: 交通及運輸設備 | C44: =SUM(C45:C48) -> 115672244 | D44: =SUM(D45:D48) -> 109230000 | E44: =SUM(E45:E48) -> 0 | F44: =SUM(F45:F48) -> 0 | G44: =SUM(G45:G48) -> 224902244 | H44: =SUM(H45:H48) -> 74053000 | I44: =SUM(I45:I48) -> 1364768 | J44: =SUM(J45:J48) -> 0 | K44: =SUM(K45:K48) -> 1364768 | L44: =IF(H44=0,0,(K44/H44)*100) -> 1.84 | M44: =SUM(M45:M48) -> -72688232 | N44: =IF(H44=0,0,(M44/H44)*100)*-1 -> 98.16 | O44: =SUM(O45:O48) -> 0 | P44: =SUM(P45:P48) -> 0 | T44: =H44-K44-O44-P44 -> 72688232
B45: 農發 | D45: 486000 | G45: =SUM(C45:F45) -> 486000 | H45: 50000 | I45: 90300 | K45: =SUM(I45:J45) -> 90300 | L45: =IF(H45=0,0,(K45/H45)*100) -> 180.6 | M45: =K45-H45 -> 40300 | N45: =IF(H45=0,0,(M45/H45)*100) -> 80.6 | T45: =H45-K45-O45-P45 -> -40300
B46: 農損 | G46: =SUM(C46:F46) -> 0 | K46: =SUM(I46:J46) -> 0 | L46: =IF(H46=0,0,(K46/H46)*100) -> 0 | M46: =K46-H46 -> 0 | T46: =H46-K46-O46-P46 -> 0
B47: 林務 | C47: 115672244 | D47: 108609000 | G47: =SUM(C47:F47) -> 224281244 | H47: 73923000 | I47: 1144180 | K47: =SUM(I47:J47) -> 1144180 | L47: =IF(H47=0,0,(I47/H47)*100) -> 1.55 | M47: =K47-H47 -> -72778820 | N47: =IF(H47=0,0,(M47/H47)*100)*-1 -> 98.45 | T47: =H47-K47-O47-P47 -> 72778820
B48: 再生 | D48: 135000 | G48: =SUM(C48:F48) -> 135000 | H48: 80000 | I48: 130288 | K48: =SUM(I48:J48) -> 130288 | L48: =IF(H48=0,0,(K48/H48)*100) -> 162.86 | M48: =K48-H48 -> 50288 | N48: =IF(H48=0,0,(M48/H48)*100)*-1 -> -62.86 | O48: 0 | P48: 0 | T48: =H48-K48-O48-P48 -> -50288
B49: 購建中固定資產 | I49: =SUM(I50) -> 20885075 | J49: =SUM(J51:J53) -> 0 | K49: =SUM(I49:J49) -> 20885075 | L49: =IF(H49=0,0,(K49/H49)*100) -> 0 | M49: =K49-H49 -> 20885075 | N49: =IF(H49=0,0,(M49/H49)*100)*-1 -> 0 | O49: =O50 -> 0 | P49: =P50 -> 0 | T49: =H49-K49-O49-P49 -> -20885075
B50: 林務 | I50: 20885075 | K50: =SUM(I50:J50) -> 20885075 | L50: =IF(H50=0,0,(I50/H50)*100) -> 0 | M50: =K50-H50 -> 20885075 | N50: =IF(H50=0,0,(M50/H50)*100)*-1 -> 0 | T50: =H50-K50-O50-P50 -> -20885075
B51: 什項設備 | C51: =C52 -> 3353321 | D51: =D52 -> 4829000 | E51: =E52 -> 0 | F51: =F52 -> 0 | G51: =SUM(G53:G56) -> 8182321 | H51: =SUM(H53:H56) -> 6222000 | I51: =+I52+I57 -> 4596952 | J51: =+J52 -> 0 | K51: =+K52+K57 -> 4596952 | L51: =IF(H51=0,0,(K51/H51)*100) -> 73.88 | M51: =K51-H51 -> -1625048 | N51: =IF(H51=0,0,(M51/H51)*100)*-1 -> 26.12 | O51: =+O52 -> 0 | P51: =+P52 -> 0 | Q51: 林務發展及造林基金：多項採購未及辦理驗收，致執行落後。 農村再生基金：年度業務採購已積極規劃辦理中。 | R51: 林務發展及造林基金：積極辦理。 農村再生基金：年度業務採購已積極規劃辦理中。 | T51: =H51-K51-O51-P51 -> 1625048
B52: 什項設備 | C52: =SUM(C53:C56) -> 3353321 | D52: =SUM(D53:D56) -> 4829000 | E52: =SUM(E53:E56) -> 0 | F52: =SUM(F53:F56) -> 0 | G52: =SUM(G53:G56) -> 8182321 | H52: =SUM(H53:H56) -> 6222000 | I52: =SUM(I53:I56) -> 1528786 | J52: =SUM(J53:J54) -> 0 | K52: =SUM(K53:K56) -> 1528786 | L52: =IF(H52=0,0,(K52/H52)*100) -> 24.57 | M52: =K52-H52 -> -4693214 | N52: =IF(H52=0,0,(M52/H52)*100)*-1 -> 75.43 | O52: =SUM(O53:O56) -> 0 | P52: =SUM(P53:P56) -> 0 | T52: =H52-K52-O52-P52 -> 4693214
B53: 農發 | F53: 0 | G53: =SUM(C53:F53) -> 0 | H53: 0 | I53: 0 | K53: =SUM(I53:J53) -> 0 | L53: =IF(H53=0,0,(I53/H53)*100) -> 0 | M53: =K53-H53 -> 0 | N53: =IF(H53=0,0,(M53/H53)*100)*-1 -> 0 | P53: 0 | T53: =H53-K53-O53-P53 -> 0
B54: 林務 | C54: 3353321 | D54: 3789000 | G54: =SUM(C54:F54) -> 7142321 | H54: 5332000 | I54: 941184 | J54: 0 | K54: =SUM(I54:J54) -> 941184 | L54: =IF(H54=0,0,(I54/H54)*100) -> 17.65 | M54: =K54-H54 -> -4390816 | N54: =IF(H54=0,0,(M54/H54)*100) -> -82.35 | T54: =H54-K54-O54-P54 -> 4390816
B55: 再生 | C55: 0 | D55: 1040000 | F55: 0 | G55: =SUM(C55:F55) -> 1040000 | H55: 890000 | I55: 587602 | K55: =SUM(I55:J55) -> 587602 | L55: =IF(H55=0,0,(I55/H55)*100) -> 66.02 | M55: =K55-H55 -> -302398 | N55: =IF(H55=0,0,(M55/H55)*100)*-1 -> 33.98 | T55: =H55-K55-O55-P55 -> 302398
B56: 漁發 | G56: =SUM(C56:F56) -> 0 | K56: =SUM(I56:J56) -> 0 | L56: =IF(H56=0,0,(I56/H56)*100) -> 0 | M56: =I56-H56 -> 0 | N56: =IF(H56=0,0,(M56/H56)*100)*-1 -> 0 | T56: =H56-K56-O56-P56 -> 0
B57: 購建中固定資產 | I57: =+I58 -> 3068166 | K57: =+K58 -> 3068166 | M57: =K57-H57 -> 3068166
B58: 林務 | I58: 3068166 | K58: 3068166 | M58: =K58-H58 -> 3068166
T59: =H59-K59-O59-P59 -> 0
B60: 合 計 | C60: =C14+C22+C33+C43+C51 -> 1514999935 | D60: =D14+D22+D33+D43+D51+D10 -> 1250433000 | E60: =E10+E14+E22+E33+E43+E51 -> 0 | F60: =F10+F14+F22+F33+F43+F51 -> 0 | G60: =G14+G22+G33+G43+G51+G10 -> 2765432935 | H60: =H14+H22+H33+H43+H51+H10 -> 1588959000 | I60: =I14+I22+I33+I43+I51+I10 -> 830836647 | J60: =J14+J22+J33+J43+J51 -> 0 | K60: =K14+K22+K33+K43+K51+K10 -> 830836647 | L60: =IF(H60=0,0,(K60/H60)*100) -> 52.29 | M60: =M14+M22+M33+M43+M51+M10 -> -758122353 | N60: =IF(H60=0,0,(M60/H60)*100)*-1 -> 47.71 | O60: =O14+O22+O33+O43+O51+O11 -> 0 | P60: =P14+P22+P33+P43+P51+P11 -> 0 | T60: =H60-K60-O60-P60 -> 758122353
A61: 勾稽上表與下表合計 | C61: =C60-C62 -> 0 | D61: =D60-D62 -> 0 | E61: =E60-E62 -> 0 | F61: =F60-F62 -> 0 | G61: =G60-G62 -> 0 | H61: =H60-H62 -> 0 | I61: =I60-I62 -> 0 | J61: =J60-J62 -> 0 | K61: =K60-K62 -> 0 | L61: =IF(H61=0,0,(K61/H61)*100) -> 0 | M61: =M60-M62 -> 3068166 | N61: =IF(H61=0,0,(M61/H61)*100)*-1 -> 0 | O61: =O60-O62 -> 0 | P61: =P60-P62 -> 0
B62: 合 計 | C62: =SUM(C63:C66) -> 1514999935 | D62: =SUM(D63:D66) -> 1250433000 | E62: =SUM(E63:E66) -> 0 | F62: =SUM(F63:F66) -> 0 | G62: =SUM(G63:G66) -> 2765432935 | H62: =SUM(H63:H66) -> 1588959000 | I62: =SUM(I63:I66) -> 830836647 | J62: =SUM(J63:J65) -> 0 | K62: =SUM(K63:K66) -> 830836647 | M62: =SUM(M63:M66) -> -761190519 | N62: =IF(H62=0,0,(M62/H62)*100)*-1 -> 47.9 | O62: =SUM(O63:O66) -> 0 | P62: =SUM(P63:P66) -> 0
A63: 本表基金合計 | B63: 農發 | C63: =C24+C29+C36+C45+C53 -> 9653600 | D63: =D24+D36+D45+D53 -> 11641000 | E63: =E24+E36+E45+E53 -> 0 | F63: =F24+F36+F45+F53+F18 -> 0 | G63: =G24+G36+G45+G53+G18 -> 21294600 | H63: =H24+H36+H45+H53+H18 -> 995000 | I63: =I24+I36+I45+I53+I18 -> 793300 | J63: =J24+J36+J45+J53+J18 -> 0 | K63: =K24+K36+K45+K53+K18 -> 793300 | L63: =IF(H63=0,0,(I63/H63)*100) -> 79.73 | M63: =M24+M36+M45+M53+M18 -> -201700 | N63: =IF(H63=0,0,(M63/H63)*100)*-1 -> 20.27 | O63: =O24+O36+O45+O53+O18 -> 0 | P63: =P24+P36+P45+P53+P18 -> 0
B64: 林務 | C64: =C16+C21+C26+C31+C38+C47+C54+C41 -> 278611818 | D64: =D16+D21+D26+D31+D38+D47+D54+D41+D10 -> 359779000 | E64: =E16+E21+E26+E31+E38+E47+E54+E41 -> 0 | F64: =F16+F21+F26+F31+F38+F47+F54+F41 -> 0 | G64: =G16+G21+G26+G31+G38+G47+G54+G41+G10 -> 638390818 | H64: =H16+H21+H26+H31+H38+H47+H54+H41 -> 270519000 | I64: =I16+I21+I26+I31+I38+I47+I54+I41+I50+I57 -> 148081568 | J64: =J16+J21+J26+J31+J38+J47+J54+J41 -> 0 | K64: =K16+K21+K26+K31+K38+K47+K54+K41+K50+K57 -> 148081568 | L64: =IF(H64=0,0,(I64/H64)*100) -> 54.74 | M64: =M16+M21+M26+M31+M38+M47+M54+M41+M50 -> -125505598 | N64: =IF(H64=0,0,(M64/H64)*100)*-1 -> 46.39 | O64: =O16+O21+O26+O31+O38+O47+O54+O50 -> 0 | P64: =P16+P21+P26+P31+P38+P47+P54+P50 -> 0
B65: 再生 | C65: =C17+C20+C27+C35+C48+C55 -> 1226734517 | D65: =D17+D20+D27+D35+D48+D55 -> 879013000 | E65: =E17+E20+E27+E35+E48+E55 -> 0 | F65: =F17+F20+F27+F35+F48+F55 -> 0 | G65: =G17+G20+G27+G35+G48+G55 -> 2105747517 | H65: =H17+H20+H27+H35+H48+H55 -> 1317445000 | I65: =I17+I20+I27+I35+I48+I55 -> 681961779 | J65: =J17+J20+J27+J35+J48+J55 -> 0 | K65: =K17+K20+K27+K35+K48+K55 -> 681961779 | L65: =IF(H65=0,0,(I65/H65)*100) -> 51.76 | M65: =M17+M20+M27+M35+M48+M55 -> -635483221 | N65: =IF(H65=0,0,(M65/H65)*100)*-1 -> 48.24 | O65: =O17+O20+O55+O35 -> 0 | P65: =P17+P20+P55+P35+P27 -> 0
B66: 農損 | C66: =SUM(C25,C30,C37,C46,C55) -> 0 | E66: =SUM(E25,E37,E46,E55) -> 0 | F66: =SUM(F25,F37,F46,F30) -> 0 | H66: =SUM(H25,H30,H37,H46) -> 0 | I66: =SUM(I25,I30,I37,I46) -> 0 | J66: =SUM(J25,J37,J46,J55) -> 0 | K66: =SUM(K25,K30,K37,K46) -> 0 | L66: =IF(H66=0,0,(K66/H66)*100) -> 0 | M66: =SUM(M25,M30,M37,M46) -> 0 | N66: =IF(H66=0,0,(M66/H66)*100)*-1 -> 0 | O66: =SUM(O25,O37,O46,O55) -> 0
B67: 核對來源餘絀表 | Q67: 森林鐵路柴油機車因阿里山鐵路第42號隧道處坍方，試車時程延誤；軌道砸道車發生履約爭議處理中，致執行進度落後。
B68: 農發 | C68: =來源餘絀表!#REF! -> #REF! | D68: =來源餘絀表!B90 -> 11641000 | G68: =SUM(C68:F68) -> #REF! | H68: =來源餘絀表!H90 -> 995000 | I68: =來源餘絀表!G90 -> 793300 | K68: =來源餘絀表!G90 -> 793300 | M68: =來源餘絀表!I90 -> -201700
B69: 林務 | C69: =來源餘絀表!#REF! -> #REF! | D69: =來源餘絀表!B47 -> 359779000 | E69: =來源餘絀表!#REF! -> #REF! | G69: =SUM(C69:F69) -> #REF! | H69: =來源餘絀表!H47 -> 115336000 | I69: =來源餘絀表!G47 -> 148081568 | K69: =來源餘絀表!G47 -> 148081568 | M69: =來源餘絀表!I47 -> 32745568
B70: 再生 | C70: =來源餘絀表!#REF! -> #REF! | D70: =來源餘絀表!B92 -> 879013000 | E70: =來源餘絀表!#REF! -> #REF! | G70: =SUM(C70:F70) -> #REF! | H70: =來源餘絀表!H92 -> 90710000 | I70: =來源餘絀表!G92 -> 681961779 | K70: =來源餘絀表!G92 -> 681961779 | M70: =來源餘絀表!I92 -> 591251779
B71: 農損 | G71: =SUM(C71:F71) -> 0
B72: 小計 | C72: =SUM(C68:C71) -> #REF! | D72: =SUM(D68:D71) -> 1250433000 | E72: =SUM(E68:E71) -> #REF! | F72: =SUM(F68:F71) -> 0 | G72: =SUM(G68:G71) -> #REF! | H72: =SUM(H68:H71) -> 207041000 | I72: =SUM(I68:I71) -> 830836647 | J72: =SUM(J68:J71) -> 0 | ... O72: =SUM(O68:O71) -> 0
A73: 最上表與餘絀表差異 | C73: =C60-C72 -> #REF! | D73: =D60-D72 -> 0 | E73: =E60-E72 -> #REF! | F73: =F60-F72 -> 0 | G73: =G60-G72 -> #REF! | H73: =H60-H72 -> 1381918000 | I73: =I60-I72 -> 0 | J73: =J60-J72 -> 0 | K73: =K60-K72 -> 0 | M73: =M60-M72 -> -1381918000

Sheet 累計實際
A1: 將k及L值複製至O及P.
A2: 農 業 特 別 收 入 基 金
A3: 將b64值複製至上月份本期餘絀 | B3: 「累計實際」複製至「上月實際」
G6: 100.6.7
A7: 分基金名稱 會計科目 | B7: 農業發展 基 金 | C7: 漁業發展 基 金 | D7: 林務發展暨 造林基金 | E7: 漁產平準 基 金 | F7: 農業天然災 害救助基金 | G7: 農業受進口損害 基 金 | H7: 農村再生基金 | I7: 合 計
J8: 與來源餘絀表核對
A10: 基金來源 | B10: ='餘絀表(實際數)'!B10+'上月實際 '!B10 -> 9781378634 | C10: ='餘絀表(實際數)'!C10+'上月實際 '!C10 -> 118000 | D10: ='餘絀表(實際數)'!D10+'上月實際 '!D10 -> 747740048 | E10: ='餘絀表(實際數)'!E10+'上月實際 '!E10 -> 0 | F10: ='餘絀表(實際數)'!F10+'上月實際 '!F10 -> 1191326849 | G10: ='餘絀表(實際數)'!G10+'上月實際 '!G10 -> 4593569631 | H10: ='餘絀表(實際數)'!H10+'上月實際 '!H10 -> 3584225415 | I10: ='餘絀表(實際數)'!I10+'上月實際 '!I10 -> 19898358577 | J10: =來源餘絀表!G10 -> 19898358577 | K10: =I10-J10 -> 0
A11: 徵收收入 | B11: ='餘絀表(實際數)'!B11+'上月實際 '!B11 -> 0 | C11: ='餘絀表(實際數)'!C11+'上月實際 '!C11 -> 0 | D11: ='餘絀表(實際數)'!D11+'上月實際 '!D11 -> 1801373 | E11: ='餘絀表(實際數)'!E11+'上月實際 '!E11 -> 0 | F11: ='餘絀表(實際數)'!F11+'上月實際 '!F11 -> 0 | G11: ='餘絀表(實際數)'!G11+'上月實際 '!G11 -> 0 | H11: ='餘絀表(實際數)'!H11+'上月實際 '!H11 -> 0 | I11: ='餘絀表(實際數)'!I11+'上月實際 '!I11 -> 1801373 | J11: =來源餘絀表!G11 -> 1801373 | K11: =I11-J11 -> 0
A12: 違規罰款收入 | B12: ='餘絀表(實際數)'!B12+'上月實際 '!B12 -> 0 | C12: ='餘絀表(實際數)'!C12+'上月實際 '!C12 -> 0 | D12: ='餘絀表(實際數)'!D12+'上月實際 '!D12 -> 1801373 | E12: ='餘絀表(實際數)'!E12+'上月實際 '!E12 -> 0 | F12: ='餘絀表(實際數)'!F12+'上月實際 '!F12 -> 0 | G12: ='餘絀表(實際數)'!G12+'上月實際 '!G12 -> 0 | H12: ='餘絀表(實際數)'!H12+'上月實際 '!H12 -> 0 | I12: ='餘絀表(實際數)'!I12+'上月實際 '!I12 -> 1801373 | J12: =來源餘絀表!G12 -> 1801373 | K12: =I12-J12 -> 0
A13: 健康福利捐分配收入 | B13: ='餘絀表(實際數)'!B13+'上月實際 '!B13 -> 0 | C13: ='餘絀表(實際數)'!C13+'上月實際 '!C13 -> 0 | D13: ='餘絀表(實際數)'!D13+'上月實際 '!D13 -> 0 | E13: ='餘絀表(實際數)'!E13+'上月實際 '!E13 -> 0 | F13: ='餘絀表(實際數)'!F13+'上月實際 '!F13 -> 0 | G13: ='餘絀表(實際數)'!G13+'上月實際 '!G13 -> 0 | H13: ='餘絀表(實際數)'!H13+'上月實際 '!H13 -> 0 | I13: ='餘絀表(實際數)'!I13+'上月實際 '!I13 -> 0 | J13: =來源餘絀表!G13 -> 0 | K13: =I13-J13 -> 0
A14: 勞務收入 | B14: ='餘絀表(實際數)'!B14+'上月實際 '!B14 -> 0 | C14: ='餘絀表(實際數)'!C14+'上月實際 '!C14 -> 0 | D14: ='餘絀表(實際數)'!D14+'上月實際 '!D14 -> 388274132 | E14: ='餘絀表(實際數)'!E14+'上月實際 '!E14 -> 0 | F14: ='餘絀表(實際數)'!F14+'上月實際 '!F14 -> 0 | G14: ='餘絀表(實際數)'!G14+'上月實際 '!G14 -> 0 | H14: ='餘絀表(實際數)'!H14+'上月實際 '!H14 -> 0 | I14: ='餘絀表(實際數)'!I14+'上月實際 '!I14 -> 388274132 | J14: =來源餘絀表!G14 -> 388274132 | K14: =I14-J14 -> 0
A15: 服務收入 | B15: ='餘絀表(實際數)'!B15+'上月實際 '!B15 -> 0 | C15: ='餘絀表(實際數)'!C15+'上月實際 '!C15 -> 0 | D15: ='餘絀表(實際數)'!D15+'上月實際 '!D15 -> 308258244 | E15: ='餘絀表(實際數)'!E15+'上月實際 '!E15 -> 0 | F15: ='餘絀表(實際數)'!F15+'上月實際 '!F15 -> 0 | G15: ='餘絀表(實際數)'!G15+'上月實際 '!G15 -> 0 | H15: ='餘絀表(實際數)'!H15+'上月實際 '!H15 -> 0 | I15: ='餘絀表(實際數)'!I15+'上月實際 '!I15 -> 308258244 | J15: =來源餘絀表!G15 -> 308258244 | K15: =I15-J15 -> 0
A16: 其他勞務收入 | B16: ='餘絀表(實際數)'!B16+'上月實際 '!B16 -> 0 | C16: ='餘絀表(實際數)'!C16+'上月實際 '!C16 -> 0 | D16: ='餘絀表(實際數)'!D16+'上月實際 '!D16 -> 80015888 | E16: ='餘絀表(實際數)'!E16+'上月實際 '!E16 -> 0 | F16: ='餘絀表(實際數)'!F16+'上月實際 '!F16 -> 0 | G16: ='餘絀表(實際數)'!G16+'上月實際 '!G16 -> 0 | H16: ='餘絀表(實際數)'!H16+'上月實際 '!H16 -> 0 | I16: ='餘絀表(實際數)'!I16+'上月實際 '!I16 -> 80015888 | J16: =來源餘絀表!G16 -> 80015888 | K16: =I16-J16 -> 0
A17: 農政收入 | B17: ='餘絀表(實際數)'!B17+'上月實際 '!B17 -> 2060996591 | C17: ='餘絀表(實際數)'!C17+'上月實際 '!C17 -> 0 | D17: ='餘絀表(實際數)'!D17+'上月實際 '!D17 -> 0 | E17: ='餘絀表(實際數)'!E17+'上月實際 '!E17 -> 0 | F17: ='餘絀表(實際數)'!F17+'上月實際 '!F17 -> 0 | G17: ='餘絀表(實際數)'!G17+'上月實際 '!G17 -> 0 | H17: ='餘絀表(實際數)'!H17+'上月實際 '!H17 -> 0 | I17: ='餘絀表(實際數)'!I17+'上月實際 '!I17 -> 2060996591 | J17: =來源餘絀表!G17 -> 2060996591 | K17: =I17-J17 -> 0
A18: 農林漁牧收入 | B18: ='餘絀表(實際數)'!B18+'上月實際 '!B18 -> 2060996591 | C18: ='餘絀表(實際數)'!C18+'上月實際 '!C18 -> 0 | D18: ='餘絀表(實際數)'!D18+'上月實際 '!D18 -> 0 | E18: ='餘絀表(實際數)'!E18+'上月實際 '!E18 -> 0 | F18: ='餘絀表(實際數)'!F18+'上月實際 '!F18 -> 0 | G18: ='餘絀表(實際數)'!G18+'上月實際 '!G18 -> 0 | H18: ='餘絀表(實際數)'!H18+'上月實際 '!H18 -> 0 | I18: ='餘絀表(實際數)'!I18+'上月實際 '!I18 -> 2060996591 | J18: =來源餘絀表!G18 -> 2060996591 | K18: =I18-J18 -> 0
A19: 財產收入 | B19: ='餘絀表(實際數)'!B19+'上月實際 '!B19 -> 3681316 | C19: ='餘絀表(實際數)'!C19+'上月實際 '!C19 -> 110005 | D19: ='餘絀表(實際數)'!D19+'上月實際 '!D19 -> 59285151 | E19: ='餘絀表(實際數)'!E19+'上月實際 '!E19 -> 0 | F19: ='餘絀表(實際數)'!F19+'上月實際 '!F19 -> 128295 | G19: ='餘絀表(實際數)'!G19+'上月實際 '!G19 -> 562185781 | H19: ='餘絀表(實際數)'!H19+'上月實際 '!H19 -> 34132 | I19: ='餘絀表(實際數)'!I19+'上月實際 '!I19 -> 625424680 | J19: =來源餘絀表!G19 -> 625424680 | K19: =I19-J19 -> 0
A20: 財產處分收入 | B20: ='餘絀表(實際數)'!B20+'上月實際 '!B20 -> 7194 | C20: ='餘絀表(實際數)'!C20+'上月實際 '!C20 -> 0 | D20: ='餘絀表(實際數)'!D20+'上月實際 '!D20 -> 0 | E20: ='餘絀表(實際數)'!E20+'上月實際 '!E20 -> 0 | F20: ='餘絀表(實際數)'!F20+'上月實際 '!F20 -> 0 | G20: ='餘絀表(實際數)'!G20+'上月實際 '!G20 -> 0 | H20: ='餘絀表(實際數)'!H20+'上月實際 '!H20 -> 0 | I20: ='餘絀表(實際數)'!I20+'上月實際 '!I20 -> 7194 | J20: =來源餘絀表!G20 -> 7194 | K20: =I20-J20 -> 0
A21: 租金收入 | B21: ='餘絀表(實際數)'!B21+'上月實際 '!B21 -> 0 | C21: ='餘絀表(實際數)'!C21+'上月實際 '!C21 -> 0 | D21: ='餘絀表(實際數)'!D21+'上月實際 '!D21 -> 3818532 | E21: ='餘絀表(實際數)'!E21+'上月實際 '!E21 -> 0 | F21: ='餘絀表(實際數)'!F21+'上月實際 '!F21 -> 0 | G21: ='餘絀表(實際數)'!G21+'上月實際 '!G21 -> 0 | H21: ='餘絀表(實際數)'!H21+'上月實際 '!H21 -> 0 | I21: ='餘絀表(實際數)'!I21+'上月實際 '!I21 -> 3818532 | J21: =來源餘絀表!G21 -> 3818532 | K21: =I21-J21 -> 0
... A27: 雜項收入 | B27: ='餘絀表(實際數)'!B27+'上月實際 '!B27 -> 70700727 | C27: ='餘絀表(實際數)'!C27+'上月實際 '!C27 -> 7995 | D27: ='餘絀表(實際數)'!D27+'上月實際 '!D27 -> 298379392 | E27: ='餘絀表(實際數)'!E27+'上月實際 '!E27 -> 0 | F27: ='餘絀表(實際數)'!F27+'上月實際 '!F27 -> 1198554 | G27: ='餘絀表(實際數)'!G27+'上月實際 '!G27 -> 31383850 | H27: ='餘絀表(實際數)'!H27+'上月實際 '!H27 -> 12191283 | I27: ='餘絀表(實際數)'!I27+'上月實際 '!I27 -> 413861801 | J27: =來源餘絀表!G27 -> 413861801 | K27: =I27-J27 -> 0
A28: 收回金融業特別準備 | B28: ='餘絀表(實際數)'!B28+'上月實際 '!B28 -> 0 | I28: ='餘絀表(實際數)'!I28+'上月實際 '!I28 -> 0 | J28: =來源餘絀表!C28 -> 0
A29: 基金用途 | B29: ='餘絀表(實際數)'!B29+'上月實際 '!B29 -> 7368635168 | C29: ='餘絀表(實際數)'!C29+'上月實際 '!C29 -> 8477684 | D29: ='餘絀表(實際數)'!D29+'上月實際 '!D29 -> 511985888 | E29: ='餘絀表(實際數)'!E29+'上月實際 '!E29 -> 0 | F29: ='餘絀表(實際數)'!F29+'上月實際 '!F29 -> 2493332307 | G29: ='餘絀表(實際數)'!G29+'上月實際 '!G29 -> 1572106350 | H29: ='餘絀表(實際數)'!H29+'上月實際 '!H29 -> 1430720488 | I29: ='餘絀表(實際數)'!I29+'上月實際 '!I29 -> 13385988385 | J29: =來源餘絀表!G29 -> 13385257885 | K29: =I29-J29 -> 730500
A30: 農業研究、實驗、技術 改進計畫 | B30: ='餘絀表(實際數)'!B30+'上月實際 '!B30 -> 5617028 | C30: ='餘絀表(實際數)'!C30+'上月實際 '!C30 -> 0 | D30: ='餘絀表(實際數)'!D30+'上月實際 '!D30 -> 0 | E30: ='餘絀表(實際數)'!E30+'上月實際 '!E30 -> 0 | F30: ='餘絀表(實際數)'!F30+'上月實際 '!F30 -> 0 | G30: ='餘絀表(實際數)'!G30+'上月實際 '!G30 -> 0 | H30: ='餘絀表(實際數)'!H30+'上月實際 '!H30 -> 0 | I30: ='餘絀表(實際數)'!I30+'上月實際 '!I30 -> 5617028 | J30: =來源餘絀表!G30 -> 5617028 | K30: =I30-J30 -> 0
A31: 購建固定資產 | B31: ='餘絀表(實際數)'!B31+'上月實際 '!B31 -> 703000 | C31: ='餘絀表(實際數)'!C31+'上月實際 '!C31 -> 0 | D31: ='餘絀表(實際數)'!D31+'上月實際 '!D31 -> 0 | E31: ='餘絀表(實際數)'!E31+'上月實際 '!E31 -> 0 | F31: ='餘絀表(實際數)'!F31+'上月實際 '!F31 -> 0 | G31: ='餘絀表(實際數)'!G31+'上月實際 '!G31 -> 0 | H31: ='餘絀表(實際數)'!H31+'上月實際 '!H31 -> 0 | I31: ='餘絀表(實際數)'!I31+'上月實際 '!I31 -> 703000 | J31: =來源餘絀表!G31 -> 703000 | K31: =I31-J31 -> 0
A32: 其他 | B32: ='餘絀表(實際數)'!B32+'上月實際 '!B32 -> 4914028 | C32: ='餘絀表(實際數)'!C32+'上月實際 '!C32 -> 0 | D32: ='餘絀表(實際數)'!D32+'上月實際 '!D32 -> 0 | E32: ='餘絀表(實際數)'!E32+'上月實際 '!E32 -> 0 | F32: ='餘絀表(實際數)'!F32+'上月實際 '!F32 -> 0 | G32: ='餘絀表(實際數)'!G32+'上月實際 '!G32 -> 0 | H32: ='餘絀表(實際數)'!H32+'上月實際 '!H32 -> 0 | I32: ='餘絀表(實際數)'!I32+'上月實際 '!I32 -> 4914028 | J32: =來源餘絀表!G32 -> 4914028 | K32: =I32-J32 -> 0
A33: 農業貸款利息差額補貼 計畫 | B33: ='餘絀表(實際數)'!B33+'上月實際 '!B33 -> 964611075 | C33: ='餘絀表(實際數)'!C33+'上月實際 '!C33 -> 0 | D33: ='餘絀表(實際數)'!D33+'上月實際 '!D33 -> 0 | E33: ='餘絀表(實際數)'!E33+'上月實際 '!E33 -> 0 | F33: ='餘絀表(實際數)'!F33+'上月實際 '!F33 -> 0 | G33: ='餘絀表(實際數)'!G33+'上月實際 '!G33 -> 0 | H33: ='餘絀表(實際數)'!H33+'上月實際 '!H33 -> 0 | I33: ='餘絀表(實際數)'!I33+'上月實際 '!I33 -> 964611075 | J33: =來源餘絀表!G33 -> 964611075 | K33: =I33-J33 -> 0
A34: 糧政業務計畫 | B34: ='餘絀表(實際數)'!B34+'上月實際 '!B34 -> 5442465595 | C34: ='餘絀表(實際數)'!C34+'上月實際 '!C34 -> 0 | D34: ='餘絀表(實際數)'!D34+'上月實際 '!D34 -> 0 | E34: ='餘絀表(實際數)'!E34+'上月實際 '!E34 -> 0 | F34: ='餘絀表(實際數)'!F34+'上月實際 '!F34 -> 0 | G34: ='餘絀表(實際數)'!G34+'上月實際 '!G34 -> 0 | H34: ='餘絀表(實際數)'!H34+'上月實際 '!H34 -> 0 | I34: ='餘絀表(實際數)'!I34+'上月實際 '!I34 -> 5442465595 | J34: =來源餘絀表!G34 -> 5442465595 | K34: =I34-J34 -> 0
A35: 購建固定資產 | B35: ='餘絀表(實際數)'!B35+'上月實際 '!B35 -> 90300 | C35: ='餘絀表(實際數)'!C35+'上月實際 '!C35 -> 0 | D35: ='餘絀表(實際數)'!D35+'上月實際 '!D35 -> 0 | E35: ='餘絀表(實際數)'!E35+'上月實際 '!E35 -> 0 | F35: ='餘絀表(實際數)'!F35+'上月實際 '!F35 -> 0 | G35: ='餘絀表(實際數)'!G35+'上月實際 '!G35 -> 0 | H35: ='餘絀表(實際數)'!H35+'上月實際 '!H35 -> 0 | I35: ='餘絀表(實際數)'!I35+'上月實際 '!I35 -> 90300 | J35: =來源餘絀表!G35 -> 90300 | K35: =I35-J35 -> 0
A36: 其他 | B36: ='餘絀表(實際數)'!B36+'上月實際 '!B36 -> 5442375295 | C36: ='餘絀表(實際數)'!C36+'上月實際 '!C36 -> 0 | D36: ='餘絀表(實際數)'!D36+'上月實際 '!D36 -> 0 | E36: ='餘絀表(實際數)'!E36+'上月實際 '!E36 -> 0 | F36: ='餘絀表(實際數)'!F36+'上月實際 '!F36 -> 0 | G36: ='餘絀表(實際數)'!G36+'上月實際 '!G36 -> 0 | H36: ='餘絀表(實際數)'!H36+'上月實際 '!H36 -> 0 | I36: ='餘絀表(實際數)'!I36+'上月實際 '!I36 -> 5442375295 | J36: =來源餘絀表!G36 -> 5442375295 | K36: =I36-J36 -> 0
A37: 穩定肥料及相關資材供需計畫 | B37: ='餘絀表(實際數)'!B37+'上月實際 '!B37 -> 26425716 | C37: ='餘絀表(實際數)'!C37+'上月實際 '!C37 -> 0 | D37: ='餘絀表(實際數)'!D37+'上月實際 '!D37 -> 0 | E37: ='餘絀表(實際數)'!E37+'上月實際 '!E37 -> 0 | F37: ='餘絀表(實際數)'!F37+'上月實際 '!F37 -> 0 | G37: ='餘絀表(實際數)'!G37+'上月實際 '!G37 -> 0 | H37: ='餘絀表(實際數)'!H37+'上月實際 '!H37 -> 0 | I37: ='餘絀表(實際數)'!I37+'上月實際 '!I37 -> 26425716 | J37: =來源餘絀表!G37 -> 26425716 | K37: =I37-J37 -> 0
A38: 產銷調節緊急處理計畫 | B38: ='餘絀表(實際數)'!B38+'上月實際 '!B38 -> 151785514 | C38: ='餘絀表(實際數)'!C38+'上月實際 '!C38 -> 0 | D38: ='餘絀表(實際數)'!D38+'上月實際 '!D38 -> 0 | E38: ='餘絀表(實際數)'!E38+'上月實際 '!E38 -> 0 | F38: ='餘絀表(實際數)'!F38+'上月實際 '!F38 -> 0 | G38: ='餘絀表(實際數)'!G38+'上月實際 '!G38 -> 0 | H38: ='餘絀表(實際數)'!H38+'上月實際 '!H38 -> 0 | I38: ='餘絀表(實際數)'!I38+'上月實際 '!I38 -> 151785514 | J38: =來源餘絀表!G38 -> 151785514 | K38: =I38-J38 -> 0
A39: 農漁民子女就學獎助學 金補助計畫 | B39: ='餘絀表(實際數)'!B39+'上月實際 '!B39 -> 514095547 | C39: ='餘絀表(實際數)'!C39+'上月實際 '!C39 -> 0 | D39: ='餘絀表(實際數)'!D39+'上月實際 '!D39 -> 0 | E39: ='餘絀表(實際數)'!E39+'上月實際 '!E39 -> 0 | F39: ='餘絀表(實際數)'!F39+'上月實際 '!F39 -> 0 | G39: ='餘絀表(實際數)'!G39+'上月實際 '!G39 -> 0 | H39: ='餘絀表(實際數)'!H39+'上月實際 '!H39 -> 0 | I39: ='餘絀表(實際數)'!I39+'上月實際 '!I39 -> 514095547 | J39: =來源餘絀表!G39 -> 514095547 | K39: =I39-J39 -> 0
A40: 豬隻死亡保險業務計畫 | B40: ='餘絀表(實際數)'!B40+'上月實際 '!B40 -> 140000000 | C40: ='餘絀表(實際數)'!C40+'上月實際 '!C40 -> 0 | D40: ='餘絀表(實際數)'!D40+'上月實際 '!D40 -> 0 | E40: ='餘絀表(實際數)'!E40+'上月實際 '!E40 -> 0 | F40: ='餘絀表(實際數)'!F40+'上月實際 '!F40 -> 0 | G40: ='餘絀表(實際數)'!G40+'上月實際 '!G40 -> 0 | H40: ='餘絀表(實際數)'!H40+'上月實際 '!H40 -> 0 | I40: ='餘絀表(實際數)'!I40+'上月實際 '!I40 -> 140000000 | J40: =來源餘絀表!G40 -> 140000000 | K40: =I40-J40 -> 0
... A42: 輔導菸農轉型與檳榔廢園轉作計畫 | B42: ='餘絀表(實際數)'!B42+'上月實際 '!B42 -> 9170795 | C42: ='餘絀表(實際數)'!C42+'上月實際 '!C42 -> 0 | D42: ='餘絀表(實際數)'!D42+'上月實際 '!D42 -> 0 | E42: ='餘絀表(實際數)'!E42+'上月實際 '!E42 -> 0 | F42: ='餘絀表(實際數)'!F42+'上月實際 '!F42 -> 0 | G42: ='餘絀表(實際數)'!G42+'上月實際 '!G42 -> 0 | H42: ='餘絀表(實際數)'!H42+'上月實際 '!H42 -> 0 | I42: ='餘絀表(實際數)'!I42+'上月實際 '!I42 -> 9170795 | J42: =來源餘絀表!G42 -> 9170795 | K42: =I42-J42 -> 0
A43: 處理農會漁會信用部計畫 | B43: ='餘絀表(實際數)'!B43+'上月實際 '!B43 -> 14000 | I43: ='餘絀表(實際數)'!I43+'上月實際 '!I43 -> 14000 | J43: =來源餘絀表!G43 -> 14000
A44: 離農獎勵計畫 | B44: ='餘絀表(實際數)'!B44+'上月實際 '!B44 -> 23830774 | I44: ='餘絀表(實際數)'!I44+'上月實際 '!I44 -> 23830774 | J44: =來源餘絀表!C49 -> 10249124
A45: 全民造林計畫 | B45: ='餘絀表(實際數)'!B45+'上月實際 '!B44 -> 16025789 | C45: ='餘絀表(實際數)'!C45+'上月實際 '!C45 -> 0 | D45: ='餘絀表(實際數)'!D45+'上月實際 '!D45 -> 84836870 | E45: ='餘絀表(實際數)'!E45+'上月實際 '!E45 -> 0 | F45: ='餘絀表(實際數)'!F45+'上月實際 '!F45 -> 0 | G45: ='餘絀表(實際數)'!G45+'上月實際 '!G45 -> 0 | H45: ='餘絀表(實際數)'!H45+'上月實際 '!H45 -> 0 | I45: ='餘絀表(實際數)'!I45+'上月實際 '!I45 -> 84836870 | J45: =來源餘絀表!G45 -> 84836870 | K45: =I45-J45 -> 0
A46: 森林遊樂及森林鐵路經 營管理計畫 | B46: ='餘絀表(實際數)'!B46+'上月實際 '!B46 -> 0 | C46: ='餘絀表(實際數)'!C46+'上月實際 '!C46 -> 0 | D46: ='餘絀表(實際數)'!D46+'上月實際 '!D46 -> 372183412 | E46: ='餘絀表(實際數)'!E46+'上月實際 '!E46 -> 0 | F46: ='餘絀表(實際數)'!F46+'上月實際 '!F46 -> 0 | G46: ='餘絀表(實際數)'!G46+'上月實際 '!G46 -> 0 | H46: ='餘絀表(實際數)'!H46+'上月實際 '!H46 -> 0 | I46: ='餘絀表(實際數)'!I46+'上月實際 '!I46 -> 372183412 | J46: =來源餘絀表!G46 -> 372183412 | K46: =I46-J46 -> 0
A47: 購建固定資產 | B47: ='餘絀表(實際數)'!B47+'上月實際 '!B47 -> 0 | C47: ='餘絀表(實際數)'!C47+'上月實際 '!C47 -> 0 | D47: ='餘絀表(實際數)'!D47+'上月實際 '!D47 -> 148081568 | E47: ='餘絀表(實際數)'!E47+'上月實際 '!E47 -> 0 | F47: ='餘絀表(實際數)'!F47+'上月實際 '!F47 -> 0 | G47: ='餘絀表(實際數)'!G47+'上月實際 '!G47 -> 0 | H47: ='餘絀表(實際數)'!H47+'上月實際 '!H47 -> 0 | I47: ='餘絀表(實際數)'!I47+'上月實際 '!I47 -> 148081568 | J47: =來源餘絀表!G47 -> 148081568 | K47: =I47-J47 -> 0
A48: 其他 | B48: ='餘絀表(實際數)'!B48+'上月實際 '!B48 -> 0 | C48: ='餘絀表(實際數)'!C48+'上月實際 '!C48 -> 0 | D48: ='餘絀表(實際數)'!D48+'上月實際 '!D48 -> 224101844 | E48: ='餘絀表(實際數)'!E48+'上月實際 '!E48 -> 0 | F48: ='餘絀表(實際數)'!F48+'上月實際 '!F48 -> 0 | G48: ='餘絀表(實際數)'!G48+'上月實際 '!G48 -> 0 | H48: ='餘絀表(實際數)'!H48+'上月實際 '!H48 -> 0 | I48: ='餘絀表(實際數)'!I48+'上月實際 '!I48 -> 224101844 | J48: =來源餘絀表!G48 -> 224101844 | K48: =I48-J48 -> 0
A49: 獎勵輔導造林計畫 | B49: ='餘絀表(實際數)'!B49+'上月實際 '!B49 -> 0 | C49: ='餘絀表(實際數)'!C49+'上月實際 '!C49 -> 0 | D49: ='餘絀表(實際數)'!D49+'上月實際 '!D49 -> 44102247 | E49: ='餘絀表(實際數)'!E49+'上月實際 '!E49 -> 0 | F49: ='餘絀表(實際數)'!F49+'上月實際 '!F49 -> 0 | G49: ='餘絀表(實際數)'!G49+'上月實際 '!G49 -> 0 | H49: ='餘絀表(實際數)'!H49+'上月實際 '!H49 -> 0 | I49: ='餘絀表(實際數)'!I49+'上月實際 '!I49 -> 44102247 | J49: =來源餘絀表!G49 -> 44102247 | K49: =I49-J49 -> 0
A50: 造林貸款及山坡地開發利 用回饋金繳交管理計畫 | D50: ='餘絀表(實際數)'!D54+'上月實際 '!D55 -> 141359
A51: 農業天然災害救助計畫 | B51: ='餘絀表(實際數)'!B50+'上月實際 '!B51 -> 0 | C51: ='餘絀表(實際數)'!C50+'上月實際 '!C51 -> 0 | D51: ='餘絀表(實際數)'!D50+'上月實際 '!D51 -> 0 | E51: ='餘絀表(實際數)'!E50+'上月實際 '!E51 -> 0 | F51: ='餘絀表(實際數)'!F50+'上月實際 '!F51 -> 2493332307 | G51: ='餘絀表(實際數)'!G50+'上月實際 '!G51 -> 0 | H51: ='餘絀表(實際數)'!H50+'上月實際 '!H51 -> 0 | I51: ='餘絀表(實際數)'!I50+'上月實際 '!I51 -> 2493332307 | J51: =來源餘絀表!G51 -> 2493332307 | K51: =I51-J51 -> 0
A52: 漁業發展補助計畫 | B52: ='餘絀表(實際數)'!B51+'上月實際 '!B52 -> 0 | C52: ='餘絀表(實際數)'!C51+'上月實際 '!C52 -> 8477684 | D52: ='餘絀表(實際數)'!D51+'上月實際 '!D52 -> 0 | E52: ='餘絀表(實際數)'!E51+'上月實際 '!E52 -> 0 | F52: ='餘絀表(實際數)'!F51+'上月實際 '!F52 -> 0 | G52: ='餘絀表(實際數)'!G51+'上月實際 '!G52 -> 0 | H52: ='餘絀表(實際數)'!H51+'上月實際 '!H52 -> 0 | I52: ='餘絀表(實際數)'!I51+'上月實際 '!I52 -> 8477684 | J52: =來源餘絀表!G52 -> 8477684 | K52: =I52-J52 -> 0
A53: 漁業用油補貼計畫 | B53: ='餘絀表(實際數)'!B52+'上月實際 '!B53 -> 0 | C53: ='餘絀表(實際數)'!C52+'上月實際 '!C53 -> 0 | D53: ='餘絀表(實際數)'!D52+'上月實際 '!D53 -> 0 | E53: ='餘絀表(實際數)'!E52+'上月實際 '!E53 -> 0 | F53: ='餘絀表(實際數)'!F52+'上月實際 '!F53 -> 0 | G53: ='餘絀表(實際數)'!G52+'上月實際 '!G53 -> 0 | H53: ='餘絀表(實際數)'!H52+'上月實際 '!H53 -> 0 | I53: ='餘絀表(實際數)'!I52+'上月實際 '!I53 -> 0 | J53: =來源餘絀表!G53 -> 0 | K53: =I53-J53 -> 0
A54: 加強水產品技術研發與 改進計畫 | B54: ='餘絀表(實際數)'!B53+'上月實際 '!B54 -> 0 | C54: ='餘絀表(實際數)'!C53+'上月實際 '!C54 -> 0 | D54: ='餘絀表(實際數)'!D53+'上月實際 '!D54 -> 0 | E54: ='餘絀表(實際數)'!E53+'上月實際 '!E54 -> 0 | F54: ='餘絀表(實際數)'!F53+'上月實際 '!F54 -> 0 | G54: ='餘絀表(實際數)'!G53+'上月實際 '!G54 -> 0 | H54: ='餘絀表(實際數)'!H53+'上月實際 '!H54 -> 0 | I54: ='餘絀表(實際數)'!I53+'上月實際 '!I54 -> 0 | J54: =來源餘絀表!G54 -> 0 | K54: =I54-J54 -> 0
A55: 調整產業或防範措施計畫 | B55: ='餘絀表(實際數)'!B55+'上月實際 '!B56 -> 0 | C55: ='餘絀表(實際數)'!C55+'上月實際 '!C56 -> 0 | D55: ='餘絀表(實際數)'!D55+'上月實際 '!D56 -> 0 | E55: ='餘絀表(實際數)'!E55+'上月實際 '!E56 -> 0 | F55: ='餘絀表(實際數)'!F55+'上月實際 '!F56 -> 0 | G55: ='餘絀表(實際數)'!G55+'上月實際 '!G56 -> 394409408 | H55: ='餘絀表(實際數)'!H55+'上月實際 '!H56 -> 0 | I55: ='餘絀表(實際數)'!I55+'上月實際 '!I56 -> 292744355 | J55: =來源餘絀表!G55 -> 407861047 | K55: =I55-J55 -> -115116692
A56: 進口損害救助及穩價計畫 | B56: ='餘絀表(實際數)'!B56+'上月實際 '!B57 -> 0 | C56: ='餘絀表(實際數)'!C56+'上月實際 '!C57 -> 0 | D56: ='餘絀表(實際數)'!D56+'上月實際 '!D57 -> 0 | E56: ='餘絀表(實際數)'!E56+'上月實際 '!E57 -> 0 | F56: ='餘絀表(實際數)'!F56+'上月實際 '!F57 -> 0 | G56: ='餘絀表(實際數)'!G56+'上月實際 '!G57 -> 101943101 | H56: ='餘絀表(實際數)'!H56+'上月實際 '!H57 -> 0 | I56: ='餘絀表(實際數)'!I56+'上月實際 '!I57 -> 136473266 | J56: =來源餘絀表!G56 -> 0 | K56: =I56-J56 -> 136473266
A57: 調整耕作制度活化農地計畫 | B57: ='餘絀表(實際數)'!B57+'上月實際 '!B58 -> 0 | C57: ='餘絀表(實際數)'!C57+'上月實際 '!C58 -> 0 | D57: ='餘絀表(實際數)'!D57+'上月實際 '!D58 -> 0 | E57: ='餘絀表(實際數)'!E57+'上月實際 '!E58 -> 0 | F57: ='餘絀表(實際數)'!F57+'上月實際 '!F58 -> 0 | G57: ='餘絀表(實際數)'!G57+'上月實際 '!G58 -> 172739895 | H57: ='餘絀表(實際數)'!H57+'上月實際 '!H58 -> 0 | I57: ='餘絀表(實際數)'!I57+'上月實際 '!I58 -> 36266629 | J57: =來源餘絀表!G57 -> 1136574404 | K57: =I57-J57 -> -1100307775
A58: 農產品進口管理計畫 | G58: ='餘絀表(實際數)'!G58+'上月實際 '!G59 -> 27564682
A59: 農村再生規劃及人力培育計畫 | B59: ='餘絀表(實際數)'!B59+'上月實際 '!B59 -> 0 | H59: ='餘絀表(實際數)'!H59+'上月實際 '!H59 -> 207521934 | I59: ='餘絀表(實際數)'!I59+'上月實際 '!I59 -> 207521934 | J59: =來源餘絀表!G59 -> 207521934 | K59: =I59-J59 -> 0
A60: 購建固定資產 | H60: ='餘絀表(實際數)'!H60+'上月實際 '!H60 -> 214668 | I60: ='餘絀表(實際數)'!I60+'上月實際 '!I60 -> 214668 | J60: =來源餘絀表!G60 -> 214668 | K60: =I60-J60 -> 0
A61: 其他 | H61: ='餘絀表(實際數)'!H61+'上月實際 '!H61 -> 207307266 | I61: ='餘絀表(實際數)'!I61+'上月實際 '!I61 -> 207307266 | J61: =來源餘絀表!G61 -> 207307266 | K61: =I61-J61 -> 0
A62: 農村再生建設及發展計畫 | B62: ='餘絀表(實際數)'!B62+'上月實際 '!B62 -> 0 | C62: ='餘絀表(實際數)'!C62+'上月實際 '!C62 -> 0 | D62: ='餘絀表(實際數)'!D62+'上月實際 '!D62 -> 0 | E62: ='餘絀表(實際數)'!E62+'上月實際 '!E62 -> 0 | F62: ='餘絀表(實際數)'!F62+'上月實際 '!F62 -> 0 | G62: ='餘絀表(實際數)'!G62+'上月實際 '!G62 -> 0 | H62: ='餘絀表(實際數)'!H62+'上月實際 '!H62 -> 1223198554 | I62: ='餘絀表(實際數)'!I62+'上月實際 '!I62 -> 1223198554 | J62: =來源餘絀表!G62 -> 1223198554 | K62: =I62-J62 -> 0
A63: 購建固定資產 | H63: ='餘絀表(實際數)'!H63+'上月實際 '!H63 -> 681747111 | I63: ='餘絀表(實際數)'!I63+'上月實際 '!I63 -> 681747111 | J63: =來源餘絀表!G63 -> 681747111 | K63: =I63-J63 -> 0
A64: 其他 | H64: ='餘絀表(實際數)'!H64+'上月實際 '!H64 -> 541451443 | I64: ='餘絀表(實際數)'!I64+'上月實際 '!I64 -> 541451443 | J64: =來源餘絀表!G64 -> 541451443 | K64: =I64-J64 -> 0
A65: 一般行政管理 | B65: ='餘絀表(實際數)'!B65+'上月實際 '!B65 -> 4550124 | C65: ='餘絀表(實際數)'!C65+'上月實際 '!C65 -> 0 | D65: ='餘絀表(實際數)'!D65+'上月實際 '!D65 -> 0 | E65: ='餘絀表(實際數)'!E65+'上月實際 '!E65 -> 0 | F65: ='餘絀表(實際數)'!F65+'上月實際 '!F65 -> 0 | G65: ='餘絀表(實際數)'!G65+'上月實際 '!G65 -> 0 | H65: ='餘絀表(實際數)'!H65+'上月實際 '!H65 -> 0 | I65: ='餘絀表(實際數)'!I65+'上月實際 '!I65 -> 4550124 | J65: =來源餘絀表!G65 -> 4550124 | K65: =I65-J65 -> 0
A66: 農發基金 | B66: ='餘絀表(實際數)'!B66+'上月實際 '!B66 -> 0 | C66: ='餘絀表(實際數)'!C66+'上月實際 '!C66 -> 0 | D66: ='餘絀表(實際數)'!D66+'上月實際 '!D66 -> 0 | E66: ='餘絀表(實際數)'!E66+'上月實際 '!E66 -> 0 | F66: ='餘絀表(實際數)'!F66+'上月實際 '!F66 -> 0 | G66: ='餘絀表(實際數)'!G66+'上月實際 '!G66 -> 0 | H66: ='餘絀表(實際數)'!H66+'上月實際 '!H66 -> 0 | I66: ='餘絀表(實際數)'!I66+'上月實際 '!I66 -> 0 | J66: =來源餘絀表!G66 -> 0 | K66: =I66-J66 -> 0
A67: 漁發 | B67: ='餘絀表(實際數)'!B67+'上月實際 '!B67 -> 0 | C67: ='餘絀表(實際數)'!C67+'上月實際 '!C67 -> 0 | D67: ='餘絀表(實際數)'!D67+'上月實際 '!D67 -> 0 | E67: ='餘絀表(實際數)'!E67+'上月實際 '!E67 -> 0 | F67: ='餘絀表(實際數)'!F67+'上月實際 '!F67 -> 0 | G67: ='餘絀表(實際數)'!G67+'上月實際 '!G67 -> 0 | H67: ='餘絀表(實際數)'!H67+'上月實際 '!H67 -> 0 | I67: ='餘絀表(實際數)'!I67+'上月實際 '!I67 -> 0 | J67: =來源餘絀表!G67 -> 0 | K67: =I67-J67 -> 0
A68: 自然 | B68: ='餘絀表(實際數)'!B68+'上月實際 '!B68 -> 0 | C68: ='餘絀表(實際數)'!C68+'上月實際 '!C68 -> 0 | D68: ='餘絀表(實際數)'!D68+'上月實際 '!D68 -> 0 | E68: ='餘絀表(實際數)'!E68+'上月實際 '!E68 -> 0 | F68: ='餘絀表(實際數)'!F68+'上月實際 '!F68 -> 0 | G68: ='餘絀表(實際數)'!G68+'上月實際 '!G68 -> 0 | H68: ='餘絀表(實際數)'!H68+'上月實際 '!H68 -> 0 | I68: ='餘絀表(實際數)'!I68+'上月實際 '!I68 -> 0 | J68: =來源餘絀表!G68 -> 0 | K68: =I68-J68 -> 0
A69: 造林 | B69: ='餘絀表(實際數)'!B69+'上月實際 '!B69 -> 0 | C69: ='餘絀表(實際數)'!C69+'上月實際 '!C69 -> 0 | D69: ='餘絀表(實際數)'!D69+'上月實際 '!D69 -> 0 | E69: ='餘絀表(實際數)'!E69+'上月實際 '!E69 -> 0 | F69: ='餘絀表(實際數)'!F69+'上月實際 '!F69 -> 0 | G69: ='餘絀表(實際數)'!G69+'上月實際 '!G69 -> 0 | H69: ='餘絀表(實際數)'!H69+'上月實際 '!H69 -> 0 | I69: ='餘絀表(實際數)'!I69+'上月實際 '!I69 -> 0 | J69: =來源餘絀表!G69 -> 0 | K69: =I69-J69 -> 0
A70: 漁平 | B70: ='餘絀表(實際數)'!B70+'上月實際 '!B70 -> 0 | C70: ='餘絀表(實際數)'!C70+'上月實際 '!C70 -> 0 | D70: ='餘絀表(實際數)'!D70+'上月實際 '!D70 -> 0 | E70: ='餘絀表(實際數)'!E70+'上月實際 '!E70 -> 0 | F70: ='餘絀表(實際數)'!F70+'上月實際 '!F70 -> 0 | G70: ='餘絀表(實際數)'!G70+'上月實際 '!G70 -> 0 | H70: ='餘絀表(實際數)'!H70+'上月實際 '!H70 -> 0 | I70: ='餘絀表(實際數)'!I70+'上月實際 '!I70 -> 0 | J70: =來源餘絀表!G70 -> 0 | K70: =I70-J70 -> 0
A71: 天災 | B71: ='餘絀表(實際數)'!B71+'上月實際 '!B71 -> 0 | C71: ='餘絀表(實際數)'!C71+'上月實際 '!C71 -> 0 | D71: ='餘絀表(實際數)'!D71+'上月實際 '!D71 -> 0 | E71: ='餘絀表(實際數)'!E71+'上月實際 '!E71 -> 0 | F71: ='餘絀表(實際數)'!F71+'上月實際 '!F71 -> 0 | G71: ='餘絀表(實際數)'!G71+'上月實際 '!G71 -> 0 | H71: ='餘絀表(實際數)'!H71+'上月實際 '!H71 -> 0 | I71: ='餘絀表(實際數)'!I71+'上月實際 '!I71 -> 0 | J71: =來源餘絀表!G71 -> 0 | K71: =I71-J71 -> 0
A72: 農損 | B72: ='餘絀表(實際數)'!B72+'上月實際 '!B72 -> 0 | C72: ='餘絀表(實際數)'!C72+'上月實際 '!C72 -> 0 | D72: ='餘絀表(實際數)'!D72+'上月實際 '!D72 -> 0 | E72: ='餘絀表(實際數)'!E72+'上月實際 '!E72 -> 0 | F72: ='餘絀表(實際數)'!F72+'上月實際 '!F72 -> 0 | G72: ='餘絀表(實際數)'!G72+'上月實際 '!G72 -> 0 | H72: ='餘絀表(實際數)'!H72+'上月實際 '!H72 -> 0 | I72: ='餘絀表(實際數)'!I72+'上月實際 '!I72 -> 0 | J72: =來源餘絀表!G72 -> 0 | K72: =I72-J72 -> 0
A73: 再生 | B73: ='餘絀表(實際數)'!B73+'上月實際 '!B73 -> 0 | C73: ='餘絀表(實際數)'!C73+'上月實際 '!C73 -> 0 | D73: ='餘絀表(實際數)'!D73+'上月實際 '!D73 -> 0 | E73: ='餘絀表(實際數)'!E73+'上月實際 '!E73 -> 0 | F73: ='餘絀表(實際數)'!F73+'上月實際 '!F73 -> 0 | G73: ='餘絀表(實際數)'!G73+'上月實際 '!G73 -> 0 | H73: ='餘絀表(實際數)'!H73+'上月實際 '!H73 -> 0 | I73: ='餘絀表(實際數)'!I73+'上月實際 '!I73 -> 0 | J73: =來源餘絀表!G73 -> 0 | K73: =I73-J73 -> 0
A74: 解繳國庫計畫 | B74: ='餘絀表(實際數)'!B74+'上月實際 '!B74 -> 0 | C74: ='餘絀表(實際數)'!C74+'上月實際 '!C74 -> 0 | D74: ='餘絀表(實際數)'!D74+'上月實際 '!D74 -> 0 | E74: ='餘絀表(實際數)'!E74+'上月實際 '!E74 -> 0 | F74: ='餘絀表(實際數)'!F74+'上月實際 '!F74 -> 0 | G74: ='餘絀表(實際數)'!G74+'上月實際 '!G74 -> 0 | H74: ='餘絀表(實際數)'!H74+'上月實際 '!H74 -> 0 | I74: ='餘絀表(實際數)'!I74+'上月實際 '!I74 -> 0 | J74: =來源餘絀表!G74 -> 0 | K74: =I74-J74 -> 0
A75: 建購固定資產小計 | B75: ='餘絀表(實際數)'!B75+'上月實際 '!B75 -> 0 | C75: ='餘絀表(實際數)'!C75+'上月實際 '!C75 -> 0 | D75: ='餘絀表(實際數)'!D75+'上月實際 '!D75 -> 0 | E75: ='餘絀表(實際數)'!E75+'上月實際 '!E75 -> 0 | F75: ='餘絀表(實際數)'!F75+'上月實際 '!F75 -> 0 | G75: ='餘絀表(實際數)'!G75+'上月實際 '!G75 -> 0 | H75: ='餘絀表(實際數)'!H75+'上月實際 '!H75 -> 0 | I75: ='餘絀表(實際數)'!I75+'上月實際 '!I75 -> 0 | J75: =來源餘絀表!G75 -> 0 | K75: =I75-J75 -> 0
A76: 房屋及建築 | B76: ='餘絀表(實際數)'!B76+'上月實際 '!B76 -> 0 | C76: ='餘絀表(實際數)'!C76+'上月實際 '!C76 -> 0 | D76: ='餘絀表(實際數)'!D76+'上月實際 '!D76 -> 0 | E76: ='餘絀表(實際數)'!E76+'上月實際 '!E76 -> 0 | F76: ='餘絀表(實際數)'!F76+'上月實際 '!F76 -> 0 | G76: ='餘絀表(實際數)'!G76+'上月實際 '!G76 -> 0 | H76: ='餘絀表(實際數)'!H76+'上月實際 '!H76 -> 0 | I76: ='餘絀表(實際數)'!I76+'上月實際 '!I76 -> 0 | J76: =來源餘絀表!G76 -> 0 | K76: =I76-J76 -> 0
... A84: 合 計 | B84: ='餘絀表(實際數)'!B84+'上月實際 '!B84 -> 0 | C84: ='餘絀表(實際數)'!C84+'上月實際 '!C84 -> 0 | D84: ='餘絀表(實際數)'!D84+'上月實際 '!D84 -> 0 | E84: ='餘絀表(實際數)'!E84+'上月實際 '!E84 -> 0 | F84: ='餘絀表(實際數)'!F84+'上月實際 '!F84 -> 0 | G84: ='餘絀表(實際數)'!G84+'上月實際 '!G84 -> 0 | H84: ='餘絀表(實際數)'!H84+'上月實際 '!H84 -> 0 | I84: ='餘絀表(實際數)'!I84+'上月實際 '!I84 -> 0 | J84: =來源餘絀表!G84 -> 15187368485 | K84: =I84-J84 -> -15187368485
A85: 本期賸餘（短絀－） | B85: =B10-B29 -> 2412743466 | C85: =C10-C29 -> -8359684 | D85: =D10-D29 -> 235754160 | E85: =E10-E29 -> 0 | F85: =F10-F29 -> -1302005458 | G85: =G10-G29 -> 3021463281 | H85: =H10-H29 -> 2153504927 | I85: =SUM(B85:H85) -> 6513100692 | J85: =來源餘絀表!G85 -> 6513100692 | K85: =I85-J85 -> 0
A86: 期初基金餘額 | B86: =B100+B101 -> 1.5190181e+10 | C86: =C100+C101 -> 254990682 | D86: =D100+D101 -> 6826340414 | E86: =E100+E101 -> 0 | F86: =F100+F101 -> -1172836395 | G86: =G100+G101 -> 9.7640556e+08 | H86: =H100+H101 -> 34384876635 | I86: =SUM(B86:H86) -> 5.6459958e+10 | J86: =來源餘絀表!G86 -> 5.6459958e+10 | K86: =I86-J86 -> 0
A87: 期末基金餘額 | B87: =B85+B86 -> 1.7602924e+10 | C87: =C85+C86 -> 246630998 | D87: =D85+D86 -> 7062094574 | E87: =E85+E86 -> 0 | F87: =F85+F86 -> -2474841853 | G87: =G85+G86 -> 3.9978688e+09 | H87: =H85+H86 -> 36538381562 | I87: =SUM(B87:H87) -> 6.2973058e+10 | J87: =來源餘絀表!G88 -> 6.2973058e+10 | K87: =I87-J87 -> 0
A88: 1月份本期餘絀
A89: 2月份本期餘絀
A90: 3月份本期餘絀
A91: 4月份本期餘絀
A92: 5月份本期餘絀
A93: 6月份本期餘絀
A94: 7月份本期餘絀
A95: 8月份本期餘絀
A96: 9月份本期餘絀
A97: 10月份本期餘絀
A98: 11月份本期餘絀
A99: 12月份本期餘絀
A100: 累計本期餘絀 | B100: =SUM(B88:B99) -> 0 | C100: =SUM(C88:C99) -> 0 | D100: =SUM(D88:D99) -> 0 | E100: =SUM(E88:E99) -> 0 | F100: =SUM(F88:F99) -> 0 | G100: =SUM(G88:G99) -> 0 | H100: =SUM(H88:H99) -> 0 | I100: =SUM(B100:H100) -> 0
A101: ='餘絀表(實際數)'!A102 -> 105年底累積餘絀 | B101: ='餘絀表(實際數)'!B102 -> 1.5190181e+10 | C101: ='餘絀表(實際數)'!C102 -> 254990682 | D101: ='餘絀表(實際數)'!D102 -> 6826340414 | E101: ='餘絀表(實際數)'!E102 -> 0 | F101: ='餘絀表(實際數)'!F102 -> -1172836395 | G101: 9.7640556e+08 | H101: 34384876635 | I101: ='餘絀表(實際數)'!I102 -> 5.6459958e+10

Sheet 累計預算
A1: 將k及L值複製至O及P.
A2: 農 業 特 別 收 入 基 金
A3: 將b64值複製至上月份本期餘絀 | B3: 「累計實際」複製至「上月實際」
A7: 分基金名稱 會計科目 | B7: 農業發展 基 金 | C7: 漁業發展 基 金 | D7: 林務發展暨 造林基金 | E7: 漁產平準 基 金 | F7: 農業天然災 害救助基金 | G7: 農業受進口損害 基 金 | H7: 農村再生基金 | I7: 合 計
J8: 與來源餘絀表核對
A10: 基金來源 | B10: ='餘絀表(預算數)'!B10+'上月預算 '!B10 -> 10152903000 | C10: ='餘絀表(預算數)'!C10+'上月預算 '!C10 -> 102000 | D10: ='餘絀表(預算數)'!D10+'上月預算 '!D10 -> 665884000 | E10: ='餘絀表(預算數)'!E10+'上月預算 '!E10 -> 0 | F10: ='餘絀表(預算數)'!F10+'上月預算 '!F10 -> 1400301000 | G10: ='餘絀表(預算數)'!G10+'上月預算 '!G10 -> 4320121000 | H10: ='餘絀表(預算數)'!H10+'上月預算 '!H10 -> 3576000000 | I10: =SUM(B10:H10) -> 20115311000 | J10: =來源餘絀表!H10 -> 20115311000 | K10: =I10-J10 -> 0
A11: 徵收收入 | B11: ='餘絀表(預算數)'!B11+'上月預算 '!B11 -> 0 | C11: ='餘絀表(預算數)'!C11+'上月預算 '!C11 -> 0 | D11: ='餘絀表(預算數)'!D11+'上月預算 '!D11 -> 615000 | E11: ='餘絀表(預算數)'!E11+'上月預算 '!E11 -> 0 | F11: ='餘絀表(預算數)'!F11+'上月預算 '!F11 -> 0 | G11: ='餘絀表(預算數)'!G11+'上月預算 '!G11 -> 0 | H11: ='餘絀表(預算數)'!H11+'上月預算 '!H11 -> 0 | I11: =SUM(B11:H11) -> 615000 | J11: =來源餘絀表!H11 -> 615000 | K11: =I11-J11 -> 0
A12: 違規罰款收入 | B12: ='餘絀表(預算數)'!B12+'上月預算 '!B12 -> 0 | C12: ='餘絀表(預算數)'!C12+'上月預算 '!C12 -> 0 | D12: ='餘絀表(預算數)'!D12+'上月預算 '!D12 -> 615000 | E12: ='餘絀表(預算數)'!E12+'上月預算 '!E12 -> 0 | F12: ='餘絀表(預算數)'!F12+'上月預算 '!F12 -> 0 | G12: ='餘絀表(預算數)'!G12+'上月預算 '!G12 -> 0 | H12: ='餘絀表(預算數)'!H12+'上月預算 '!H12 -> 0 | I12: =SUM(B12:H12) -> 615000 | J12: =來源餘絀表!H12 -> 615000 | K12: =I12-J12 -> 0
A13: 健康福利捐分配收入 | B13: ='餘絀表(預算數)'!B13+'上月預算 '!B13 -> 0 | C13: ='餘絀表(預算數)'!C13+'上月預算 '!C13 -> 0 | D13: ='餘絀表(預算數)'!D13+'上月預算 '!D13 -> 0 | E13: ='餘絀表(預算數)'!E13+'上月預算 '!E13 -> 0 | F13: ='餘絀表(預算數)'!F13+'上月預算 '!F13 -> 0 | G13: ='餘絀表(預算數)'!G13+'上月預算 '!G13 -> 0 | H13: ='餘絀表(預算數)'!H13+'上月預算 '!H13 -> 0 | I13: =SUM(B13:H13) -> 0 | J13: =來源餘絀表!H13 -> 0 | K13: =I13-J13 -> 0
A14: 勞務收入 | B14: ='餘絀表(預算數)'!B14+'上月預算 '!B14 -> 0 | C14: ='餘絀表(預算數)'!C14+'上月預算 '!C14 -> 0 | D14: ='餘絀表(預算數)'!D14+'上月預算 '!D14 -> 388922000 | E14: ='餘絀表(預算數)'!E14+'上月預算 '!E14 -> 0 | F14: ='餘絀表(預算數)'!F14+'上月預算 '!F14 -> 0 | G14: ='餘絀表(預算數)'!G14+'上月預算 '!G14 -> 0 | H14: ='餘絀表(預算數)'!H14+'上月預算 '!H14 -> 0 | I14: =SUM(B14:H14) -> 388922000 | J14: =來源餘絀表!H14 -> 388922000 | K14: =I14-J14 -> 0
A15: 服務收入 | B15: ='餘絀表(預算數)'!B15+'上月預算 '!B15 -> 0 | C15: ='餘絀表(預算數)'!C15+'上月預算 '!C15 -> 0 | D15: ='餘絀表(預算數)'!D15+'上月預算 '!D15 -> 321896000 | E15: ='餘絀表(預算數)'!E15+'上月預算 '!E15 -> 0 | F15: ='餘絀表(預算數)'!F15+'上月預算 '!F15 -> 0 | G15: ='餘絀表(預算數)'!G15+'上月預算 '!G15 -> 0 | H15: ='餘絀表(預算數)'!H15+'上月預算 '!H15 -> 0 | I15: =SUM(B15:H15) -> 321896000 | J15: =來源餘絀表!H15 -> 321896000 | K15: =I15-J15 -> 0
A16: 其他勞務收入 | B16: ='餘絀表(預算數)'!B16+'上月預算 '!B16 -> 0 | C16: ='餘絀表(預算數)'!C16+'上月預算 '!C16 -> 0 | D16: ='餘絀表(預算數)'!D16+'上月預算 '!D16 -> 67026000 | E16: ='餘絀表(預算數)'!E16+'上月預算 '!E16 -> 0 | F16: ='餘絀表(預算數)'!F16+'上月預算 '!F16 -> 0 | G16: ='餘絀表(預算數)'!G16+'上月預算 '!G16 -> 0 | H16: ='餘絀表(預算數)'!H16+'上月預算 '!H16 -> 0 | I16: =SUM(B16:H16) -> 67026000 | J16: =來源餘絀表!H16 -> 67026000 | K16: =I16-J16 -> 0
A17: 農政收入 | B17: ='餘絀表(預算數)'!B17+'上月預算 '!B17 -> 2501473000 | C17: ='餘絀表(預算數)'!C17+'上月預算 '!C17 -> 0 | D17: ='餘絀表(預算數)'!D17+'上月預算 '!D17 -> 0 | E17: ='餘絀表(預算數)'!E17+'上月預算 '!E17 -> 0 | F17: ='餘絀表(預算數)'!F17+'上月預算 '!F17 -> 0 | G17: ='餘絀表(預算數)'!G17+'上月預算 '!G17 -> 0 | H17: ='餘絀表(預算數)'!H17+'上月預算 '!H17 -> 0 | I17: =SUM(B17:H17) -> 2501473000 | J17: =來源餘絀表!H17 -> 2501473000 | K17: =I17-J17 -> 0
A18: 農林漁牧收入 | B18: ='餘絀表(預算數)'!B18+'上月預算 '!B18 -> 2501473000 | C18: ='餘絀表(預算數)'!C18+'上月預算 '!C18 -> 0 | D18: ='餘絀表(預算數)'!D18+'上月預算 '!D18 -> 0 | E18: ='餘絀表(預算數)'!E18+'上月預算 '!E18 -> 0 | F18: ='餘絀表(預算數)'!F18+'上月預算 '!F18 -> 0 | G18: ='餘絀表(預算數)'!G18+'上月預算 '!G18 -> 0 | H18: ='餘絀表(預算數)'!H18+'上月預算 '!H18 -> 0 | I18: =SUM(B18:H18) -> 2501473000 | J18: =來源餘絀表!H18 -> 2501473000 | K18: =I18-J18 -> 0
A19: 財產收入 | B19: ='餘絀表(預算數)'!B19+'上月預算 '!B19 -> 135000 | C19: ='餘絀表(預算數)'!C19+'上月預算 '!C19 -> 102000 | D19: ='餘絀表(預算數)'!D19+'上月預算 '!D19 -> 60433000 | E19: ='餘絀表(預算數)'!E19+'上月預算 '!E19 -> 0 | F19: ='餘絀表(預算數)'!F19+'上月預算 '!F19 -> 200000 | G19: ='餘絀表(預算數)'!G19+'上月預算 '!G19 -> 320121000 | H19: ='餘絀表(預算數)'!H19+'上月預算 '!H19 -> 0 | I19: =SUM(B19:H19) -> 380991000 | J19: =來源餘絀表!H19 -> 380991000 | K19: =I19-J19 -> 0
A20: 財產處分收入 | B20: ='餘絀表(預算數)'!B20+'上月預算 '!B20 -> 0 | C20: ='餘絀表(預算數)'!C20+'上月預算 '!C20 -> 0 | D20: ='餘絀表(預算數)'!D20+'上月預算 '!D20 -> 0 | E20: ='餘絀表(預算數)'!E20+'上月預算 '!E20 -> 0 | F20: ='餘絀表(預算數)'!F20+'上月預算 '!F20 -> 0 | G20: ='餘絀表(預算數)'!G20+'上月預算 '!G20 -> 0 | H20: ='餘絀表(預算數)'!H20+'上月預算 '!H20 -> 0 | I20: =SUM(B20:H20) -> 0 | J20: =來源餘絀表!H20 -> 0 | K20: =I20-J20 -> 0
A21: 租金收入 | B21: ='餘絀表(預算數)'!B21+'上月預算 '!B21 -> 0 | C21: ='餘絀表(預算數)'!C21+'上月預算 '!C21 -> 0 | D21: ='餘絀表(預算數)'!D21+'上月預算 '!D21 -> 3160000 | E21: ='餘絀表(預算數)'!E21+'上月預算 '!E21 -> 0 | F21: ='餘絀表(預算數)'!F21+'上月預算 '!F21 -> 0 | G21: ='餘絀表(預算數)'!G21+'上月預算 '!G21 -> 0 | H21: ='餘絀表(預算數)'!H21+'上月預算 '!H21 -> 0 | I21: =SUM(B21:H21) -> 3160000 | J21: =來源餘絀表!H21 -> 3160000 | K21: =I21-J21 -> 0
... A49: 獎勵輔導造林計畫 | B49: ='餘絀表(預算數)'!B49+'上月預算 '!B49 -> 0 | C49: ='餘絀表(預算數)'!C49+'上月預算 '!C49 -> 0 | D49: ='餘絀表(預算數)'!D49+'上月預算 '!D49 -> 63016000 | E49: ='餘絀表(預算數)'!E49+'上月預算 '!E49 -> 0 | F49: ='餘絀表(預算數)'!F49+'上月預算 '!F49 -> 0 | G49: ='餘絀表(預算數)'!G49+'上月預算 '!G49 -> 0 | H49: ='餘絀表(預算數)'!H49+'上月預算 '!H49 -> 0 | I49: =SUM(B49:H49) -> 63016000 | J49: =來源餘絀表!H49 -> 63016000 | K49: =I49-J49 -> 0
A50: 造林貸款及山坡地開發利 用回饋金繳交管理計畫 | D50: ='餘絀表(預算數)'!D54+'上月預算 '!D55 -> 3500000
A51: 農業天然災害救助計畫 | B51: ='餘絀表(預算數)'!B50+'上月預算 '!B51 -> 0 | C51: ='餘絀表(預算數)'!C50+'上月預算 '!C51 -> 0 | D51: ='餘絀表(預算數)'!D50+'上月預算 '!D51 -> 0 | E51: ='餘絀表(預算數)'!E50+'上月預算 '!E51 -> 0 | F51: ='餘絀表(預算數)'!F50+'上月預算 '!F51 -> 1085778000 | G51: ='餘絀表(預算數)'!G50+'上月預算 '!G51 -> 0 | H51: ='餘絀表(預算數)'!H50+'上月預算 '!H51 -> 0 | I51: =SUM(B51:H51) -> 1085778000 | J51: =來源餘絀表!H51 -> 1085778000 | K51: =I51-J51 -> 0
A52: 漁業發展補助計畫 | B52: ='餘絀表(預算數)'!B51+'上月預算 '!B52 -> 0 | C52: ='餘絀表(預算數)'!C51+'上月預算 '!C52 -> 9547000 | D52: ='餘絀表(預算數)'!D51+'上月預算 '!D52 -> 0 | E52: ='餘絀表(預算數)'!E51+'上月預算 '!E52 -> 0 | F52: ='餘絀表(預算數)'!F51+'上月預算 '!F52 -> 0 | G52: ='餘絀表(預算數)'!G51+'上月預算 '!G52 -> 0 | H52: ='餘絀表(預算數)'!H51+'上月預算 '!H52 -> 0 | I52: =SUM(B52:H52) -> 9547000 | J52: =來源餘絀表!H52 -> 9547000 | K52: =I52-J52 -> 0
A53: 漁業用油補貼計畫 | B53: ='餘絀表(預算數)'!B52+'上月預算 '!B53 -> 0 | C53: ='餘絀表(預算數)'!C52+'上月預算 '!C53 -> 0 | D53: ='餘絀表(預算數)'!D52+'上月預算 '!D53 -> 0 | E53: ='餘絀表(預算數)'!E52+'上月預算 '!E53 -> 0 | F53: ='餘絀表(預算數)'!F52+'上月預算 '!F53 -> 0 | G53: ='餘絀表(預算數)'!G52+'上月預算 '!G53 -> 0 | H53: ='餘絀表(預算數)'!H52+'上月預算 '!H53 -> 0 | I53: =SUM(B53:H53) -> 0 | J53: =來源餘絀表!H53 -> 0 | K53: =I53-J53 -> 0
A54: 加強水產品技術研發與 改進計畫 | B54: ='餘絀表(預算數)'!B53+'上月預算 '!B54 -> 0 | C54: ='餘絀表(預算數)'!C53+'上月預算 '!C54 -> 0 | D54: ='餘絀表(預算數)'!D53+'上月預算 '!D54 -> 0 | E54: ='餘絀表(預算數)'!E53+'上月預算 '!E54 -> 0 | F54: ='餘絀表(預算數)'!F53+'上月預算 '!F54 -> 0 | G54: ='餘絀表(預算數)'!G53+'上月預算 '!G54 -> 0 | H54: ='餘絀表(預算數)'!H53+'上月預算 '!H54 -> 0 | I54: =SUM(B54:H54) -> 0 | J54: =來源餘絀表!H54 -> 0 | K54: =I54-J54 -> 0
A55: 調整產業或防範措施計畫 | B55: ='餘絀表(預算數)'!B55+'上月預算 '!B56 -> 0 | C55: ='餘絀表(預算數)'!C55+'上月預算 '!C56 -> 0 | D55: ='餘絀表(預算數)'!D55+'上月預算 '!D56 -> 0 | E55: ='餘絀表(預算數)'!E55+'上月預算 '!E56 -> 0 | F55: ='餘絀表(預算數)'!F55+'上月預算 '!F56 -> 0 | G55: ='餘絀表(預算數)'!G55+'上月預算 '!G56 -> 575260000 | H55: ='餘絀表(預算數)'!H55+'上月預算 '!H56 -> 0 | I55: =SUM(B55:H55) -> 575260000 | J55: =來源餘絀表!H55 -> 882202000 | K55: =I55-J55 -> -306942000
A56: 進口損害救助及穩價計畫 | B56: ='餘絀表(預算數)'!B56+'上月預算 '!B57 -> 0 | C56: ='餘絀表(預算數)'!C56+'上月預算 '!C57 -> 0 | D56: ='餘絀表(預算數)'!D56+'上月預算 '!D57 -> 0 | E56: ='餘絀表(預算數)'!E56+'上月預算 '!E57 -> 0 | F56: ='餘絀表(預算數)'!F56+'上月預算 '!F57 -> 0 | G56: ='餘絀表(預算數)'!G56+'上月預算 '!G57 -> 18250000 | H56: ='餘絀表(預算數)'!H56+'上月預算 '!H57 -> 0 | I56: =SUM(B56:H56) -> 18250000 | J56: =來源餘絀表!H56 -> 500000 | K56: =I56-J56 -> 17750000
A57: 調整耕作制度活化農地計畫 | B57: ='餘絀表(預算數)'!B57+'上月預算 '!B58 -> 0 | C57: ='餘絀表(預算數)'!C57+'上月預算 '!C58 -> 0 | D57: ='餘絀表(預算數)'!D57+'上月預算 '!D58 -> 0 | E57: ='餘絀表(預算數)'!E57+'上月預算 '!E58 -> 0 | F57: ='餘絀表(預算數)'!F57+'上月預算 '!F58 -> 0 | G57: ='餘絀表(預算數)'!G57+'上月預算 '!G58 -> 103683000 | H57: ='餘絀表(預算數)'!H57+'上月預算 '!H58 -> 0 | I57: =SUM(B57:H57) -> 103683000 | J57: =來源餘絀表!H57 -> 794370000 | K57: =I57-J57 -> -690687000
A58: 農產品進口管理計畫 | G58: ='餘絀表(預算數)'!G58+'上月預算 '!G59 -> 0
A59: 農村再生規劃及人力培育計畫 | B59: ='餘絀表(預算數)'!B59+'上月預算 '!B59 -> 0 | C59: ='餘絀表(預算數)'!C59+'上月預算 '!C59 -> 0 | D59: ='餘絀表(預算數)'!D59+'上月預算 '!D59 -> 0 | E59: ='餘絀表(預算數)'!E59+'上月預算 '!E59 -> 0 | F59: ='餘絀表(預算數)'!F59+'上月預算 '!F59 -> 0 | G59: ='餘絀表(預算數)'!G59+'上月預算 '!G59 -> 0 | H59: ='餘絀表(預算數)'!H59+'上月預算 '!H59 -> 300370000 | I59: =SUM(B59:H59) -> 300370000 | J59: =來源餘絀表!H59 -> 300370000 | K59: =I59-J59 -> 0
A60: 購建固定資產 | B60: ='餘絀表(預算數)'!B60+'上月預算 '!B60 -> 0 | C60: ='餘絀表(預算數)'!C60+'上月預算 '!C60 -> 0 | D60: ='餘絀表(預算數)'!D60+'上月預算 '!D60 -> 0 | E60: ='餘絀表(預算數)'!E60+'上月預算 '!E60 -> 0 | F60: ='餘絀表(預算數)'!F60+'上月預算 '!F60 -> 0 | G60: ='餘絀表(預算數)'!G60+'上月預算 '!G60 -> 0 | H60: ='餘絀表(預算數)'!H60+'上月預算 '!H60 -> 3761000 | I60: =SUM(B60:H60) -> 3761000 | J60: =來源餘絀表!H60 -> 3761000 | K60: =I60-J60 -> 0
A61: 其他 | B61: ='餘絀表(預算數)'!B61+'上月預算 '!B61 -> 0 | C61: ='餘絀表(預算數)'!C61+'上月預算 '!C61 -> 0 | D61: ='餘絀表(預算數)'!D61+'上月預算 '!D61 -> 0 | E61: ='餘絀表(預算數)'!E61+'上月預算 '!E61 -> 0 | F61: ='餘絀表(預算數)'!F61+'上月預算 '!F61 -> 0 | G61: ='餘絀表(預算數)'!G61+'上月預算 '!G61 -> 0 | H61: ='餘絀表(預算數)'!H61+'上月預算 '!H61 -> 296609000 | I61: =SUM(B61:H61) -> 296609000 | J61: =來源餘絀表!H61 -> 296609000 | K61: =I61-J61 -> 0
A62: 農村再生建設及發展計畫 | B62: ='餘絀表(預算數)'!B62+'上月預算 '!B62 -> 0 | C62: ='餘絀表(預算數)'!C62+'上月預算 '!C62 -> 0 | D62: ='餘絀表(預算數)'!D62+'上月預算 '!D62 -> 0 | E62: ='餘絀表(預算數)'!E62+'上月預算 '!E62 -> 0 | F62: ='餘絀表(預算數)'!F62+'上月預算 '!F62 -> 0 | G62: ='餘絀表(預算數)'!G62+'上月預算 '!G62 -> 0 | H62: ='餘絀表(預算數)'!H62+'上月預算 '!H62 -> 1877070000 | I62: =SUM(B62:H62) -> 1877070000 | J62: =來源餘絀表!H62 -> 1877070000 | K62: =I62-J62 -> 0
A63: 購建固定資產 | B63: ='餘絀表(預算數)'!B63+'上月預算 '!B63 -> 0 | C63: ='餘絀表(預算數)'!C63+'上月預算 '!C63 -> 0 | D63: ='餘絀表(預算數)'!D63+'上月預算 '!D63 -> 0 | E63: ='餘絀表(預算數)'!E63+'上月預算 '!E63 -> 0 | F63: ='餘絀表(預算數)'!F63+'上月預算 '!F63 -> 0 | G63: ='餘絀表(預算數)'!G63+'上月預算 '!G63 -> 0 | H63: ='餘絀表(預算數)'!H63+'上月預算 '!H63 -> 86949000 | I63: =SUM(B63:H63) -> 86949000 | J63: =來源餘絀表!H63 -> 86949000 | K63: =I63-J63 -> 0
A64: 其他 | B64: ='餘絀表(預算數)'!B64+'上月預算 '!B64 -> 0 | C64: ='餘絀表(預算數)'!C64+'上月預算 '!C64 -> 0 | D64: ='餘絀表(預算數)'!D64+'上月預算 '!D64 -> 0 | E64: ='餘絀表(預算數)'!E64+'上月預算 '!E64 -> 0 | F64: ='餘絀表(預算數)'!F64+'上月預算 '!F64 -> 0 | G64: ='餘絀表(預算數)'!G64+'上月預算 '!G64 -> 0 | H64: ='餘絀表(預算數)'!H64+'上月預算 '!H64 -> 1790121000 | I64: =SUM(B64:H64) -> 1790121000 | J64: =來源餘絀表!H64 -> 1790121000 | K64: =I64-J64 -> 0
A65: 一般行政管理 | B65: ='餘絀表(預算數)'!B65+'上月預算 '!B65 -> 4508000 | C65: ='餘絀表(預算數)'!C65+'上月預算 '!C65 -> 0 | D65: ='餘絀表(預算數)'!D65+'上月預算 '!D65 -> 0 | E65: ='餘絀表(預算數)'!E65+'上月預算 '!E65 -> 0 | F65: ='餘絀表(預算數)'!F65+'上月預算 '!F65 -> 0 | G65: ='餘絀表(預算數)'!G65+'上月預算 '!G65 -> 0 | H65: ='餘絀表(預算數)'!H65+'上月預算 '!H65 -> 0 | I65: =SUM(B65:H65) -> 4508000 | J65: =來源餘絀表!H65 -> 4508000 | K65: =I65-J65 -> 0
A66: 農發基金 | B66: ='餘絀表(預算數)'!B66+'上月預算 '!B66 -> 400000 | C66: ='餘絀表(預算數)'!C66+'上月預算 '!C66 -> 0 | D66: ='餘絀表(預算數)'!D66+'上月預算 '!D66 -> 0 | E66: ='餘絀表(預算數)'!E66+'上月預算 '!E66 -> 0 | F66: ='餘絀表(預算數)'!F66+'上月預算 '!F66 -> 0 | G66: ='餘絀表(預算數)'!G66+'上月預算 '!G66 -> 0 | H66: ='餘絀表(預算數)'!H66+'上月預算 '!H66 -> 0 | I66: =SUM(B66:H66) -> 400000 | J66: =來源餘絀表!H66 -> 400000 | K66: =I66-J66 -> 0
A67: 漁發 | B67: ='餘絀表(預算數)'!B67+'上月預算 '!B67 -> 0 | C67: ='餘絀表(預算數)'!C67+'上月預算 '!C67 -> 0 | D67: ='餘絀表(預算數)'!D67+'上月預算 '!D67 -> 0 | E67: ='餘絀表(預算數)'!E67+'上月預算 '!E67 -> 0 | F67: ='餘絀表(預算數)'!F67+'上月預算 '!F67 -> 0 | G67: ='餘絀表(預算數)'!G67+'上月預算 '!G67 -> 0 | H67: ='餘絀表(預算數)'!H67+'上月預算 '!H67 -> 0 | I67: =SUM(B67:H67) -> 0 | J67: =來源餘絀表!H67 -> 0 | K67: =I67-J67 -> 0
A68: 自然 | B68: ='餘絀表(預算數)'!B68+'上月預算 '!B68 -> 0 | C68: ='餘絀表(預算數)'!C68+'上月預算 '!C68 -> 0 | D68: ='餘絀表(預算數)'!D68+'上月預算 '!D68 -> 0 | E68: ='餘絀表(預算數)'!E68+'上月預算 '!E68 -> 0 | F68: ='餘絀表(預算數)'!F68+'上月預算 '!F68 -> 0 | G68: ='餘絀表(預算數)'!G68+'上月預算 '!G68 -> 0 | H68: ='餘絀表(預算數)'!H68+'上月預算 '!H68 -> 0 | I68: =SUM(B68:H68) -> 0 | J68: =來源餘絀表!H68 -> 0 | K68: =I68-J68 -> 0
A69: 造林 | B69: ='餘絀表(預算數)'!B69+'上月預算 '!B69 -> 0 | C69: ='餘絀表(預算數)'!C69+'上月預算 '!C69 -> 0 | D69: ='餘絀表(預算數)'!D69+'上月預算 '!D69 -> 0 | E69: ='餘絀表(預算數)'!E69+'上月預算 '!E69 -> 0 | F69: ='餘絀表(預算數)'!F69+'上月預算 '!F69 -> 0 | G69: ='餘絀表(預算數)'!G69+'上月預算 '!G69 -> 0 | H69: ='餘絀表(預算數)'!H69+'上月預算 '!H69 -> 0 | I69: =SUM(B69:H69) -> 0 | J69: =來源餘絀表!H69 -> 0 | K69: =I69-J69 -> 0
A70: 漁平 | B70: ='餘絀表(預算數)'!B70+'上月預算 '!B70 -> 0 | C70: ='餘絀表(預算數)'!C70+'上月預算 '!C70 -> 0 | D70: ='餘絀表(預算數)'!D70+'上月預算 '!D70 -> 0 | E70: ='餘絀表(預算數)'!E70+'上月預算 '!E70 -> 0 | F70: ='餘絀表(預算數)'!F70+'上月預算 '!F70 -> 0 | G70: ='餘絀表(預算數)'!G70+'上月預算 '!G70 -> 0 | H70: ='餘絀表(預算數)'!H70+'上月預算 '!H70 -> 0 | I70: =SUM(B70:H70) -> 0 | J70: =來源餘絀表!H70 -> 0 | K70: =I70-J70 -> 0
... A84: 合 計 | B84: ='餘絀表(預算數)'!B84+'上月預算 '!B84 -> 0 | C84: ='餘絀表(預算數)'!C84+'上月預算 '!C84 -> 0 | D84: ='餘絀表(預算數)'!D84+'上月預算 '!D84 -> 0 | E84: ='餘絀表(預算數)'!E84+'上月預算 '!E84 -> 0 | F84: ='餘絀表(預算數)'!F84+'上月預算 '!F84 -> 0 | G84: ='餘絀表(預算數)'!G84+'上月預算 '!G84 -> 0 | H84: ='餘絀表(預算數)'!H84+'上月預算 '!H84 -> 0 | I84: =SUM(B84:H84) -> 0 | J84: =來源餘絀表!H84 -> 16870108000 | K84: =I84-J84 -> -16870108000
A85: 本期賸餘（短絀－） | B85: =B10-B29 -> 1460895000 | C85: =C10-C29 -> -9445000 | D85: =D10-D29 -> 56990000 | E85: =E10-E29 -> 0 | F85: =F10-F29 -> 314523000 | G85: =G10-G29 -> 2617166000 | H85: =H10-H29 -> 1398560000 | I85: =SUM(B85:H85) -> 5838689000 | J85: =來源餘絀表!H85 -> 5838689000 | K85: =I85-J85 -> 0
A86: 期初基金餘額 | B86: =B100+B101 -> 13864561000 | C86: =C100+C101 -> 244006000 | D86: =D100+D101 -> 5914568000 | E86: =E100+E101 -> 0 | F86: =F100+F101 -> -314723000 | G86: =G100+G101 -> -259046000 | H86: =H100+H101 -> 34055127000 | I86: =SUM(B86:H86) -> 53504493000 | J86: =來源餘絀表!H86 -> 53504493000 | K86: =I86-J86 -> 0
A87: 期末基金餘額 | B87: =B85+B86 -> 15325456000 | C87: =C85+C86 -> 234561000 | D87: =D85+D86 -> 5971558000 | E87: =E85+E86 -> 0 | F87: =F85+F86 -> -200000 | G87: =G85+G86 -> 2358120000 | H87: =H85+H86 -> 35453687000 | I87: =SUM(B87:H87) -> 59343182000 | J87: =來源餘絀表!H88 -> 59343182000 | K87: =I87-J87 -> 0
A88: 1月份本期餘絀
A89: 2月份本期餘絀
A90: 3月份本期餘絀
A91: 4月份本期餘絀
A92: 5月份本期餘絀
A93: 6月份本期餘絀
A94: 7月份本期餘絀
A95: 8月份本期餘絀
A96: 9月份本期餘絀
A97: 10月份本期餘絀
A98: 11月份本期餘絀
A99: 12月份本期餘絀
A100: 累計本期餘絀 | B100: =SUM(B88:B99) -> 0 | C100: =SUM(C88:C99) -> 0 | D100: =SUM(D88:D99) -> 0 | E100: =SUM(E88:E99) -> 0 | F100: =SUM(F88:F99) -> 0 | G100: =SUM(G88:G99) -> 0 | H100: =SUM(H88:H99) -> 0 | I100: =SUM(B100:H100) -> 0
A101: ='餘絀表(預算數)'!A102 -> 105年底累積餘絀(106預算案) | B101: ='餘絀表(預算數)'!B102 -> 13864561000 | C101: ='餘絀表(預算數)'!C102 -> 244006000 | D101: ='餘絀表(預算數)'!D102 -> 5914568000 | E101: ='餘絀表(預算數)'!E102 -> 0 | F101: ='餘絀表(預算數)'!F102 -> -314723000 | G101: ='餘絀表(預算數)'!G102 -> -259046000 | H101: ='餘絀表(預算數)'!H102 -> 34055127000 | I101: ='餘絀表(預算數)'!I102 -> 53504493000

Sheet 上月實際 
A1: 將k及L值複製至O及P.
A2: 農 業 特 別 收 入 基 金
A6: 上月份「累計實際」值copy到「本表」 | G6: 100.6.7 | I6: 102.10.3
A7: 分基金名稱 會計科目 | B7: 農業發展 基 金 | C7: 漁業發展 基 金 | D7: 林務發展暨 造林基金 | E7: 漁產平準 基 金 | F7: 農業天然災 害救助基金 | G7: 農業受進口損害 基 金 | H7: 農村再生基金 | I7: 合 計
J8: 與來源餘絀表核對
A10: 基金來源 | B10: 5731276095 | C10: 102926 | D10: 736053901 | E10: 0 | F10: 591190316 | G10: 4122916611 | H10: 1941644250 | I10: 13123184099 | J10: =來源餘絀表!L10 -> 13123184099 | K10: =I10-J10 -> 0
A11: 徵收收入 | B11: 0 | C11: 0 | D11: 1701927 | E11: 0 | F11: 0 | G11: 0 | H11: 0 | I11: 1701927 | J11: =來源餘絀表!L11 -> 1701927 | K11: =I11-J11 -> 0
A12: 違規罰款收入 | B12: 0 | C12: 0 | D12: 1701927 | E12: 0 | F12: 0 | G12: 0 | H12: 0 | I12: 1701927 | J12: =來源餘絀表!L12 -> 1701927 | K12: =I12-J12 -> 0
A13: 健康福利捐分配收入 | B13: 0 | C13: 0 | D13: 0 | E13: 0 | F13: 0 | G13: 0 | H13: 0 | I13: 0 | J13: =來源餘絀表!L13 -> 0 | K13: =I13-J13 -> 0
A14: 勞務收入 | B14: 0 | C14: 0 | D14: 332822393 | E14: 0 | F14: 0 | G14: 0 | H14: 0 | I14: 332822393 | J14: =來源餘絀表!L14 -> 332822393 | K14: =I14-J14 -> 0
A15: 服務收入 | B15: 0 | C15: 0 | D15: 265259745 | E15: 0 | F15: 0 | G15: 0 | H15: 0 | I15: 265259745 | J15: =來源餘絀表!L15 -> 265259745 | K15: =I15-J15 -> 0
A16: 其他勞務收入 | B16: 0 | C16: 0 | D16: 67562648 | E16: 0 | F16: 0 | G16: 0 | H16: 0 | I16: 67562648 | J16: =來源餘絀表!L16 -> 67562648 | K16: =I16-J16 -> 0
A17: 農政收入 | B17: 1779283402 | C17: 0 | D17: 0 | E17: 0 | F17: 0 | G17: 0 | H17: 0 | I17: 1779283402 | J17: =來源餘絀表!L17 -> 1779283402 | K17: =I17-J17 -> 0
A18: 農林漁牧收入 | B18: 1779283402 | C18: 0 | D18: 0 | E18: 0 | F18: 0 | G18: 0 | H18: 0 | I18: 1779283402 | J18: =來源餘絀表!L18 -> 1779283402 | K18: =I18-J18 -> 0
A19: 財產收入 | B19: 1071904 | C19: 94931 | D19: 46910021 | E19: 0 | F19: 12 | G19: 562184243 | H19: 9337 | I19: 610270448 | J19: =來源餘絀表!L19 -> 610270448 | K19: =I19-J19 -> 0
A20: 財產處分收入 | B20: 0 | C20: 0 | D20: 0 | E20: 0 | F20: 0 | G20: 0 | H20: 0 | I20: 0 | J20: =來源餘絀表!L20 -> 0 | K20: =I20-J20 -> 0
A21: 租金收入 | B21: 0 | C21: 0 | D21: 3428056 | E21: 0 | F21: 0 | G21: 0 | H21: 0 | I21: 3428056 | J21: =來源餘絀表!L21 -> 3428056 | K21: =I21-J21 -> 0
... A27: 雜項收入 | B27: 101920789 | C27: 7995 | D27: 354619560 | E27: 0 | F27: 1190304 | G27: 60732368 | H27: 21634913 | I27: 540105929 | J27: =來源餘絀表!L27 -> 540105929 | K27: =I27-J27 -> 0
A28: 收回金融業特別準備 | B28: 0 | I28: 0 | J28: =來源餘絀表!L28 -> 0 | K28: =I28-J28 -> 0
A29: 基金用途 | B29: 5129526946 | C29: 4336446 | D29: 389204515 | E29: 0 | F29: 1903661671 | G29: 1344932250 | H29: 1031906519 | I29: 9804298847 | J29: =來源餘絀表!L29 -> 9803568347 | K29: =I29-J29 -> 730500
A30: 農業研究、實驗、技術 改進計畫 | B30: 4081275 | C30: 0 | D30: 0 | E30: 0 | F30: 0 | G30: 0 | H30: 0 | I30: 4081275 | J30: =來源餘絀表!L30 -> 4081275 | K30: =I30-J30 -> 0
A31: 購建固定資產 | B31: 0 | C31: 0 | D31: 0 | E31: 0 | F31: 0 | G31: 0 | H31: 0 | I31: 0 | J31: =來源餘絀表!L31 -> 0 | K31: =I31-J31 -> 0
A32: 其他 | B32: 4081275 | C32: 0 | D32: 0 | E32: 0 | F32: 0 | G32: 0 | H32: 0 | I32: 4081275 | J32: =來源餘絀表!L32 -> 4081275 | K32: =I32-J32 -> 0
A33: 農業貸款利息差額補貼 計畫 | B33: 0 | C33: 0 | D33: 0 | E33: 0 | F33: 0 | G33: 0 | H33: 0 | I33: 0 | J33: =來源餘絀表!L33 -> 0 | K33: =I33-J33 -> 0
A34: 糧政業務計畫 | B34: 4381632274 | C34: 0 | D34: 0 | E34: 0 | F34: 0 | G34: 0 | H34: 0 | I34: 4381632274 | J34: =來源餘絀表!L34 -> 4381632274 | K34: =I34-J34 -> 0
A35: 購建固定資產 | B35: 59325 | C35: 0 | D35: 0 | E35: 0 | F35: 0 | G35: 0 | H35: 0 | I35: 59325 | J35: =來源餘絀表!L35 -> 59325 | K35: =I35-J35 -> 0
A36: 其他 | B36: 4381572949 | C36: 0 | D36: 0 | E36: 0 | F36: 0 | G36: 0 | H36: 0 | I36: 4381572949 | J36: =來源餘絀表!L36 -> 4381572949 | K36: =I36-J36 -> 0
A37: 穩定肥料及相關資材供需計畫 | B37: 25518543 | C37: 0 | D37: 0 | E37: 0 | F37: 0 | G37: 0 | H37: 0 | I37: 25518543 | J37: =來源餘絀表!L37 -> 25518543 | K37: =I37-J37 -> 0
A38: 產銷調節緊急處理計畫 | B38: 71564000 | C38: 0 | D38: 0 | E38: 0 | F38: 0 | G38: 0 | H38: 0 | I38: 71564000 | J38: =來源餘絀表!L38 -> 71564000 | K38: =I38-J38 -> 0
A39: 農漁民子女就學獎助學 金補助計畫 | B39: 512235547 | C39: 0 | D39: 0 | E39: 0 | F39: 0 | G39: 0 | H39: 0 | I39: 512235547 | J39: =來源餘絀表!L39 -> 512235547 | K39: =I39-J39 -> 0
A40: 豬隻死亡保險業務計畫 | B40: 30000000 | C40: 0 | D40: 0 | E40: 0 | F40: 0 | G40: 0 | H40: 0 | I40: 30000000 | J40: =來源餘絀表!L40 -> 30000000 | K40: =I40-J40 -> 0
... A42: 輔導菸農轉型與檳榔廢園轉作計畫 | B42: 8446795 | C42: 0 | D42: 0 | E42: 0 | F42: 0 | G42: 0 | H42: 0 | I42: 8446795 | J42: =來源餘絀表!L42 -> 8446795 | K42: =I42-J42 -> 0
A43: 處理農會漁會信用部計畫 | B43: 14000 | I43: 14000 | J43: =來源餘絀表!L43 -> 14000 | K43: =I43-J43 -> 0
A44: 離農獎勵計畫 | B44: 16025789 | I44: 16025789 | J44: =來源餘絀表!L44 -> 16025789 | K44: =I44-J44 -> 0
A45: 全民造林計畫 | B45: 15775463 | C45: 0 | D45: 65984600 | E45: 0 | F45: 0 | G45: 0 | H45: 0 | I45: 65984600 | J45: =來源餘絀表!L45 -> 65984600 | K45: =I45-J45 -> 0
A46: 森林遊樂及森林鐵路經 營管理計畫 | B46: 0 | C46: 0 | D46: 278644792 | E46: 0 | F46: 0 | G46: 0 | H46: 0 | I46: 278644792 | J46: =來源餘絀表!L46 -> 278644792 | K46: =I46-J46 -> 0
A47: 購建固定資產 | B47: 0 | C47: 0 | D47: 105878951 | E47: 0 | F47: 0 | G47: 0 | H47: 0 | I47: 105878951 | J47: =來源餘絀表!L47 -> 105878951 | K47: =I47-J47 -> 0
A48: 其他 | B48: 0 | C48: 0 | D48: 172765841 | E48: 0 | F48: 0 | G48: 0 | H48: 0 | I48: 172765841 | J48: =來源餘絀表!L48 -> 172765841 | K48: =I48-J48 -> 0
A49: 獎勵輔導造林計畫 | B49: 0 | C49: 0 | D49: 33853123 | E49: 0 | F49: 0 | G49: 0 | H49: 0 | I49: 33853123 | J49: =來源餘絀表!L49 -> 33853123 | K49: =I49-J49 -> 0
A50: 造林貸款及山坡地開發利用回饋金繳交管理計畫 | D50: 10722000
A51: 農業天然災害救助計畫 | B51: 0 | C51: 0 | D51: 0 | E51: 0 | F51: 1903661671 | G51: 0 | H51: 0 | I51: 1903661671 | J51: =來源餘絀表!L51 -> 1903661671 | K51: =I51-J51 -> 0
A52: 漁業發展補助計畫 | B52: 0 | C52: 4336446 | D52: 0 | E52: 0 | F52: 0 | G52: 0 | H52: 0 | I52: 4336446 | J52: =來源餘絀表!L52 -> 4336446 | K52: =I52-J52 -> 0
A53: 漁業用油補貼計畫 | B53: 0 | C53: 0 | D53: 0 | E53: 0 | F53: 0 | G53: 0 | H53: 0 | I53: 0 | J53: =來源餘絀表!L53 -> 0 | K53: =I53-J53 -> 0
A54: 加強水產品技術研發與 改進計畫 | B54: 0 | C54: 0 | D54: 0 | E54: 0 | F54: 0 | G54: 0 | H54: 0 | I54: 0 | J54: =來源餘絀表!L54 -> 0 | K54: =I54-J54 -> 0
A55: 補助海洋及養殖漁產品之 實物操作計畫 | B55: 0 | C55: 0 | D55: 0 | E55: 0 | F55: 0 | H55: 0 | I55: 203501937 | J55: =來源餘絀表!L50 -> 10722000 | K55: =I55-J55 -> 192779937
A56: 調整產業或防範措施計畫 | B56: 0 | C56: 0 | D56: 0 | E56: 0 | F56: 0 | G56: 203501937 | H56: 0 | I56: 101836884 | J56: =來源餘絀表!L55 -> 216953576 | K56: =I56-J56 -> -115116692
A57: 進口損害救助及穩價計畫 | B57: 0 | C57: 0 | D57: 0 | E57: 0 | F57: 0 | G57: 101943101 | H57: 0 | I57: 136473266 | J57: =來源餘絀表!L56 -> 0 | K57: =I57-J57 -> 136473266
A58: 調整耕作制度活化農地計畫 | G58: 136473266 | J58: =來源餘絀表!L57 -> 1100307775 | K58: =I58-J58 -> -1100307775
A59: 農村再生規劃及人力培育計畫 | B59: 0 | G59: 27564682 | H59: 103294811 | I59: 103294811 | J59: =來源餘絀表!L59 -> 103294811 | K59: =I59-J59 -> 0
A60: 購建固定資產 | H60: 186768 | I60: 186768 | J60: =來源餘絀表!L60 -> 186768 | K60: =I60-J60 -> 0
A61: 其他 | H61: 103108043 | I61: 103108043 | J61: =來源餘絀表!L61 -> 103108043 | K61: =I61-J61 -> 0
A62: 農村再生建設及發展計畫 | B62: 0 | C62: 0 | D62: 0 | E62: 0 | F62: 0 | G62: 0 | H62: 928611708 | I62: 928611708 | J62: =來源餘絀表!L62 -> 928611708 | K62: =I62-J62 -> 0
A63: 購建固定資產 | H63: 510704686 | I63: 510704686 | J63: =來源餘絀表!L63 -> 510704686 | K63: =I63-J63 -> 0
A64: 其他 | H64: 417907022 | I64: 417907022 | J64: =來源餘絀表!L64 -> 417907022 | K64: =I64-J64 -> 0
A65: 一般行政管理 | B65: 4506723 | C65: 0 | D65: 0 | E65: 0 | F65: 0 | G65: 0 | H65: 0 | I65: 4506723 | J65: =來源餘絀表!L65 -> 4506723 | K65: =I65-J65 -> 0
A66: 農發基金 | B66: 0 | C66: 0 | D66: 0 | E66: 0 | F66: 0 | G66: 0 | H66: 0 | I66: 0 | J66: =來源餘絀表!L66 -> 0 | K66: =I66-J66 -> 0
A67: 漁發 | B67: 0 | C67: 0 | D67: 0 | E67: 0 | F67: 0 | G67: 0 | H67: 0 | I67: 0 | J67: =來源餘絀表!L67 -> 0 | K67: =I67-J67 -> 0
A68: 自然 | B68: 0 | C68: 0 | D68: 0 | E68: 0 | F68: 0 | G68: 0 | H68: 0 | I68: 0 | J68: =來源餘絀表!L68 -> 0 | K68: =I68-J68 -> 0
A69: 造林 | B69: 0 | C69: 0 | D69: 0 | E69: 0 | F69: 0 | G69: 0 | H69: 0 | I69: 0 | J69: =來源餘絀表!L69 -> 0 | K69: =I69-J69 -> 0
A70: 漁平 | B70: 0 | C70: 0 | D70: 0 | E70: 0 | F70: 0 | G70: 0 | H70: 0 | I70: 0 | J70: =來源餘絀表!L70 -> 0 | K70: =I70-J70 -> 0
A71: 天災 | B71: 0 | C71: 0 | D71: 0 | E71: 0 | F71: 0 | G71: 0 | H71: 0 | I71: 0 | J71: =來源餘絀表!L71 -> 0 | K71: =I71-J71 -> 0
A72: 農損 | B72: 0 | C72: 0 | D72: 0 | E72: 0 | F72: 0 | G72: 0 | H72: 0 | I72: 0 | J72: =來源餘絀表!L72 -> 0 | K72: =I72-J72 -> 0
A73: 再生 | B73: 0 | C73: 0 | D73: 0 | E73: 0 | F73: 0 | G73: 0 | H73: 0 | I73: 0 | J73: =來源餘絀表!L73 -> 0 | K73: =I73-J73 -> 0
A74: 解繳國庫計畫 | B74: 0 | C74: 0 | D74: 0 | E74: 0 | F74: 0 | G74: 0 | H74: 0 | I74: 0 | J74: =來源餘絀表!L74 -> 0 | K74: =I74-J74 -> 0
A75: 建購固定資產小計 | B75: 0 | C75: 0 | D75: 0 | E75: 0 | F75: 0 | G75: 0 | H75: 0 | I75: 0 | J75: =來源餘絀表!L75 -> 0 | K75: =I75-J75 -> 0
A76: 房屋及建築 | B76: 0 | C76: 0 | D76: 0 | E76: 0 | F76: 0 | G76: 0 | H76: 0 | I76: 0 | J76: =來源餘絀表!L76 -> 0 | K76: =I76-J76 -> 0
... A86: 期初基金餘額 | B86: 1.5154035e+10 | C86: 254990682 | D86: 6762669184 | E86: 0 | F86: -1172836395 | G86: 9.4678063e+08 | H86: 34371589164 | I86: 5.6317228e+10 | J86: =來源餘絀表!L86 -> 5.6317228e+10 | K86: =I86-J86 -> 0
A87: 期末基金餘額 | B87: 1.5755784e+10 | C87: 250757162 | D87: 7109518570 | E87: 0 | F87: -2485307750 | G87: 3.724765e+09 | H87: 35281326895 | I87: 5.9636844e+10 | J87: =來源餘絀表!L88 -> 5.9636844e+10 | K87: =I87-J87 -> 0

Sheet 上月預算 
A1: 將k及L值複製至O及P.
A2: 農 業 特 別 收 入 基 金
A3: 將b64值複製至上月份本期餘絀
A6: 上月份「累計預算」值copy到「本表」 | G6: 98.11.04 | I6: 102.10.3
A7: 分基金名稱 會計科目 | B7: 農業發展 基 金 | C7: 漁業發展 基 金 | D7: 林務發展暨 造林基金 | E7: 漁產平準 基 金 | F7: 農業天然災 害救助基金 | G7: 農業受進口損害 基 金 | H7: 農村再生基金 | I7: 合 計
J8: 與來源餘絀表核對
A10: 基金來源 | B10: 6079586000 | C10: 87000 | D10: 599825000 | E10: 0 | F10: 1400101000 | G10: 3820121000 | H10: 1923000000 | I10: 13822720000 | J10: =來源餘絀表!M10 -> 13822720000 | K10: =I10-J10 -> 0
A11: 徵收收入 | B11: 0 | C11: 0 | D11: 52000 | E11: 0 | F11: 0 | G11: 0 | H11: 0 | I11: 52000 | J11: =來源餘絀表!M11 -> 52000 | K11: =I11-J11 -> 0
A12: 違規罰款收入 | B12: 0 | C12: 0 | D12: 52000 | E12: 0 | F12: 0 | G12: 0 | H12: 0 | I12: 52000 | J12: =來源餘絀表!M12 -> 52000 | K12: =I12-J12 -> 0
A13: 健康福利捐分配收入 | B13: 0 | C13: 0 | D13: 0 | E13: 0 | F13: 0 | G13: 0 | H13: 0 | I13: 0 | J13: =來源餘絀表!M13 -> 0 | K13: =I13-J13 -> 0
A14: 勞務收入 | B14: 0 | C14: 0 | D14: 332798000 | E14: 0 | F14: 0 | G14: 0 | H14: 0 | I14: 332798000 | J14: =來源餘絀表!M14 -> 332798000 | K14: =I14-J14 -> 0
A15: 服務收入 | B15: 0 | C15: 0 | D15: 277818000 | E15: 0 | F15: 0 | G15: 0 | H15: 0 | I15: 277818000 | J15: =來源餘絀表!M15 -> 277818000 | K15: =I15-J15 -> 0
A16: 其他勞務收入 | B16: 0 | C16: 0 | D16: 54980000 | E16: 0 | F16: 0 | G16: 0 | H16: 0 | I16: 54980000 | J16: =來源餘絀表!M16 -> 54980000 | K16: =I16-J16 -> 0
A17: 農政收入 | B17: 2225323000 | C17: 0 | D17: 0 | E17: 0 | F17: 0 | G17: 0 | H17: 0 | I17: 2225323000 | J17: =來源餘絀表!M17 -> 2225323000 | K17: =I17-J17 -> 0
A18: 農林漁牧收入 | B18: 2225323000 | C18: 0 | D18: 0 | E18: 0 | F18: 0 | G18: 0 | H18: 0 | I18: 2225323000 | J18: =來源餘絀表!M18 -> 2225323000 | K18: =I18-J18 -> 0
A19: 財產收入 | B19: 55000 | C19: 87000 | D19: 51595000 | E19: 0 | F19: 0 | G19: 320121000 | H19: 0 | I19: 371858000 | J19: =來源餘絀表!M19 -> 371858000 | K19: =I19-J19 -> 0
A20: 財產處分收入 | B20: 0 | C20: 0 | D20: 0 | E20: 0 | F20: 0 | G20: 0 | H20: 0 | I20: 0 | J20: =來源餘絀表!M20 -> 0 | K20: =I20-J20 -> 0
A21: 租金收入 | B21: 0 | C21: 0 | D21: 3160000 | E21: 0 | F21: 0 | G21: 0 | H21: 0 | I21: 3160000 | J21: =來源餘絀表!M21 -> 3160000 | K21: =I21-J21 -> 0
... A49: 獎勵輔導造林計畫 | B49: 0 | C49: 0 | D49: 47576000 | E49: 0 | F49: 0 | G49: 0 | H49: 0 | I49: 47576000 | J49: =來源餘絀表!M49 -> 47576000 | K49: =I49-J49 -> 0
A50: 造林貸款及山坡地開發利用回饋金繳交管理計畫 | D50: 5000000
A51: 農業天然災害救助計畫 | B51: 0 | C51: 0 | D51: 0 | E51: 0 | F51: 1085778000 | G51: 0 | H51: 0 | I51: 1085778000 | J51: =來源餘絀表!M51 -> 1085778000 | K51: =I51-J51 -> 0
A52: 漁業發展補助計畫 | B52: 0 | C52: 8406000 | D52: 0 | E52: 0 | F52: 0 | G52: 0 | H52: 0 | I52: 8406000 | J52: =來源餘絀表!M52 -> 8406000 | K52: =I52-J52 -> 0
A53: 漁業用油補貼計畫 | B53: 0 | C53: 0 | D53: 0 | E53: 0 | F53: 0 | G53: 0 | H53: 0 | I53: 0 | J53: =來源餘絀表!M53 -> 0 | K53: =I53-J53 -> 0
A54: 加強水產品技術研發與 改進計畫 | B54: 0 | C54: 0 | D54: 0 | E54: 0 | F54: 0 | G54: 0 | H54: 0 | I54: 0 | J54: =來源餘絀表!M54 -> 0 | K54: =I54-J54 -> 0
A55: 補助海洋及養殖漁產品之 實物操作計畫 | B55: 0 | C55: 0 | D55: 0 | E55: 0 | F55: 0 | G55: 359431000 | H55: 0 | I55: 359431000 | J55: =來源餘絀表!M50 -> 10000000 | K55: =I55-J55 -> 349431000
A56: 調整產業或防範措施計畫 | B56: 0 | C56: 0 | D56: 0 | E56: 0 | F56: 0 | G56: 442450000 | H56: 0 | I56: 442450000 | J56: =來源餘絀表!M55 -> 749392000 | K56: =I56-J56 -> -306942000
A57: 進口損害救助及穩價計畫 | B57: 0 | C57: 0 | D57: 0 | E57: 0 | F57: 0 | G57: 18250000 | H57: 0 | I57: 18250000 | J57: =來源餘絀表!M56 -> 500000 | K57: =I57-J57 -> 17750000
A58: 調整耕作制度活化農地計畫 | G58: 25883000 | J58: =來源餘絀表!M57 -> 716570000 | K58: =I58-J58 -> -716570000
A59: 農村再生規劃及人力培育計畫 | B59: 0 | C59: 0 | D59: 0 | E59: 0 | F59: 0 | G59: 0 | H59: 232286000 | I59: 232286000 | J59: =來源餘絀表!M59 -> 232286000 | K59: =I59-J59 -> 0
A60: 購建固定資產 | B60: 0 | C60: 0 | D60: 0 | E60: 0 | F60: 0 | G60: 0 | H60: 2862000 | I60: 2862000 | J60: =來源餘絀表!M60 -> 2862000 | K60: =I60-J60 -> 0
A61: 其他 | B61: 0 | C61: 0 | D61: 0 | E61: 0 | F61: 0 | G61: 0 | H61: 229424000 | I61: 229424000 | J61: =來源餘絀表!M61 -> 229424000 | K61: =I61-J61 -> 0
A62: 農村再生建設及發展計畫 | B62: 0 | C62: 0 | D62: 0 | E62: 0 | F62: 0 | G62: 0 | H62: 1447800000 | I62: 1447800000 | J62: =來源餘絀表!M62 -> 1447800000 | K62: =I62-J62 -> 0
A63: 購建固定資產 | B63: 0 | C63: 0 | D63: 0 | E63: 0 | F63: 0 | G63: 0 | H63: 51185000 | I63: 51185000 | J63: =來源餘絀表!M63 -> 51185000 | K63: =I63-J63 -> 0
A64: 其他 | B64: 0 | C64: 0 | D64: 0 | E64: 0 | F64: 0 | G64: 0 | H64: 1396615000 | I64: 1396615000 | J64: =來源餘絀表!M64 -> 1396615000 | K64: =I64-J64 -> 0
A65: 一般行政管理 | B65: 4508000 | C65: 0 | D65: 0 | E65: 0 | F65: 0 | G65: 0 | H65: 0 | I65: 4508000 | J65: =來源餘絀表!M65 -> 4508000 | K65: =I65-J65 -> 0
A66: 農發基金 | B66: 320000 | C66: 0 | D66: 0 | E66: 0 | F66: 0 | G66: 0 | H66: 0 | I66: 320000 | J66: =來源餘絀表!M66 -> 320000 | K66: =I66-J66 -> 0
A67: 漁發 | B67: 0 | C67: 0 | D67: 0 | E67: 0 | F67: 0 | G67: 0 | H67: 0 | I67: 0 | J67: =來源餘絀表!M67 -> 0 | K67: =I67-J67 -> 0
A68: 自然 | B68: 0 | C68: 0 | D68: 0 | E68: 0 | F68: 0 | G68: 0 | H68: 0 | I68: 0 | J68: =來源餘絀表!M68 -> 0 | K68: =I68-J68 -> 0
A69: 造林 | B69: 0 | C69: 0 | D69: 0 | E69: 0 | F69: 0 | G69: 0 | H69: 0 | I69: 0 | J69: =來源餘絀表!M69 -> 0 | K69: =I69-J69 -> 0
A70: 漁平 | B70: 0 | C70: 0 | D70: 0 | E70: 0 | F70: 0 | G70: 0 | H70: 0 | I70: 0 | J70: =來源餘絀表!M70 -> 0 | K70: =I70-J70 -> 0
... A86: 期初基金餘額 | B86: 13864561000 | C86: 244006000 | D86: 5914568000 | E86: 0 | F86: -314723000 | G86: -259046000 | H86: 34055127000 | I86: 53504493000 | J86: =來源餘絀表!M86 -> 53504493000 | K86: =I86-J86 -> 0
A87: 期末基金餘額 | B87: 13780210000 | C87: 235687000 | D87: 6036423000 | E87: 0 | F87: -400000 | G87: 2068730000 | H87: 34298041000 | I87: 56418691000 | J87: =來源餘絀表!M88 -> 56418691000 | K87: =I87-J87 -> 0

Sheet 現金基金餘額
A1: 本會非營業特種基金
A2: 現金及基金餘額(淨值)明細表
A3: =綜平!$A$4 -> 中 華 民 國 106年 6 月份
E4: 單位：億元
A5: 基 金 名 稱 | B5: 現 金 | E5: 基金餘額(淨值) | H5: 國庫撥款數
C6: 至93年底 | D6: 至94年底 | F6: 至93年底 | G6: 至94年底 | H6: 至93年底 | I6: 94年度 | J6: 至94年底
A7: 農業特別收入基金 | B7: =SUM(B8:B13) -> 167.36 | E7: =SUM(E8:E13) -> 264.35
A8: 1.農業發展基金 | B8: ='各－平衡表'!$B$10/100000000 -> 60.18 | E8: ='各－平衡表'!$B$111/100000000 -> 176.03 | H8: 723.08
A9: 2.農產品受進口損害救助 基金 | B9: ='各－平衡表'!$G$10/100000000 -> 32.07 | E9: ='各－平衡表'!$G$111/100000000 -> 39.98 | H9: 765.45
A10: 3.林務發展暨造林基金 | B10: ='各－平衡表'!$D$10/100000000 -> 69.44 | E10: ='各－平衡表'!$D$111/100000000 -> 70.62
A11: 4.農業天然災害救助基金 | B11: ='各－平衡表'!$F$10/100000000 -> 3.4 | E11: ='各－平衡表'!$F$111/100000000 -> -24.75
A12: 5.漁業發展基金 | B12: ='各－平衡表'!$C$10/100000000 -> 2.27 | E12: ='各－平衡表'!$C$111/100000000 -> 2.47
A13: 6.漁產平準基金 | B13: ='各－平衡表'!$E$10/100000000 -> 0 | E13: ='各－平衡表'!$E$111/100000000 -> 0
A14: 農業作業基金 | B14: =SUM(B15:B17) -> 26.55 | E14: =SUM(E15:E17) -> 36.96
A15: 1.山坡地開發基金 | B15: 17.94 | E15: 22.84
A16: 2.種苗改良繁殖作業基金 | B16: 2.75 | E16: 6.93
A17: 3.畜產改良作業基金 | B17: 5.86 | E17: 7.19
B20: 現 金 | E20: 淨 值
E21: 基 金 | H21: 公 積
A22: 1.林務發展基金 | B22: 819637 | E22: 1334569 | H22: 303053
B23: 至 92 年 10 月 底 | H23: 國 庫 撥 款 數
B24: 現 金 | E24: 基金餘額 | H24: 至92年度止
A25: 2.自然生態保育基金 | B25: 80114 | E25: 80114 | H25: 1454635

Sheet Sheet1
B3: 收入 | C3: 支出 | D3: 餘絀
A4: 農業發展基金 | B4: 15364635560 | C4: 13104754745 | D4: =B4-C4 -> 2259880815
A5: 林務發展暨造 林基金 | B5: =1245714360+316086137+69718271 -> 1631518768 | C5: =800262385+313304187+6108430.36+62760101 -> 1182435103 | D5: =B5-C5 -> 449083665 | F5: 66391791
A6: 農業天然災害 救助基金 | B6: 795006101 | C6: 897148150 | D6: =B6-C6 -> -102142049
A7: 漁業發展基金 | B7: 16995179 | C7: 27255944 | D7: =B7-C7 -> -10260765
A8: 漁產平準基金 | B8: 7011876 | C8: 0 | D8: =B8-C8 -> 7011876
A9: 農產品受進口 損害救助基金 | B9: 3260790761 | C9: 616579074 | D9: =B9-C9 -> 2644211687
A10: 合計 | B10: =SUM(B4:B9) -> 21075958245 | C10: =SUM(C4:C9) -> 15828173016 | D10: =SUM(D4:D9) -> 5247785229 | E10: =+B10-C10 -> 5247785229
B11: 210.76 | C11: 158.28 | D11: =+B11-C11 -> 52.48
B12: 256.02 | C12: 444.18
B13: =+B11/B12*100 -> 82.32 | C13: =+C11/C12*100 -> 35.63
